Workbook

Sheet IB
A1: 2020年度
A2: 霍州市基础信息表
B5: 单位名称 | C5: 霍州市财政局
B6: 单位负责人 | C6: 李新平
B7: 处（科、股）负责人 | C7: 乔冠华
B8: 经办人 | C8: 乔冠华
B9: 联系电话 | C9: 0357-5624753
B10: 单位地址 | C10: 山西省临汾市霍州市开元街永康路口
B11: 单位邮编 | C11: 031400
B12: 单位级次 | C12: 区县级
B13: 所在地区类型 | C13: 省
B14: 地区属性 | C14: 中部
B15: 计划单列市属性 | C15: 无
B16: 自治州属性 | C16: 无
... B21: 省直属县 | C21: 否
B22: 区域面积 | C22: 765 | D22: (平方公里)
B23: 行政区划代码 | C23: 141082

Sheet ML
A1: 录 入 表 目 录
B3: 表号 | C3: 表名 | D3: 页码
B5: IB | C5: 基础信息表 | D5: =A36+1 -> 1
B7: 录入01表 | C7: 一般公共预算收入决算录入表 | D7: 0 | E7: 第一部分:一般公共预算
B8: 录入02表 | C8: 一般公共预算支出决算功能分类录入表 | D8: 0
B9: 录入03表 | C9: 一般公共预算(基本)支出预算经济分类录入表 | D9: 0
B10: 录入04表 | C10: 一般公共预算(基本)支出决算经济分类录入表 | D10: 0
B11: 录入05表 | C11: 一般公共预算转移性收支决算录入表 | D11: 0
B12: 录入06表 | C12: 一般公共预算收入预算变动情况录入表 | D12: 0
B13: 录入07表 | C13: 一般公共预算支出预算变动及结余、结转情况录入表 | D13: 0
B15: 录入08表 | C15: 政府性基金预算收入决算录入表 | D15: 0 | E15: 第二部分:政府性基金预算
B16: 录入09表 | C16: 政府性基金预算支出决算功能分类录入表 | D16: 0
B17: 录入10表 | C17: 政府性基金预算收支及结余情况录入表 | D17: 0
B18: 录入11表 | C18: 政府性基金预算转移性收支决算录入表 | D18: 0
B19: 录入12表 | C19: 政府性基金预算收入预算变动情况录入表 | D19: 0
B20: 录入13表 | C20: 政府性基金预算支出预算变动情况录入表 | D20: 0
B22: 录入14表 | C22: 国有资本经营预算收支决算录入表 | D22: 0 | E22: 第三部分:国有资本经营预算
B23: 录入15表 | C23: 国有资本经营预算转移性收支决算录入表 | D23: 0
B25: 录入16表 | C25: 社会保险基金预算收支及结余情况录入表 | D25: 0 | E25: 第四部分:政府性收支及资产负债情况
B26: 录入17表 | C26: 预算资金年终资产负债录入表 | D26: 0
B27: 录入18表 | C27: 地方政府债务余额情况录入表 | D27: 0
B28: 录入19表 | C28: 地方政府专项债务分项目余额情况录入表 | D28: 0
B30: 录入20表 | C30: 乡镇一般公共预算收支决算录入表 | D30: 0 | E30: 第五部分:补充资料
B31: 录入21表 | C31: 乡镇政府性基金预算收支决算录入表 | D31: 0
B32: 录入22表 | C32: 乡镇国有资本经营预算收支决算录入表 | D32: 0
B33: 录入23表 | C33: 基本数字录入表 | D33: 0
B34: 录入24表 | C34: 相关指标录入表 | D34: 0
A36: 0

Sheet sheet1
A9: 第一部分:一般公共预算

Sheet L01
A1: 2020年度霍州市一般公共预算收入决算录入表
A2: 录入01表
A3: 单位:万元
A4: 科目编码 | B4: 科目名称 | C4: 决算数
B5: 一般公共预算收入 | C5: =SUM(C6,C359) -> 48775
A6: 101 | B6: 税收收入 | C6: =C7+C55+C75+C198+C263+C271+C276+C290+C299+C305+C314+C323+C326+C329+C332+C343+C347+C350+C353+C356 -> 38362
A7: 10101 | B7: 增值税 | C7: =SUM(C8,C33,C37,C40,C52) -> 16865
A8: 1010101 | B8: 国内增值税 | C8: =SUM(C9:C32) -> 13790
A9: 101010101 | B9: 国有企业增值税 | C9: 2250
A10: 101010102 | B10: 集体企业增值税 | C10: 3
A11: 101010103 | B11: 股份制企业增值税 | C11: 7943
A12: 101010104 | B12: 联营企业增值税 | C12: 0
A13: 101010105 | B13: 港澳台和外商投资企业增值税 | C13: 1950
A14: 101010106 | B14: 私营企业增值税 | C14: 1593
A15: 101010119 | B15: 其他增值税 | C15: 129
A16: 101010120 | B16: 增值税税款滞纳金、罚款收入 | C16: 9
A17: 101010121 | B17: 残疾人就业增值税退税 | C17: 0
A18: 101010122 | B18: 软件增值税退税 | C18: 0
A19: 101010125 | B19: 宣传文化单位增值税退税 | C19: 0
A20: 101010127 | B20: 核电站增值税退税 | C20: 0
... A32: 101010153 | B32: 成品油价格和税费改革增值税划入 | C32: 0
A33: 1010102 | B33: 进口货物增值税(项) | C33: =SUM(C34:C36) -> 0
A34: 101010201 | B34: 进口货物增值税(目) | C34: 0
A35: 101010220 | B35: 进口货物增值税税款滞纳金、罚款收入 | C35: 0
A36: 101010221 | B36: 进口货物退增值税 | C36: 0
A37: 1010103 | B37: 出口货物退增值税(项) | C37: =C38+C39 -> 0
A38: 101010301 | B38: 出口货物退增值税(目) | C38: 0
A39: 101010302 | B39: 免抵调减增值税 | C39: 0
A40: 1010104 | B40: 改征增值税(项) | C40: =SUM(C41:C51) -> 3075
A41: 101010401 | B41: 改征增值税(目) | C41: 3078
A42: 101010402 | B42: 中国铁路总公司改征增值税待分配收入 | C42: 0
A43: 101010403 | B43: 中国铁路总公司改征增值税收入 | C43: 0
A44: 101010420 | B44: 改征增值税税款滞纳金、罚款收入 | C44: 5
A45: 101010421 | B45: 管道运输增值税退税 | C45: 0
A46: 101010422 | B46: 融资租赁增值税退税 | C46: 0
A47: 101010426 | B47: 改征增值税留抵退税 | C47: -8
A48: 101010427 | B48: 改征增值税留抵退税省级调库 | C48: 0
A49: 101010428 | B49: 改征增值税留抵退税省级以下调库 | C49: 0
A50: 101010429 | B50: 其他改征增值税国内退税 | C50: 0
A51: 101010461 | B51: 免抵调增改征增值税 | C51: 0
A52: 1010105 | B52: 改征增值税出口退税(项) | C52: =SUM(C53:C54) -> 0
A53: 101010501 | B53: 改征增值税出口退税(目) | C53: 0
A54: 101010502 | B54: 免抵调减改征增值税 | C54: 0
A55: 10102 | B55: 消费税 | C55: =SUM(C56,C68,C74) -> 0
A56: 1010201 | B56: 国内消费税 | C56: =SUM(C57:C67) -> 0
A57: 101020101 | B57: 国有企业消费税 | C57: 0
A58: 101020102 | B58: 集体企业消费税 | C58: 0
A59: 101020103 | B59: 股份制企业消费税 | C59: 0
A60: 101020104 | B60: 联营企业消费税 | C60: 0
A61: 101020105 | B61: 港澳台和外商投资企业消费税 | C61: 0
A62: 101020106 | B62: 私营企业消费税 | C62: 0
A63: 101020107 | B63: 成品油消费税 | C63: 0
A64: 101020119 | B64: 其他消费税 | C64: 0
A65: 101020120 | B65: 消费税税款滞纳金、罚款收入 | C65: 0
A66: 101020121 | B66: 成品油消费税退税 | C66: 0
A67: 101020129 | B67: 其他消费税退税 | C67: 0
A68: 1010202 | B68: 进口消费品消费税 | C68: =SUM(C69:C73) -> 0
A69: 101020202 | B69: 进口成品油消费税 | C69: 0
A70: 101020209 | B70: 进口其他消费品消费税 | C70: 0
A71: 101020220 | B71: 进口消费品消费税税款滞纳金、罚款收入 | C71: 0
A72: 101020221 | B72: 进口成品油消费税退税 | C72: 0
A73: 101020229 | B73: 进口其他消费品退消费税 | C73: 0
A74: 1010203 | B74: 出口消费品退消费税 | C74: 0
A75: 10104 | B75: 企业所得税 | C75: =SUM(C76:C92,C96:C101,C105,C110:C111,C115:C121,C138:C139,C142:C144,C149,C154,C159,C164,C169,C174,C179,C184,C189,C194) -> 608
A76: 1010401 | B76: 国有冶金工业所得税 | C76: 0
A77: 1010402 | B77: 国有有色金属工业所得税 | C77: 0
A78: 1010403 | B78: 国有煤炭工业所得税 | C78: 0
A79: 1010404 | B79: 国有电力工业所得税 | C79: -31
A80: 1010405 | B80: 国有石油和化学工业所得税 | C80: 0
A81: 1010406 | B81: 国有机械工业所得税 | C81: 0
A82: 1010407 | B82: 国有汽车工业所得税 | C82: 0
A83: 1010408 | B83: 国有核工业所得税 | C83: 0
A84: 1010409 | B84: 国有航空工业所得税 | C84: 0
A85: 1010410 | B85: 国有航天工业所得税 | C85: 0
A86: 1010411 | B86: 国有电子工业所得税 | C86: 0
A87: 1010412 | B87: 国有兵器工业所得税 | C87: 0
... A91: 1010416 | B91: 国有纺织企业所得税 | C91: 0
A92: 1010417 | B92: 国有铁道企业所得税 | C92: =SUM(C93:C95) -> 0
A93: 101041701 | B93: 中国铁路总公司集中缴纳的铁路运输企业所得税 | C93: 0
A94: 101041702 | B94: 中国铁路总公司集中缴纳的铁路运输企业所得税待分配收入 | C94: 0
A95: 101041709 | B95: 其他国有铁道企业所得税 | C95: 0
A96: 1010418 | B96: 国有交通企业所得税 | C96: 0
A97: 1010419 | B97: 国有邮政企业所得税 | C97: 0
A98: 1010420 | B98: 国有民航企业所得税 | C98: 0
A99: 1010421 | B99: 国有海洋石油天然气企业所得税 | C99: 0
A100: 1010422 | B100: 国有外贸企业所得税 | C100: 0
A101: 1010423 | B101: 国有银行所得税 | C101: =SUM(C102:C104) -> 0
A102: 101042303 | B102: 中国进出口银行所得税 | C102: 0
A103: 101042304 | B103: 中国农业发展银行所得税 | C103: 0
A104: 101042309 | B104: 其他国有银行所得税 | C104: 0
A105: 1010424 | B105: 国有非银行金融企业所得税 | C105: =SUM(C106:C109) -> 0
A106: 101042402 | B106: 中国建银投资有限责任公司所得税 | C106: 0
A107: 101042403 | B107: 中国投资有限责任公司所得税 | C107: 0
A108: 101042404 | B108: 中投公司所属其他公司所得税 | C108: 0
A109: 101042409 | B109: 其他国有非银行金融企业所得税 | C109: 0
A110: 1010425 | B110: 国有保险企业所得税 | C110: 0
A111: 1010426 | B111: 国有文教企业所得税 | C111: =SUM(C112:C114) -> 0
A112: 101042601 | B112: 国有电影企业所得税 | C112: 0
A113: 101042602 | B113: 国有出版企业所得税 | C113: 0
A114: 101042609 | B114: 其他国有文教企业所得税 | C114: 0
...

Sheet L02
A1: 2020年度霍州市一般公共预算支出决算功能分类录入表
A2: 录入02表
A3: 单位：万元
A4: 科目编码 | B4: 科目名称 | C4: 决算数
B5: 一般公共预算支出 | C5: =SUM(C6,C250,C290,C309,C400,C454,C508,C565,C686,C758,C836,C859,C970,C1034,C1101,C1121,C1151,C1161,C1206,C1226,C1280,C1337,C1340,C1348) -> 181433
A6: 201 | B6: 一般公共服务支出 | C6: =SUM(C7+C19+C28+C39+C50+C61+C72+C84+C93+C106+C116+C125+C136+C149+C156+C164+C170+C177+C184+C191+C198+C205+C213+C219+C225+C232+C247) -> 21930
A7: 20101 | B7: 人大事务 | C7: =SUM(C8:C18) -> 379
A8: 2010101 | B8: 行政运行 | C8: 278
A9: 2010102 | B9: 一般行政管理事务 | C9: 0
A10: 2010103 | B10: 机关服务 | C10: 0
A11: 2010104 | B11: 人大会议 | C11: 11
A12: 2010105 | B12: 人大立法 | C12: 0
A13: 2010106 | B13: 人大监督 | C13: 0
A14: 2010107 | B14: 人大代表履职能力提升 | C14: 0
A15: 2010108 | B15: 代表工作 | C15: 31
A16: 2010109 | B16: 人大信访工作 | C16: 0
A17: 2010150 | B17: 事业运行 | C17: 34
A18: 2010199 | B18: 其他人大事务支出 | C18: 25
A19: 20102 | B19: 政协事务 | C19: =SUM(C20:C27) -> 228
A20: 2010201 | B20: 行政运行 | C20: 181
A21: 2010202 | B21: 一般行政管理事务 | C21: 0
A22: 2010203 | B22: 机关服务 | C22: 0
A23: 2010204 | B23: 政协会议 | C23: 13
A24: 2010205 | B24: 委员视察 | C24: 0
A25: 2010206 | B25: 参政议政 | C25: 9
A26: 2010250 | B26: 事业运行 | C26: 25
A27: 2010299 | B27: 其他政协事务支出 | C27: 0
A28: 20103 | B28: 政府办公厅(室)及相关机构事务 | C28: =SUM(C29:C38) -> 9224
A29: 2010301 | B29: 行政运行 | C29: 4671
A30: 2010302 | B30: 一般行政管理事务 | C30: 20
A31: 2010303 | B31: 机关服务 | C31: 0
A32: 2010304 | B32: 专项服务 | C32: 0
A33: 2010305 | B33: 专项业务活动 | C33: 0
A34: 2010306 | B34: 政务公开审批 | C34: 623
A35: 2010308 | B35: 信访事务 | C35: 170
A36: 2010309 | B36: 参事事务 | C36: 0
A37: 2010350 | B37: 事业运行 | C37: 1842
A38: 2010399 | B38: 其他政府办公厅(室)及相关机构事务支出 | C38: 1898
A39: 20104 | B39: 发展与改革事务 | C39: =SUM(C40:C49) -> 655
A40: 2010401 | B40: 行政运行 | C40: 217
A41: 2010402 | B41: 一般行政管理事务 | C41: 0
A42: 2010403 | B42: 机关服务 | C42: 0
A43: 2010404 | B43: 战略规划与实施 | C43: 0
A44: 2010405 | B44: 日常经济运行调节 | C44: 0
A45: 2010406 | B45: 社会事业发展规划 | C45: 0
A46: 2010407 | B46: 经济体制改革研究 | C46: 0
A47: 2010408 | B47: 物价管理 | C47: 3
A48: 2010450 | B48: 事业运行 | C48: 237
A49: 2010499 | B49: 其他发展与改革事务支出 | C49: 198
A50: 20105 | B50: 统计信息事务 | C50: =SUM(C51:C60) -> 478
A51: 2010501 | B51: 行政运行 | C51: 162
A52: 2010502 | B52: 一般行政管理事务 | C52: 0
A53: 2010503 | B53: 机关服务 | C53: 0
A54: 2010504 | B54: 信息事务 | C54: 0
A55: 2010505 | B55: 专项统计业务 | C55: 0
A56: 2010506 | B56: 统计管理 | C56: 0
A57: 2010507 | B57: 专项普查活动 | C57: 260
A58: 2010508 | B58: 统计抽样调查 | C58: 26
A59: 2010550 | B59: 事业运行 | C59: 30
A60: 2010599 | B60: 其他统计信息事务支出 | C60: 0
A61: 20106 | B61: 财政事务 | C61: =SUM(C62:C71) -> 1336
A62: 2010601 | B62: 行政运行 | C62: 289
A63: 2010602 | B63: 一般行政管理事务 | C63: 0
A64: 2010603 | B64: 机关服务 | C64: 0
A65: 2010604 | B65: 预算改革业务 | C65: 0
A66: 2010605 | B66: 财政国库业务 | C66: 15
A67: 2010606 | B67: 财政监察 | C67: 0
A68: 2010607 | B68: 信息化建设 | C68: 177
A69: 2010608 | B69: 财政委托业务支出 | C69: 229
A70: 2010650 | B70: 事业运行 | C70: 509
A71: 2010699 | B71: 其他财政事务支出 | C71: 117
A72: 20107 | B72: 税收事务 | C72: =SUM(C73:C83) -> 1481
A73: 2010701 | B73: 行政运行 | C73: 0
A74: 2010702 | B74: 一般行政管理事务 | C74: 0
A75: 2010703 | B75: 机关服务 | C75: 0
A76: 2010704 | B76: 税务办案 | C76: 0
A77: 2010705 | B77: 发票管理及税务登记 | C77: 0
A78: 2010706 | B78: 代扣代收代征税款手续费 | C78: 0
A79: 2010707 | B79: 税务宣传 | C79: 0
A80: 2010708 | B80: 协税护税 | C80: 0
A81: 2010709 | B81: 信息化建设 | C81: 0
A82: 2010750 | B82: 事业运行 | C82: 0
A83: 2010799 | B83: 其他税收事务支出 | C83: 1481
A84: 20108 | B84: 审计事务 | C84: =SUM(C85:C92) -> 284
A85: 2010801 | B85: 行政运行 | C85: 175
A86: 2010802 | B86: 一般行政管理事务 | C86: 1
A87: 2010803 | B87: 机关服务 | C87: 0
A88: 2010804 | B88: 审计业务 | C88: 0
A89: 2010805 | B89: 审计管理 | C89: 0
A90: 2010806 | B90: 信息化建设 | C90: 0
A91: 2010850 | B91: 事业运行 | C91: 108
A92: 2010899 | B92: 其他审计事务支出 | C92: 0
A93: 20109 | B93: 海关事务 | C93: =SUM(C94:C105) -> 0
A94: 2010901 | B94: 行政运行 | C94: 0
A95: 2010902 | B95: 一般行政管理事务 | C95: 0
A96: 2010903 | B96: 机关服务 | C96: 0
A97: 2010905 | B97: 缉私办案 | C97: 0
A98: 2010907 | B98: 口岸管理 | C98: 0
A99: 2010908 | B99: 信息化建设 | C99: 0
A100: 2010909 | B100: 海关关务 | C100: 0
...

Sheet L03
A1: 2020年霍州市一般公共预算(基本)支出预算经济分类录入表
F2: 录入03表
F3: 单位:万元
A4: 科目编码 | B4: 科目名称 | C4: 预算数 | E4: 调整预算数
C5: 一般公共预算支出 | D5: 一般公共预算基本支出 | E5: 一般公共预算支出 | F5: 一般公共预算基本支出
B6: 一般公共预算支出 | C6: =SUM(C7,C12,C23,C31,C38,C42,C45,C49,C52,C58,C61,C66) -> 163418 | D6: =SUM(D7,D12,D23,D31,D38,D42,D45,D49,D52,D58,D61,D66) -> 57170 | E6: =SUM(E7,E12,E23,E31,E38,E42,E45,E49,E52,E58,E61,E66) -> 196591 | F6: =SUM(F7,F12,F23,F31,F38,F42,F45,F49,F52,F58,F61,F66) -> 57170
A7: 501 | B7: 机关工资福利支出 | C7: 13636 | D7: =SUM(D8:D11) -> 12821 | E7: 14362 | F7: =SUM(F8:F11) -> 12821
A8: 50101 | B8: 工资奖金津补贴 | C8: 9626 | D8: 9337 | E8: 10633 | F8: 9337
A9: 50102 | B9: 社会保障缴费 | C9: 1840 | D9: 1796 | E9: 1810 | F9: 1796
A10: 50103 | B10: 住房公积金 | C10: 890 | D10: 855 | E10: 855 | F10: 855
A11: 50199 | B11: 其他工资福利支出 | C11: 1280 | D11: 833 | E11: 1064 | F11: 833
A12: 502 | B12: 机关商品和服务支出 | C12: 17110 | D12: =SUM(D13:D22) -> 1462 | E12: 12247 | F12: =SUM(F13:F22) -> 1462
A13: 50201 | B13: 办公经费 | C13: 4937 | D13: 1320 | E13: 4132 | F13: 1320
A14: 50202 | B14: 会议费 | C14: 76 | D14: 0 | E14: 36 | F14: 0
A15: 50203 | B15: 培训费 | C15: 168 | D15: 0 | E15: 111 | F15: 0
A16: 50204 | B16: 专用材料购置费 | C16: 240 | D16: 0 | E16: 149 | F16: 0
A17: 50205 | B17: 委托业务费 | C17: 5151 | D17: 18 | E17: 4476 | F17: 18
A18: 50206 | B18: 公务接待费 | C18: 135 | D18: 0 | E18: 13 | F18: 0
A19: 50207 | B19: 因公出国(境)费用 | C19: 0 | D19: 0 | E19: 0 | F19: 0
A20: 50208 | B20: 公务用车运行维护费 | C20: 101 | D20: 98 | E20: 335 | F20: 98
A21: 50209 | B21: 维修(护)费 | C21: 2520 | D21: 17 | E21: 2292 | F21: 17
A22: 50299 | B22: 其他商品和服务支出 | C22: 3782 | D22: 9 | E22: 703 | F22: 9
A23: 503 | B23: 机关资本性支出(一) | C23: 5587 | D23: =SUM(D24:D30) -> 35 | E23: 18477 | F23: =SUM(F24:F30) -> 35
A24: 50301 | B24: 房屋建筑物购建 | C24: 100 | D24: 0 | E24: 523 | F24: 0
A25: 50302 | B25: 基础设施建设 | C25: 3729 | D25: 0 | E25: 9599 | F25: 0
A26: 50303 | B26: 公务用车购置 | C26: 40 | D26: 1 | E26: 88 | F26: 1
A27: 50305 | B27: 土地征迁补偿和安置支出 | C27: 337 | D27: 0 | E27: 359 | F27: 0
A28: 50306 | B28: 设备购置 | C28: 373 | D28: 34 | E28: 5187 | F28: 34
A29: 50307 | B29: 大型修缮 | C29: 665 | D29: 0 | E29: 1913 | F29: 0
A30: 50399 | B30: 其他资本性支出 | C30: 343 | D30: 0 | E30: 808 | F30: 0
A31: 504 | B31: 机关资本性支出(二) | C31: 1368 | D31: =SUM(D32:D37) -> 0 | E31: 5430 | F31: =SUM(F32:F37) -> 0
A32: 50401 | B32: 房屋建筑物购建 | C32: 206 | D32: 0 | E32: 284 | F32: 0
A33: 50402 | B33: 基础设施建设 | C33: 938 | D33: 0 | E33: 5110 | F33: 0
A34: 50403 | B34: 公务用车购置 | C34: 0 | D34: 0 | E34: 0 | F34: 0
A35: 50404 | B35: 设备购置 | C35: 224 | D35: 0 | E35: 36 | F35: 0
A36: 50405 | B36: 大型修缮 | C36: 0 | D36: 0 | E36: 0 | F36: 0
A37: 50499 | B37: 其他资本性支出 | C37: 0 | D37: 0 | E37: 0 | F37: 0
A38: 505 | B38: 对事业单位经常性补助 | C38: 71263 | D38: =SUM(D39:D41) -> 39623 | E38: 80510 | F38: =SUM(F39:F41) -> 39623
A39: 50501 | B39: 工资福利支出 | C39: 51315 | D39: 38982 | E39: 48908 | F39: 38982
A40: 50502 | B40: 商品和服务支出 | C40: 19948 | D40: 641 | E40: 31582 | F40: 641
A41: 50599 | B41: 其他对事业单位补助 | C41: 0 | D41: 0 | E41: 20 | F41: 0
A42: 506 | B42: 对事业单位资本性补助 | C42: 16973 | D42: =SUM(D43:D44) -> 5 | E42: 16575 | F42: =SUM(F43:F44) -> 5
A43: 50601 | B43: 资本性支出(一) | C43: 13400 | D43: 5 | E43: 13840 | F43: 5
A44: 50602 | B44: 资本性支出(二) | C44: 3573 | D44: 0 | E44: 2735 | F44: 0
A45: 507 | B45: 对企业补助 | C45: 1390 | D45: =SUM(D46:D48) -> 0 | E45: 5594 | F45: =SUM(F46:F48) -> 0
A46: 50701 | B46: 费用补贴 | C46: 0 | D46: 0 | E46: 852 | F46: 0
A47: 50702 | B47: 利息补贴 | C47: 0 | D47: 0 | E47: 0 | F47: 0
A48: 50799 | B48: 其他对企业补助 | C48: 1390 | D48: 0 | E48: 4742 | F48: 0
A49: 508 | B49: 对企业资本性支出 | C49: 0 | D49: =SUM(D50:D51) -> 0 | E49: 100 | F49: =SUM(F50:F51) -> 0
A50: 50801 | B50: 对企业资本性支出(一) | C50: 0 | D50: 0 | E50: 100 | F50: 0
A51: 50802 | B51: 对企业资本性支出(二) | C51: 0 | D51: 0 | E51: 0 | F51: 0
A52: 509 | B52: 对个人和家庭的补助 | C52: 20634 | D52: =SUM(D53:D57) -> 3224 | E52: 19272 | F52: =SUM(F53:F57) -> 3224
A53: 50901 | B53: 社会福利和救助 | C53: 15799 | D53: 1477 | E53: 6081 | F53: 1477
A54: 50902 | B54: 助学金 | C54: 145 | D54: 0 | E54: 497 | F54: 0
A55: 50903 | B55: 个人农业生产补贴 | C55: 2 | D55: 0 | E55: 688 | F55: 0
A56: 50905 | B56: 离退休费 | C56: 1709 | D56: 1652 | E56: 4229 | F56: 1652
A57: 50999 | B57: 其他对个人和家庭补助 | C57: 2979 | D57: 95 | E57: 7777 | F57: 95
A58: 510 | B58: 对社会保障基金补助 | C58: 9811 | D58: =SUM(D59:D60) -> 0 | E58: 21193 | F58: =SUM(F59:F60) -> 0
A59: 51002 | B59: 对社会保险基金补助 | C59: 9811 | D59: 0 | E59: 21193 | F59: 0
A60: 51003 | B60: 补充全国社会保障基金 | C60: 0 | D60: 0 | E60: 0 | F60: 0
A61: 511 | B61: 债务利息及费用支出 | C61: 3441 | D61: =SUM(D62:D65) -> 0 | E61: 1913 | F61: =SUM(F62:F65) -> 0
A62: 51101 | B62: 国内债务付息 | C62: 3441 | D62: 0 | E62: 1899 | F62: 0
A63: 51102 | B63: 国外债务付息 | C63: 0 | D63: 0 | E63: 0 | F63: 0
A64: 51103 | B64: 国内债务发行费用 | C64: 0 | D64: 0 | E64: 14 | F64: 0
A65: 51104 | B65: 国外债务发行费用 | C65: 0 | D65: 0 | E65: 0 | F65: 0
A66: 599 | B66: 其他支出 | C66: 2205 | D66: =SUM(D67:D70) -> 0 | E66: 918 | F66: =SUM(F67:F70) -> 0
A67: 59906 | B67: 赠与 | C67: 0 | D67: 0 | E67: 0 | F67: 0
A68: 59907 | B68: 国家赔偿费用支出 | C68: 0 | D68: 0 | E68: 0 | F68: 0
A69: 59908 | B69: 对民间非营利组织和群众性自治组织补贴 | C69: 0 | D69: 0 | E69: 0 | F69: 0
A70: 59999 | B70: 其他支出 | C70: 2205 | D70: 0 | E70: 918 | F70: 0

Sheet L04
A1: 2020年霍州市一般公共预算(基本)支出决算经济分类录入表
H2: 录入04表
H3: 单位:万元
A4: 科目编码 | B4: 科目名称 | C4: 一般公共预算支出 | F4: 一般公共预算基本支出
D5: 财政拨款列支数 | E5: 财政权责发生制列支数 | G5: 财政拨款列支数 | H5: 财政权责发生制列支数
B6: 一般公共预算支出 | C6: =C7+C12+C23+C31+C38+C42+C45+C49+C52+C58+C61+C66 -> 181433 | D6: =D7+D12+D23+D31+D38+D42+D45+D49+D52+D58+D61+D66 -> 178318 | E6: =E7+E12+E23+E31+E38+E42+E45+E49+E52+E58+E61+E66 -> 3115 | F6: =F7+F12+F23+F31+F38+F42+F45+F49+F52+F58+F61+F66 -> 57170 | G6: =SUM(G7,G12,G23,G31,G38,G42,G45,G49,G52,G58,G61,G66) -> 57170 | H6: =SUM(H7,H12,H23,H31,H38,H42,H45,H49,H52,H58,H61,H66) -> 0
A7: 501 | B7: 机关工资福利支出 | C7: =SUM(C8:C11) -> 14336 | D7: =SUM(D8:D11) -> 14336 | E7: =SUM(E8:E11) -> 0 | F7: =SUM(F8:F11) -> 12821 | G7: =SUM(G8:G11) -> 12821 | H7: =SUM(H8:H11) -> 0
A8: 50101 | B8: 工资奖金津补贴 | C8: =D8+E8 -> 10633 | D8: 10633 | E8: 0 | F8: =G8+H8 -> 9337 | G8: 9337 | H8: 0
A9: 50102 | B9: 社会保障缴费 | C9: =D9+E9 -> 1810 | D9: 1810 | E9: 0 | F9: =G9+H9 -> 1796 | G9: 1796 | H9: 0
A10: 50103 | B10: 住房公积金 | C10: =D10+E10 -> 855 | D10: 855 | E10: 0 | F10: =G10+H10 -> 855 | G10: 855 | H10: 0
A11: 50199 | B11: 其他工资福利支出 | C11: =D11+E11 -> 1038 | D11: 1038 | E11: 0 | F11: =G11+H11 -> 833 | G11: 833 | H11: 0
A12: 502 | B12: 机关商品和服务支出 | C12: =SUM(C13:C22) -> 11229 | D12: =SUM(D13:D22) -> 11209 | E12: =SUM(E13:E22) -> 20 | F12: =SUM(F13:F22) -> 1462 | G12: =SUM(G13:G22) -> 1462 | H12: =SUM(H13:H22) -> 0
A13: 50201 | B13: 办公经费 | C13: =D13+E13 -> 4132 | D13: 4132 | E13: 0 | F13: =G13+H13 -> 1320 | G13: 1320 | H13: 0
A14: 50202 | B14: 会议费 | C14: =D14+E14 -> 36 | D14: 36 | E14: 0 | F14: =G14+H14 -> 0 | G14: 0 | H14: 0
A15: 50203 | B15: 培训费 | C15: =D15+E15 -> 111 | D15: 111 | E15: 0 | F15: =G15+H15 -> 0 | G15: 0 | H15: 0
A16: 50204 | B16: 专用材料购置费 | C16: =D16+E16 -> 149 | D16: 139 | E16: 10 | F16: =G16+H16 -> 0 | G16: 0 | H16: 0
A17: 50205 | B17: 委托业务费 | C17: =D17+E17 -> 4476 | D17: 4476 | E17: 0 | F17: =G17+H17 -> 18 | G17: 18 | H17: 0
A18: 50206 | B18: 公务接待费 | C18: =D18+E18 -> 13 | D18: 13 | E18: 0 | F18: =G18+H18 -> 0 | G18: 0 | H18: 0
A19: 50207 | B19: 因公出国(境)费用 | C19: =D19+E19 -> 0 | D19: 0 | E19: 0 | F19: =G19+H19 -> 0 | G19: 0 | H19: 0
A20: 50208 | B20: 公务用车运行维护费 | C20: =D20+E20 -> 335 | D20: 335 | E20: 0 | F20: =G20+H20 -> 98 | G20: 98 | H20: 0
A21: 50209 | B21: 维修(护)费 | C21: =D21+E21 -> 1274 | D21: 1274 | E21: 0 | F21: =G21+H21 -> 17 | G21: 17 | H21: 0
A22: 50299 | B22: 其他商品和服务支出 | C22: =D22+E22 -> 703 | D22: 693 | E22: 10 | F22: =G22+H22 -> 9 | G22: 9 | H22: 0
A23: 503 | B23: 机关资本性支出(一) | C23: =SUM(C24:C30) -> 11477 | D23: =SUM(D24:D30) -> 10458 | E23: =SUM(E24:E30) -> 1019 | F23: =SUM(F24:F30) -> 35 | G23: =SUM(G24:G30) -> 35 | H23: =SUM(H24:H30) -> 0
A24: 50301 | B24: 房屋建筑物购建 | C24: =D24+E24 -> 523 | D24: 523 | E24: 0 | F24: =G24+H24 -> 0 | G24: 0 | H24: 0
A25: 50302 | B25: 基础设施建设 | C25: =D25+E25 -> 4599 | D25: 3760 | E25: 839 | F25: =G25+H25 -> 0 | G25: 0 | H25: 0
A26: 50303 | B26: 公务用车购置 | C26: =D26+E26 -> 88 | D26: 88 | E26: 0 | F26: =G26+H26 -> 1 | G26: 1 | H26: 0
A27: 50305 | B27: 土地征迁补偿和安置支出 | C27: =D27+E27 -> 359 | D27: 359 | E27: 0 | F27: =G27+H27 -> 0 | G27: 0 | H27: 0
A28: 50306 | B28: 设备购置 | C28: =D28+E28 -> 3187 | D28: 3067 | E28: 120 | F28: =G28+H28 -> 34 | G28: 34 | H28: 0
A29: 50307 | B29: 大型修缮 | C29: =D29+E29 -> 1913 | D29: 1853 | E29: 60 | F29: =G29+H29 -> 0 | G29: 0 | H29: 0
A30: 50399 | B30: 其他资本性支出 | C30: =D30+E30 -> 808 | D30: 808 | E30: 0 | F30: =G30+H30 -> 0 | G30: 0 | H30: 0
A31: 504 | B31: 机关资本性支出(二) | C31: =SUM(C32:C37) -> 4489 | D31: =SUM(D32:D37) -> 4489 | E31: =SUM(E32:E37) -> 0 | F31: =SUM(F32:F37) -> 0 | G31: =SUM(G32:G37) -> 0 | H31: =SUM(H32:H37) -> 0
A32: 50401 | B32: 房屋建筑物购建 | C32: =D32+E32 -> 284 | D32: 284 | E32: 0 | F32: =G32+H32 -> 0 | G32: 0 | H32: 0
A33: 50402 | B33: 基础设施建设 | C33: =D33+E33 -> 4169 | D33: 4169 | E33: 0 | F33: =G33+H33 -> 0 | G33: 0 | H33: 0
A34: 50403 | B34: 公务用车购置 | C34: =D34+E34 -> 0 | D34: 0 | E34: 0 | F34: =G34+H34 -> 0 | G34: 0 | H34: 0
A35: 50404 | B35: 设备购置 | C35: =D35+E35 -> 36 | D35: 36 | E35: 0 | F35: =G35+H35 -> 0 | G35: 0 | H35: 0
A36: 50405 | B36: 大型修缮 | C36: =D36+E36 -> 0 | D36: 0 | E36: 0 | F36: =G36+H36 -> 0 | G36: 0 | H36: 0
A37: 50499 | B37: 其他资本性支出 | C37: =D37+E37 -> 0 | D37: 0 | E37: 0 | F37: =G37+H37 -> 0 | G37: 0 | H37: 0
A38: 505 | B38: 对事业单位经常性补助 | C38: =SUM(C39:C41) -> 79134 | D38: =SUM(D39:D41) -> 77903 | E38: =SUM(E39:E41) -> 1231 | F38: =SUM(F39:F41) -> 39623 | G38: =SUM(G39:G41) -> 39623 | H38: =SUM(H39:H41) -> 0
A39: 50501 | B39: 工资福利支出 | C39: =D39+E39 -> 48718 | D39: 48718 | E39: 0 | F39: =G39+H39 -> 38982 | G39: 38982 | H39: 0
A40: 50502 | B40: 商品和服务支出 | C40: =D40+E40 -> 30396 | D40: 29185 | E40: 1211 | F40: =G40+H40 -> 641 | G40: 641 | H40: 0
A41: 50599 | B41: 其他对事业单位补助 | C41: =D41+E41 -> 20 | D41: 0 | E41: 20 | F41: =G41+H41 -> 0 | G41: 0 | H41: 0
A42: 506 | B42: 对事业单位资本性补助 | C42: =SUM(C43:C44) -> 16575 | D42: =SUM(D43:D44) -> 16111 | E42: =SUM(E43:E44) -> 464 | F42: =SUM(F43:F44) -> 5 | G42: =SUM(G43:G44) -> 5 | H42: =SUM(H43:H44) -> 0
A43: 50601 | B43: 资本性支出(一) | C43: =D43+E43 -> 13840 | D43: 13376 | E43: 464 | F43: =G43+H43 -> 5 | G43: 5 | H43: 0
A44: 50602 | B44: 资本性支出(二) | C44: =D44+E44 -> 2735 | D44: 2735 | E44: 0 | F44: =G44+H44 -> 0 | G44: 0 | H44: 0
A45: 507 | B45: 对企业补助 | C45: =SUM(C46:C48) -> 5594 | D45: =SUM(D46:D48) -> 5544 | E45: =SUM(E46:E48) -> 50 | F45: =SUM(F46:F48) -> 0 | G45: =SUM(G46:G48) -> 0 | H45: =SUM(H46:H48) -> 0
A46: 50701 | B46: 费用补贴 | C46: =D46+E46 -> 852 | D46: 802 | E46: 50 | F46: =G46+H46 -> 0 | G46: 0 | H46: 0
A47: 50702 | B47: 利息补贴 | C47: =D47+E47 -> 0 | D47: 0 | E47: 0 | F47: =G47+H47 -> 0 | G47: 0 | H47: 0
A48: 50799 | B48: 其他对企业补助 | C48: =D48+E48 -> 4742 | D48: 4742 | E48: 0 | F48: =G48+H48 -> 0 | G48: 0 | H48: 0
A49: 508 | B49: 对企业资本性支出 | C49: =SUM(C50:C51) -> 100 | D49: =SUM(D50:D51) -> 100 | E49: =SUM(E50:E51) -> 0 | F49: =SUM(F50:F51) -> 0 | G49: =SUM(G50:G51) -> 0 | H49: =SUM(H50:H51) -> 0
A50: 50801 | B50: 对企业资本性支出(一) | C50: =D50+E50 -> 100 | D50: 100 | E50: 0 | F50: =G50+H50 -> 0 | G50: 0 | H50: 0
A51: 50802 | B51: 对企业资本性支出(二) | C51: =D51+E51 -> 0 | D51: 0 | E51: 0 | F51: =G51+H51 -> 0 | G51: 0 | H51: 0
A52: 509 | B52: 对个人和家庭的补助 | C52: =SUM(C53:C57) -> 14475 | D52: =SUM(D53:D57) -> 14144 | E52: =SUM(E53:E57) -> 331 | F52: =SUM(F53:F57) -> 3224 | G52: =SUM(G53:G57) -> 3224 | H52: =SUM(H53:H57) -> 0
A53: 50901 | B53: 社会福利和救助 | C53: =D53+E53 -> 6080 | D53: 6080 | E53: 0 | F53: =G53+H53 -> 1477 | G53: 1477 | H53: 0
A54: 50902 | B54: 助学金 | C54: =D54+E54 -> 497 | D54: 497 | E54: 0 | F54: =G54+H54 -> 0 | G54: 0 | H54: 0
A55: 50903 | B55: 个人农业生产补贴 | C55: =D55+E55 -> 688 | D55: 688 | E55: 0 | F55: =G55+H55 -> 0 | G55: 0 | H55: 0
A56: 50905 | B56: 离退休费 | C56: =D56+E56 -> 2046 | D56: 2046 | E56: 0 | F56: =G56+H56 -> 1652 | G56: 1652 | H56: 0
A57: 50999 | B57: 其他对个人和家庭补助 | C57: =D57+E57 -> 5164 | D57: 4833 | E57: 331 | F57: =G57+H57 -> 95 | G57: 95 | H57: 0
A58: 510 | B58: 对社会保障基金补助 | C58: =SUM(C59:C60) -> 21193 | D58: =SUM(D59:D60) -> 21193 | E58: =SUM(E59:E60) -> 0 | F58: =SUM(F59:F60) -> 0 | G58: =SUM(G59:G60) -> 0 | H58: =SUM(H59:H60) -> 0
A59: 51002 | B59: 对社会保险基金补助 | C59: =D59+E59 -> 21193 | D59: 21193 | E59: 0 | F59: =G59+H59 -> 0 | G59: 0 | H59: 0
A60: 51003 | B60: 补充全国社会保障基金 | C60: =D60+E60 -> 0 | D60: 0 | E60: 0 | F60: =G60+H60 -> 0 | G60: 0 | H60: 0
A61: 511 | B61: 债务利息及费用支出 | C61: =SUM(C62:C65) -> 1913 | D61: =SUM(D62:D65) -> 1913 | E61: =SUM(E62:E65) -> 0 | F61: =SUM(F62:F65) -> 0 | G61: =SUM(G62:G65) -> 0 | H61: =SUM(H62:H65) -> 0
A62: 51101 | B62: 国内债务付息 | C62: =D62+E62 -> 1899 | D62: 1899 | E62: 0 | F62: =G62+H62 -> 0 | G62: 0 | H62: 0
A63: 51102 | B63: 国外债务付息 | C63: =D63+E63 -> 0 | D63: 0 | E63: 0 | F63: =G63+H63 -> 0 | G63: 0 | H63: 0
A64: 51103 | B64: 国内债务发行费用 | C64: =D64+E64 -> 14 | D64: 14 | E64: 0 | F64: =G64+H64 -> 0 | G64: 0 | H64: 0
A65: 51104 | B65: 国外债务发行费用 | C65: =D65+E65 -> 0 | D65: 0 | E65: 0 | F65: =G65+H65 -> 0 | G65: 0 | H65: 0
A66: 599 | B66: 其他支出 | C66: =SUM(C67:C70) -> 918 | D66: =SUM(D67:D70) -> 918 | E66: =SUM(E67:E70) -> 0 | F66: =SUM(F67:F70) -> 0 | G66: =SUM(G67:G70) -> 0 | H66: =SUM(H67:H70) -> 0
A67: 59906 | B67: 赠与 | C67: =D67+E67 -> 0 | D67: 0 | E67: 0 | F67: =G67+H67 -> 0 | G67: 0 | H67: 0
A68: 59907 | B68: 国家赔偿费用支出 | C68: =D68+E68 -> 0 | D68: 0 | E68: 0 | F68: =G68+H68 -> 0 | G68: 0 | H68: 0
A69: 59908 | B69: 对民间非营利组织和群众性自治组织补贴 | C69: =D69+E69 -> 0 | D69: 0 | E69: 0 | F69: =G69+H69 -> 0 | G69: 0 | H69: 0
A70: 59999 | B70: 其他支出 | C70: =D70+E70 -> 918 | D70: 918 | E70: 0 | F70: =G70+H70 -> 0 | G70: 0 | H70: 0

Sheet L05
A1: 2020年度霍州市一般公共预算转移性收支决算录入表
A2: 录入05表
A3: 单位：万元
A4: 项目 | B4: 决 算 数 | C4: 项目 | D4: 决 算 数
A5: 一般公共预算收入 | B5: ='L01'!C5 -> 48775 | C5: 一般公共预算支出 | D5: ='L02'!C5 -> 181433
A6: 上级补助收入 | B6: =SUM(B7,B14,B50) -> 138812 | C6: 补助下级支出 | D6: =SUM(D7,D14,D50) -> 0
A7: 返还性收入 | B7: =SUM(B8:B13) -> -6434 | C7: 返还性支出 | D7: =SUM(D8:D13) -> 0
A8: 所得税基数返还收入 | B8: -4464 | C8: 所得税基数返还支出 | D8: 0
A9: 成品油税费改革税收返还收入 | B9: 516 | C9: 成品油税费改革税收返还支出 | D9: 0
A10: 增值税税收返还收入 | B10: 2003 | C10: 增值税税收返还支出 | D10: 0
A11: 消费税税收返还收入 | B11: 0 | C11: 消费税税收返还支出 | D11: 0
A12: 增值税“五五分享”税收返还收入 | B12: -4489 | C12: 增值税“五五分享”税收返还支出 | D12: 0
A13: 其他返还性收入 | B13: 0 | C13: 其他返还性支出 | D13: 0
A14: 一般性转移支付收入 | B14: =SUM(B15:B49) -> 137103 | C14: 一般性转移支付支出 | D14: =SUM(D15:D49) -> 0
A15: 体制补助收入 | B15: 0 | C15: 体制补助支出 | D15: 0
A16: 均衡性转移支付收入 | B16: 52488 | C16: 均衡性转移支付支出 | D16: 0
A17: 县级基本财力保障机制奖补资金收入 | B17: 31778 | C17: 县级基本财力保障机制奖补资金支出 | D17: 0
A18: 结算补助收入 | B18: -2344 | C18: 结算补助支出 | D18: 0
A19: 资源枯竭型城市转移支付补助收入 | B19: 12330 | C19: 资源枯竭型城市转移支付补助支出 | D19: 0
A20: 企业事业单位划转补助收入 | B20: 0 | C20: 企业事业单位划转补助支出 | D20: 0
A21: 产粮(油)大县奖励资金收入 | B21: 0 | C21: 产粮(油)大县奖励资金支出 | D21: 0
A22: 重点生态功能区转移支付收入 | B22: 47 | C22: 重点生态功能区转移支付支出 | D22: 0
A23: 固定数额补助收入 | B23: 10406 | C23: 固定数额补助支出 | D23: 0
A24: 革命老区转移支付收入 | B24: 0 | C24: 革命老区转移支付支出 | D24: 0
A25: 民族地区转移支付收入 | B25: 0 | C25: 民族地区转移支付支出 | D25: 0
A26: 边境地区转移支付收入 | B26: 0 | C26: 边境地区转移支付支出 | D26: 0
... A49: 其他一般性转移支付收入 | B49: 5 | C49: 其他一般性转移支付支出 | D49: 0
A50: 专项转移支付收入 | B50: =SUM(B51:B71) -> 8143 | C50: 专项转移支付支出 | D50: =SUM(D51:D71) -> 0
A51: 一般公共服务 | B51: 689 | C51: 一般公共服务 | D51: 0
A52: 外交 | B52: 0 | C52: 外交 | D52: 0
A53: 国防 | B53: 0 | C53: 国防 | D53: 0
A54: 公共安全 | B54: 173 | C54: 公共安全 | D54: 0
A55: 教育 | B55: 324 | C55: 教育 | D55: 0
A56: 科学技术 | B56: 24 | C56: 科学技术 | D56: 0
A57: 文化旅游体育与传媒 | B57: 57 | C57: 文化旅游体育与传媒 | D57: 0
A58: 社会保障和就业 | B58: 340 | C58: 社会保障和就业 | D58: 0
A59: 卫生健康 | B59: 1282 | C59: 卫生健康 | D59: 0
A60: 节能环保 | B60: 779 | C60: 节能环保 | D60: 0
A61: 城乡社区 | B61: 0 | C61: 城乡社区 | D61: 0
A62: 农林水 | B62: 2423 | C62: 农林水 | D62: 0
... A71: 其他收入 | B71: 50 | C71: 其他支出 | D71: 0
A72: 下级上解收入 | B72: =SUM(B73:B74) -> 0 | C72: 上解上级支出 | D72: =SUM(D73:D74) -> 3407
A73: 体制上解收入 | B73: 0 | C73: 体制上解支出 | D73: 781
A74: 专项上解收入 | B74: 0 | C74: 专项上解支出 | D74: 2626
A75: 待偿债置换一般债券上年结余 | B75: 0
A76: 上年结余 | B76: 10209
A77: 调入资金 | B77: =SUM(B78:B81) -> 1814 | C77: 调出资金 | D77: 0
A78: 从政府性基金预算调入 | B78: 1814
A79: 从抗疫特别国债调入 | B79: 0
A80: 从国有资本经营预算调入 | B80: 0
A81: 从其他资金调入 | B81: 0
A82: 债务收入 | B82: =B83 -> 0 | C82: 债务还本支出 | D82: =D83 -> 9919
A83: 地方政府债务收入 | B83: =B84 -> 0 | C83: 地方政府一般债务还本支出 | D83: =SUM(D84:D87) -> 9919
A84: 一般债务收入 | B84: =SUM(B85:B88) -> 0 | C84: 地方政府一般债券还本支出 | D84: 9919
A85: 地方政府一般债券收入 | B85: 0 | C85: 地方政府向外国政府借款还本支出 | D85: 0
A86: 地方政府向外国政府借款收入 | B86: 0 | C86: 地方政府向国际组织借款还本支出 | D86: 0
A87: 地方政府向国际组织借款收入 | B87: 0 | C87: 地方政府其他一般债务还本支出 | D87: 0
A88: 地方政府其他一般债务收入 | B88: 0
A89: 债务转贷收入 | B89: =B90 -> 12896 | C89: 债务转贷支出 | D89: =SUM(D90:D93) -> 0
A90: 地方政府一般债务转贷收入 | B90: =SUM(B91:B94) -> 12896 | C90: 地方政府一般债券转贷支出 | D90: 0
A91: 地方政府一般债券转贷收入 | B91: 12896 | C91: 地方政府向外国政府借款转贷支出 | D91: 0
A92: 地方政府向外国政府借款转贷收入 | B92: 0 | C92: 地方政府向国际组织借款转贷支出 | D92: 0
A93: 地方政府向国际组织借款转贷收入 | B93: 0 | C93: 地方政府其他一般债务转贷支出 | D93: 0
A94: 地方政府其他一般债务转贷收入 | B94: 0
A95: 国债转贷收入 | B95: 0 | C95: 补充预算周转金 | D95: 0
A96: 国债转贷资金上年结余 | B96: 0 | C96: 拨付国债转贷资金数 | D96: 0
A97: 国债转贷转补助数 | B97: 0 | C97: 国债转贷资金结余 | D97: 0
A98: 动用预算稳定调节基金 | B98: 0 | C98: 安排预算稳定调节基金 | D98: 2589
A99: 接受其他地区援助收入 | B99: =SUM(B100:B102) -> 0 | C99: 援助其他地区支出 | D99: =SUM(D100:D102) -> 0
A100: 接受其他省(自治区、直辖市、计划单列市)援助收入 | B100: 0 | C100: 援助其他省(自治区、直辖市、计划单列市)支出 | D100: 0
A101: 接受省内其他地市(区)援助收入 | B101: 0 | C101: 援助省内其他地市(区)支出 | D101: 0
A102: 接受市内其他县市(区)援助收入 | B102: 0 | C102: 援助市内其他县市(区)支出 | D102: 0
A103: 省补助计划单列市收入 | B103: 0 | C103: 计划单列市上解省支出 | D103: 0
A104: 计划单列市上解省收入 | B104: 0 | C104: 省补助计划单列市支出 | D104: 0
C105: 待偿债置换一般债券结余 | D105: 0
C106: 年终结余 | D106: =B109-D5-D6-D72-D77-D82-D89-D95-D96-D97-D98-D99-D103-D104-D105 -> 15158
C107: 减:结转下年的支出 | D107: 15158
C108: 净结余 | D108: =D106-D107 -> 0
A109: 收 入 总 计 | B109: =SUM(B5:B6,B72,B75:B77,B82,B89,B95:B99,B103:B104) -> 212506 | C109: 支 出 总 计 | D109: =SUM(D5:D6,D72,D77,D82,D89,D95:D99,D103:D106) -> 212506

Sheet L06
A1: 2020年度霍州市一般公共预算收入预算变动情况录入表
A2: 录入06表
A3: 单位：万元
A4: 科目编码 | B4: 科目名称 | C4: 预算数 | D4: 变动项目 | H4: 调整预算数
D5: 上级专项调整数 | G5: 增加(减少)预算指标
D6: 小计 | E6: 企业上下划 | F6: 其他
B7: 一般公共预算收入 | C7: =SUM(C8,C29) -> 55761 | D7: =SUM(D8,D29) -> 0 | E7: =SUM(E8,E29) -> 0 | F7: =SUM(F8,F29) -> 0 | G7: =SUM(G8,G29) -> -7761 | H7: =SUM(H8,H29) -> 48000
A8: 101 | B8: 税收收入 | C8: =SUM(C9:C28) -> 42704 | D8: =SUM(D9:D28) -> 0 | E8: =SUM(E9:E28) -> 0 | F8: =SUM(F9:F28) -> 0 | G8: =SUM(G9:G28) -> -4704 | H8: =SUM(H9:H28) -> 38000
A9: 10101 | B9: 增值税 | C9: 18383 | D9: =E9+F9 -> 0 | E9: 0 | F9: 0 | G9: -1583 | H9: =C9+D9+G9 -> 16800
A10: 10102 | B10: 消费税 | C10: 0 | D10: =E10+F10 -> 0 | E10: 0 | F10: 0 | G10: 0 | H10: =C10+D10+G10 -> 0
A11: 10104 | B11: 企业所得税 | C11: 499 | D11: =E11+F11 -> 0 | E11: 0 | F11: 0 | G11: 100 | H11: =C11+D11+G11 -> 599
A12: 10105 | B12: 企业所得税退税 | C12: 0 | D12: =E12+F12 -> 0 | E12: 0 | F12: 0 | G12: 0 | H12: =C12+D12+G12 -> 0
A13: 10106 | B13: 个人所得税 | C13: 1087 | D13: =E13+F13 -> 0 | E13: 0 | F13: 0 | G13: -487 | H13: =C13+D13+G13 -> 600
A14: 10107 | B14: 资源税 | C14: 7255 | D14: =E14+F14 -> 0 | E14: 0 | F14: 0 | G14: -2755 | H14: =C14+D14+G14 -> 4500
A15: 10109 | B15: 城市维护建设税 | C15: 4930 | D15: =E15+F15 -> 0 | E15: 0 | F15: 0 | G15: -230 | H15: =C15+D15+G15 -> 4700
A16: 10110 | B16: 房产税 | C16: 2672 | D16: =E16+F16 -> 0 | E16: 0 | F16: 0 | G16: -372 | H16: =C16+D16+G16 -> 2300
A17: 10111 | B17: 印花税 | C17: 1867 | D17: =E17+F17 -> 0 | E17: 0 | F17: 0 | G17: 120 | H17: =C17+D17+G17 -> 1987
A18: 10112 | B18: 城镇土地使用税 | C18: 3094 | D18: =E18+F18 -> 0 | E18: 0 | F18: 0 | G18: -594 | H18: =C18+D18+G18 -> 2500
A19: 10113 | B19: 土地增值税 | C19: 450 | D19: =E19+F19 -> 0 | E19: 0 | F19: 0 | G19: 850 | H19: =C19+D19+G19 -> 1300
A20: 10114 | B20: 车船税 | C20: 1114 | D20: =E20+F20 -> 0 | E20: 0 | F20: 0 | G20: 0 | H20: =C20+D20+G20 -> 1114
... A28: 10199 | B28: 其他税收收入 | C28: 0 | D28: =E28+F28 -> 0 | E28: 0 | F28: 0 | G28: 0 | H28: =C28+D28+G28 -> 0
A29: 103 | B29: 非税收入 | C29: =SUM(C30:C37) -> 13057 | D29: =SUM(D30:D37) -> 0 | E29: =SUM(E30:E37) -> 0 | F29: =SUM(F30:F37) -> 0 | G29: =SUM(G30:G37) -> -3057 | H29: =SUM(H30:H37) -> 10000
A30: 10302 | B30: 专项收入 | C30: 2930 | D30: =E30+F30 -> 0 | E30: 0 | F30: 0 | G30: 0 | H30: =C30+D30+G30 -> 2930
A31: 10304 | B31: 行政事业性收费收入 | C31: 5625 | D31: =E31+F31 -> 0 | E31: 0 | F31: 0 | G31: -2920 | H31: =C31+D31+G31 -> 2705
A32: 10305 | B32: 罚没收入 | C32: 2430 | D32: =E32+F32 -> 0 | E32: 0 | F32: 0 | G32: 363 | H32: =C32+D32+G32 -> 2793
A33: 10306 | B33: 国有资本经营收入 | C33: 0 | D33: =E33+F33 -> 0 | E33: 0 | F33: 0 | G33: 0 | H33: =C33+D33+G33 -> 0
A34: 10307 | B34: 国有资源(资产)有偿使用收入 | C34: 1944 | D34: =E34+F34 -> 0 | E34: 0 | F34: 0 | G34: -560 | H34: =C34+D34+G34 -> 1384
A35: 10308 | B35: 捐赠收入 | C35: 46 | D35: =E35+F35 -> 0 | E35: 0 | F35: 0 | G35: 60 | H35: =C35+D35+G35 -> 106
A36: 10309 | B36: 政府住房基金收入 | C36: 82 | D36: =E36+F36 -> 0 | E36: 0 | F36: 0 | G36: 0 | H36: =C36+D36+G36 -> 82
A37: 10399 | B37: 其他收入 | C37: 0 | D37: =E37+F37 -> 0 | E37: 0 | F37: 0 | G37: 0 | H37: =C37+D37+G37 -> 0

Sheet L07
A1: 2020年度霍州市一般公共预算支出预算变动及结余、结转情况录入表
A2: 录入07表
A3: 单位：万元
A4: 科目编码 | B4: 科目名称 | C4: 预算数 | D4: 变动项目 | T4: 调整预算数 | U4: 决算数 | V4: 预算结余 | W4: 结转下年使用数
D5: 小计 | E5: 返还性收入 | F5: 一般性转移支付 | G5: 专项转移支付 | H5: 上年结转使用数 | I5: 调入资金 | J5: 债务收入 | K5: 债务转贷收入 | L5: 动支预备费 | M5: 科目调剂 | N5: 本年短收安排 | O5: 动用预算稳定调节基金 | P5: 补助下级专款 | Q5: 安排预算稳定调节基金 | R5: 省补助计划单列市 | S5: 其他
B7: 一般公共预算支出 | C7: =SUM(C8,C36,C46,C52,C64,C75,C86,C93,C115,C129,C145,C152,C161,C169,C177,C181,C187,C197,C201,C205,C211,C220,C221,C224,C228) -> 163418 | D7: =SUM(D8,D36,D46,D52,D64,D75,D86,D93,D115,D129,D145,D152,D161,D169,D177,D181,D187,D197,D201,D205,D211,D220,D221,D224,D228) -> 33173 | E7: =SUM(E8,E36,E46,E52,E64,E75,E86,E93,E115,E129,E145,E152,E161,E169,E177,E181,E187,E197,E201,E205,E211,E220,E221,E224,E228) -> 0 | F7: =SUM(F8,F36,F46,F52,F64,F75,F86,F93,F115,F129,F145,F152,F161,F169,F177,F181,F187,F197,F201,F205,F211,F220,F221,F224,F228) -> 34366 | G7: =SUM(G8,G36,G46,G52,G64,G75,G86,G93,G115,G129,G145,G152,G161,G169,G177,G181,G187,G197,G201,G205,G211,G220,G221,G224,G228) -> 6674 | H7: =SUM(H8,H36,H46,H52,H64,H75,H86,H93,H115,H129,H145,H152,H161,H169,H177,H181,H187,H197,H201,H205,H211,H220,H221,H224,H228) -> 0 | I7: =SUM(I8,I36,I46,I52,I64,I75,I86,I93,I115,I129,I145,I152,I161,I169,I177,I181,I187,I197,I201,I205,I211,I220,I221,I224,I228) -> 1814 | J7: =SUM(J8,J36,J46,J52,J64,J75,J86,J93,J115,J129,J145,J152,J161,J169,J177,J181,J187,J197,J201,J205,J211,J220,J221,J224,J228) -> 0 | ... W7: =SUM(W8,W36,W46,W52,W64,W75,W86,W93,W115,W129,W145,W152,W161,W169,W177,W181,W187,W197,W201,W205,W211,W220,W221,W224,W228) -> 15158
A8: 201 | B8: 一般公共服务支出 | C8: =SUM(C9:C35) -> 19852 | D8: =SUM(D9:D35) -> 2288 | E8: =SUM(E9:E35) -> 0 | F8: =SUM(F9:F35) -> 1629 | G8: =SUM(G9:G35) -> 659 | H8: =SUM(H9:H35) -> 0 | I8: =SUM(I9:I35) -> 0 | J8: =SUM(J9:J35) -> 0 | ... W8: =SUM(W9:W35) -> 210
A9: 20101 | B9: 人大事务 | C9: 663 | D9: =SUM(E9:S9) -> -284 | E9: 0 | F9: 0 | G9: 0 | H9: 0 | I9: 0 | J9: 0 | K9: 0 | L9: 0 | M9: -284 | N9: 0 | O9: 0 | P9: 0 | Q9: 0 | R9: 0 | S9: 0 | T9: =C9+D9 -> 379 | U9: ='L02'!C7 -> 379 | V9: =T9-U9 -> 0 | W9: 0
A10: 20102 | B10: 政协事务 | C10: 256 | D10: =SUM(E10:S10) -> -28 | E10: 0 | F10: 0 | G10: 0 | H10: 0 | I10: 0 | J10: 0 | K10: 0 | L10: 0 | M10: -28 | N10: 0 | O10: 0 | P10: 0 | Q10: 0 | R10: 0 | S10: 0 | T10: =C10+D10 -> 228 | U10: ='L02'!C19 -> 228 | V10: =T10-U10 -> 0 | W10: 0
A11: 20103 | B11: 政府办公厅(室)及相关机构事务 | C11: 8863 | D11: =SUM(E11:S11) -> 491 | E11: 0 | F11: 160 | G11: 0 | H11: 0 | I11: 0 | J11: 0 | K11: 0 | L11: 0 | M11: 331 | N11: 0 | O11: 0 | P11: 0 | Q11: 0 | R11: 0 | S11: 0 | T11: =C11+D11 -> 9354 | U11: ='L02'!C28 -> 9224 | V11: =T11-U11 -> 130 | W11: 130
A12: 20104 | B12: 发展与改革事务 | C12: 687 | D12: =SUM(E12:S12) -> -32 | E12: 0 | F12: 0 | G12: 0 | H12: 0 | I12: 0 | J12: 0 | K12: 0 | L12: 0 | M12: -32 | N12: 0 | O12: 0 | P12: 0 | Q12: 0 | R12: 0 | S12: 0 | T12: =C12+D12 -> 655 | U12: ='L02'!C39 -> 655 | V12: =T12-U12 -> 0 | W12: 0
A13: 20105 | B13: 统计信息事务 | C13: 184 | D13: =SUM(E13:S13) -> 294 | E13: 0 | F13: 0 | G13: 59 | H13: 0 | I13: 0 | J13: 0 | K13: 0 | L13: 0 | M13: 235 | N13: 0 | O13: 0 | P13: 0 | Q13: 0 | R13: 0 | S13: 0 | T13: =C13+D13 -> 478 | U13: ='L02'!C50 -> 478 | V13: =T13-U13 -> 0 | W13: 0
A14: 20106 | B14: 财政事务 | C14: 1169 | D14: =SUM(E14:S14) -> 167 | E14: 0 | F14: 0 | G14: 0 | H14: 0 | I14: 0 | J14: 0 | K14: 0 | L14: 0 | M14: 167 | N14: 0 | O14: 0 | P14: 0 | Q14: 0 | R14: 0 | S14: 0 | T14: =C14+D14 -> 1336 | U14: ='L02'!C61 -> 1336 | V14: =T14-U14 -> 0 | W14: 0
A15: 20107 | B15: 税收事务 | C15: 1162 | D15: =SUM(E15:S15) -> 319 | E15: 0 | F15: 0 | G15: 0 | H15: 0 | I15: 0 | J15: 0 | K15: 0 | L15: 0 | M15: 319 | N15: 0 | O15: 0 | P15: 0 | Q15: 0 | R15: 0 | S15: 0 | T15: =C15+D15 -> 1481 | U15: ='L02'!C72 -> 1481 | V15: =T15-U15 -> 0 | W15: 0
A16: 20108 | B16: 审计事务 | C16: 264 | D16: =SUM(E16:S16) -> 20 | E16: 0 | F16: 0 | G16: 0 | H16: 0 | I16: 0 | J16: 0 | K16: 0 | L16: 0 | M16: 20 | N16: 0 | O16: 0 | P16: 0 | Q16: 0 | R16: 0 | S16: 0 | T16: =C16+D16 -> 284 | U16: ='L02'!C84 -> 284 | V16: =T16-U16 -> 0 | W16: 0
A17: 20109 | B17: 海关事务 | C17: 0 | D17: =SUM(E17:S17) -> 0 | E17: 0 | F17: 0 | G17: 0 | H17: 0 | I17: 0 | J17: 0 | K17: 0 | L17: 0 | M17: 0 | N17: 0 | O17: 0 | P17: 0 | Q17: 0 | R17: 0 | S17: 0 | T17: =C17+D17 -> 0 | U17: ='L02'!C93 -> 0 | V17: =T17-U17 -> 0 | W17: 0
A18: 20110 | B18: 人力资源事务 | C18: 1151 | D18: =SUM(E18:S18) -> -1151 | E18: 0 | F18: 0 | G18: 0 | H18: 0 | I18: 0 | J18: 0 | K18: 0 | L18: 0 | M18: -1151 | N18: 0 | O18: 0 | P18: 0 | Q18: 0 | R18: 0 | S18: 0 | T18: =C18+D18 -> 0 | U18: ='L02'!C106 -> 0 | V18: =T18-U18 -> 0 | W18: 0
A19: 20111 | B19: 纪检监察事务 | C19: 0 | D19: =SUM(E19:S19) -> 1772 | E19: 0 | F19: 1449 | G19: 0 | H19: 0 | I19: 0 | J19: 0 | K19: 0 | L19: 0 | M19: 323 | N19: 0 | O19: 0 | P19: 0 | Q19: 0 | R19: 0 | S19: 0 | T19: =C19+D19 -> 1772 | U19: ='L02'!C116 -> 1770 | V19: =T19-U19 -> 2 | W19: 2
A20: 20113 | B20: 商贸事务 | C20: 570 | D20: =SUM(E20:S20) -> 98 | E20: 0 | F20: 0 | G20: 0 | H20: 0 | I20: 0 | J20: 0 | K20: 0 | L20: 0 | M20: 98 | N20: 0 | O20: 0 | P20: 0 | Q20: 0 | R20: 0 | S20: 0 | T20: =C20+D20 -> 668 | U20: ='L02'!C125 -> 668 | V20: =T20-U20 -> 0 | W20: 0
A21: 20114 | B21: 知识产权事务 | C21: 0 | D21: =SUM(E21:S21) -> 0 | E21: 0 | F21: 0 | G21: 0 | H21: 0 | I21: 0 | J21: 0 | K21: 0 | L21: 0 | M21: 0 | N21: 0 | O21: 0 | P21: 0 | Q21: 0 | R21: 0 | S21: 0 | T21: =C21+D21 -> 0 | U21: ='L02'!C136 -> 0 | V21: =T21-U21 -> 0 | W21: 0
A22: 20123 | B22: 民族事务 | C22: 0 | D22: =SUM(E22:S22) -> 0 | E22: 0 | F22: 0 | G22: 0 | H22: 0 | I22: 0 | J22: 0 | K22: 0 | L22: 0 | M22: 0 | N22: 0 | O22: 0 | P22: 0 | Q22: 0 | R22: 0 | S22: 0 | T22: =C22+D22 -> 0 | U22: ='L02'!C149 -> 0 | V22: =T22-U22 -> 0 | W22: 0
A23: 20125 | B23: 港澳台事务 | C23: 6 | D23: =SUM(E23:S23) -> -2 | E23: 0 | F23: 0 | G23: 0 | H23: 0 | I23: 0 | J23: 0 | K23: 0 | L23: 0 | M23: -2 | N23: 0 | O23: 0 | P23: 0 | Q23: 0 | R23: 0 | S23: 0 | T23: =C23+D23 -> 4 | U23: ='L02'!C156 -> 4 | V23: =T23-U23 -> 0 | W23: 0
A24: 20126 | B24: 档案事务 | C24: 250 | D24: =SUM(E24:S24) -> 60 | E24: 0 | F24: 0 | G24: 0 | H24: 0 | I24: 0 | J24: 0 | K24: 0 | L24: 0 | M24: 60 | N24: 0 | O24: 0 | P24: 0 | Q24: 0 | R24: 0 | S24: 0 | T24: =C24+D24 -> 310 | U24: ='L02'!C164 -> 310 | V24: =T24-U24 -> 0 | W24: 0
A25: 20128 | B25: 民主党派及工商联事务 | C25: 57 | D25: =SUM(E25:S25) -> -9 | E25: 0 | F25: 0 | G25: 0 | H25: 0 | I25: 0 | J25: 0 | K25: 0 | L25: 0 | M25: -9 | N25: 0 | O25: 0 | P25: 0 | Q25: 0 | R25: 0 | S25: 0 | T25: =C25+D25 -> 48 | U25: ='L02'!C170 -> 48 | V25: =T25-U25 -> 0 | W25: 0
A26: 20129 | B26: 群众团体事务 | C26: 420 | D26: =SUM(E26:S26) -> 70 | E26: 0 | F26: 0 | G26: 19 | H26: 0 | I26: 0 | J26: 0 | K26: 0 | L26: 0 | M26: 51 | N26: 0 | O26: 0 | P26: 0 | Q26: 0 | R26: 0 | S26: 0 | T26: =C26+D26 -> 490 | U26: ='L02'!C177 -> 487 | V26: =T26-U26 -> 3 | W26: 3
A27: 20131 | B27: 党委办公厅(室)及相关机构事务 | C27: 833 | D27: =SUM(E27:S27) -> -22 | E27: 0 | F27: 0 | G27: 0 | H27: 0 | I27: 0 | J27: 0 | K27: 0 | L27: 0 | M27: -22 | N27: 0 | O27: 0 | P27: 0 | Q27: 0 | R27: 0 | S27: 0 | T27: =C27+D27 -> 811 | U27: ='L02'!C184 -> 811 | V27: =T27-U27 -> 0 | W27: 0
A28: 20132 | B28: 组织事务 | C28: 1327 | D28: =SUM(E28:S28) -> 372 | E28: 0 | F28: 20 | G28: 571 | H28: 0 | I28: 0 | J28: 0 | K28: 0 | L28: 0 | M28: -219 | N28: 0 | O28: 0 | P28: 0 | Q28: 0 | R28: 0 | S28: 0 | T28: =C28+D28 -> 1699 | U28: ='L02'!C191 -> 1624 | V28: =T28-U28 -> 75 | W28: 75
A29: 20133 | B29: 宣传事务 | C29: 576 | D29: =SUM(E29:S29) -> 62 | E29: 0 | F29: 0 | G29: 10 | H29: 0 | I29: 0 | J29: 0 | K29: 0 | L29: 0 | M29: 52 | N29: 0 | O29: 0 | P29: 0 | Q29: 0 | R29: 0 | S29: 0 | T29: =C29+D29 -> 638 | U29: ='L02'!C198 -> 638 | V29: =T29-U29 -> 0 | W29: 0
A30: 20134 | B30: 统战事务 | C30: 106 | D30: =SUM(E30:S30) -> 8 | E30: 0 | F30: 0 | G30: 0 | H30: 0 | I30: 0 | J30: 0 | K30: 0 | L30: 0 | M30: 8 | N30: 0 | O30: 0 | P30: 0 | Q30: 0 | R30: 0 | S30: 0 | T30: =C30+D30 -> 114 | U30: ='L02'!C205 -> 114 | V30: =T30-U30 -> 0 | W30: 0
A31: 20135 | B31: 对外联络事务 | C31: 0 | D31: =SUM(E31:S31) -> 0 | E31: 0 | F31: 0 | G31: 0 | H31: 0 | I31: 0 | J31: 0 | K31: 0 | L31: 0 | M31: 0 | N31: 0 | O31: 0 | P31: 0 | Q31: 0 | R31: 0 | S31: 0 | T31: =C31+D31 -> 0 | U31: ='L02'!C213 -> 0 | V31: =T31-U31 -> 0 | W31: 0
A32: 20136 | B32: 其他共产党事务支出 | C32: 0 | D32: =SUM(E32:S32) -> 0 | E32: 0 | F32: 0 | G32: 0 | H32: 0 | I32: 0 | J32: 0 | K32: 0 | L32: 0 | M32: 0 | N32: 0 | O32: 0 | P32: 0 | Q32: 0 | R32: 0 | S32: 0 | T32: =C32+D32 -> 0 | U32: ='L02'!C219 -> 0 | V32: =T32-U32 -> 0 | W32: 0
A33: 20137 | B33: 网信事务 | C33: 0 | D33: =SUM(E33:S33) -> 0 | E33: 0 | F33: 0 | G33: 0 | H33: 0 | I33: 0 | J33: 0 | K33: 0 | L33: 0 | M33: 0 | N33: 0 | O33: 0 | P33: 0 | Q33: 0 | R33: 0 | S33: 0 | T33: =C33+D33 -> 0 | U33: ='L02'!C225 -> 0 | V33: =T33-U33 -> 0 | W33: 0
A34: 20138 | B34: 市场监督管理事务 | C34: 1308 | D34: =SUM(E34:S34) -> 83 | E34: 0 | F34: 0 | G34: 0 | H34: 0 | I34: 0 | J34: 0 | K34: 0 | L34: 0 | M34: 83 | N34: 0 | O34: 0 | P34: 0 | Q34: 0 | R34: 0 | S34: 0 | T34: =C34+D34 -> 1391 | U34: ='L02'!C232 -> 1391 | V34: =T34-U34 -> 0 | W34: 0
A35: 20199 | B35: 其他一般公共服务支出 | C35: 0 | D35: =SUM(E35:S35) -> 0 | E35: 0 | F35: 0 | G35: 0 | H35: 0 | I35: 0 | J35: 0 | K35: 0 | L35: 0 | M35: 0 | N35: 0 | O35: 0 | P35: 0 | Q35: 0 | R35: 0 | S35: 0 | T35: =C35+D35 -> 0 | U35: ='L02'!C247 -> 0 | V35: =T35-U35 -> 0 | W35: 0
A36: 202 | B36: 外交支出 | C36: =SUM(C37:C45) -> 0 | D36: =SUM(D37:D45) -> 0 | E36: =SUM(E37:E45) -> 0 | F36: =SUM(F37:F45) -> 0 | G36: =SUM(G37:G45) -> 0 | H36: =SUM(H37:H45) -> 0 | I36: =SUM(I37:I45) -> 0 | J36: =SUM(J37:J45) -> 0 | ... W36: =SUM(W37:W45) -> 0
A37: 20201 | B37: 外交管理事务 | C37: 0 | D37: =SUM(E37:S37) -> 0 | E37: 0 | F37: 0 | G37: 0 | H37: 0 | I37: 0 | J37: 0 | K37: 0 | L37: 0 | M37: 0 | N37: 0 | O37: 0 | P37: 0 | Q37: 0 | R37: 0 | S37: 0 | T37: =C37+D37 -> 0 | U37: ='L02'!C251 -> 0 | V37: =T37-U37 -> 0 | W37: 0
A38: 20202 | B38: 驻外机构 | C38: 0 | D38: =SUM(E38:S38) -> 0 | E38: 0 | F38: 0 | G38: 0 | H38: 0 | I38: 0 | J38: 0 | K38: 0 | L38: 0 | M38: 0 | N38: 0 | O38: 0 | P38: 0 | Q38: 0 | R38: 0 | S38: 0 | T38: =C38+D38 -> 0 | U38: ='L02'!C258 -> 0 | V38: =T38-U38 -> 0 | W38: 0
A39: 20203 | B39: 对外援助 | C39: 0 | D39: =SUM(E39:S39) -> 0 | E39: 0 | F39: 0 | G39: 0 | H39: 0 | I39: 0 | J39: 0 | K39: 0 | L39: 0 | M39: 0 | N39: 0 | O39: 0 | P39: 0 | Q39: 0 | R39: 0 | S39: 0 | T39: =C39+D39 -> 0 | U39: ='L02'!C261 -> 0 | V39: =T39-U39 -> 0 | W39: 0
A40: 20204 | B40: 国际组织 | C40: 0 | D40: =SUM(E40:S40) -> 0 | E40: 0 | F40: 0 | G40: 0 | H40: 0 | I40: 0 | J40: 0 | K40: 0 | L40: 0 | M40: 0 | N40: 0 | O40: 0 | P40: 0 | Q40: 0 | R40: 0 | S40: 0 | T40: =C40+D40 -> 0 | U40: ='L02'!C264 -> 0 | V40: =T40-U40 -> 0 | W40: 0
A41: 20205 | B41: 对外合作与交流 | C41: 0 | D41: =SUM(E41:S41) -> 0 | E41: 0 | F41: 0 | G41: 0 | H41: 0 | I41: 0 | J41: 0 | K41: 0 | L41: 0 | M41: 0 | N41: 0 | O41: 0 | P41: 0 | Q41: 0 | R41: 0 | S41: 0 | T41: =C41+D41 -> 0 | U41: ='L02'!C270 -> 0 | V41: =T41-U41 -> 0 | W41: 0
A42: 20206 | B42: 对外宣传 | C42: 0 | D42: =SUM(E42:S42) -> 0 | E42: 0 | F42: 0 | G42: 0 | H42: 0 | I42: 0 | J42: 0 | K42: 0 | L42: 0 | M42: 0 | N42: 0 | O42: 0 | P42: 0 | Q42: 0 | R42: 0 | S42: 0 | T42: =C42+D42 -> 0 | U42: ='L02'!C275 -> 0 | V42: =T42-U42 -> 0 | W42: 0
A43: 20207 | B43: 边界勘界联检 | C43: 0 | D43: =SUM(E43:S43) -> 0 | E43: 0 | F43: 0 | G43: 0 | H43: 0 | I43: 0 | J43: 0 | K43: 0 | L43: 0 | M43: 0 | N43: 0 | O43: 0 | P43: 0 | Q43: 0 | R43: 0 | S43: 0 | T43: =C43+D43 -> 0 | U43: ='L02'!C277 -> 0 | V43: =T43-U43 -> 0 | W43: 0
A44: 20208 | B44: 国际发展合作 | C44: 0 | D44: =SUM(E44:S44) -> 0 | E44: 0 | F44: 0 | G44: 0 | H44: 0 | I44: 0 | J44: 0 | K44: 0 | L44: 0 | M44: 0 | N44: 0 | O44: 0 | P44: 0 | Q44: 0 | R44: 0 | S44: 0 | T44: =C44+D44 -> 0 | U44: ='L02'!C282 -> 0 | V44: =T44-U44 -> 0 | W44: 0
A45: 20299 | B45: 其他外交支出 | C45: 0 | D45: =SUM(E45:S45) -> 0 | E45: 0 | F45: 0 | G45: 0 | H45: 0 | I45: 0 | J45: 0 | K45: 0 | L45: 0 | M45: 0 | N45: 0 | O45: 0 | P45: 0 | Q45: 0 | R45: 0 | S45: 0 | T45: =C45+D45 -> 0 | U45: ='L02'!C288 -> 0 | V45: =T45-U45 -> 0 | W45: 0
A46: 203 | B46: 国防支出 | C46: =SUM(C47:C51) -> 0 | D46: =SUM(D47:D51) -> 0 | E46: =SUM(E47:E51) -> 0 | F46: =SUM(F47:F51) -> 0 | G46: =SUM(G47:G51) -> 0 | H46: =SUM(H47:H51) -> 0 | I46: =SUM(I47:I51) -> 0 | J46: =SUM(J47:J51) -> 0 | ... W46: =SUM(W47:W51) -> 0
A47: 20301 | B47: 现役部队 | C47: 0 | D47: =SUM(E47:S47) -> 0 | E47: 0 | F47: 0 | G47: 0 | H47: 0 | I47: 0 | J47: 0 | K47: 0 | L47: 0 | M47: 0 | N47: 0 | O47: 0 | P47: 0 | Q47: 0 | R47: 0 | S47: 0 | T47: =C47+D47 -> 0 | U47: ='L02'!C291 -> 0 | V47: =T47-U47 -> 0 | W47: 0
A48: 20304 | B48: 国防科研事业 | C48: 0 | D48: =SUM(E48:S48) -> 0 | E48: 0 | F48: 0 | G48: 0 | H48: 0 | I48: 0 | J48: 0 | K48: 0 | L48: 0 | M48: 0 | N48: 0 | O48: 0 | P48: 0 | Q48: 0 | R48: 0 | S48: 0 | T48: =C48+D48 -> 0 | U48: ='L02'!C293 -> 0 | V48: =T48-U48 -> 0 | W48: 0
A49: 20305 | B49: 专项工程 | C49: 0 | D49: =SUM(E49:S49) -> 0 | E49: 0 | F49: 0 | G49: 0 | H49: 0 | I49: 0 | J49: 0 | K49: 0 | L49: 0 | M49: 0 | N49: 0 | O49: 0 | P49: 0 | Q49: 0 | R49: 0 | S49: 0 | T49: =C49+D49 -> 0 | U49: ='L02'!C295 -> 0 | V49: =T49-U49 -> 0 | W49: 0
A50: 20306 | B50: 国防动员 | C50: 0 | D50: =SUM(E50:S50) -> 0 | E50: 0 | F50: 0 | G50: 0 | H50: 0 | I50: 0 | J50: 0 | K50: 0 | L50: 0 | M50: 0 | N50: 0 | O50: 0 | P50: 0 | Q50: 0 | R50: 0 | S50: 0 | T50: =C50+D50 -> 0 | U50: ='L02'!C297 -> 0 | V50: =T50-U50 -> 0 | W50: 0
A51: 20399 | B51: 其他国防支出 | C51: 0 | D51: =SUM(E51:S51) -> 0 | E51: 0 | F51: 0 | G51: 0 | H51: 0 | I51: 0 | J51: 0 | K51: 0 | L51: 0 | M51: 0 | N51: 0 | O51: 0 | P51: 0 | Q51: 0 | R51: 0 | S51: 0 | T51: =C51+D51 -> 0 | U51: ='L02'!C307 -> 0 | V51: =T51-U51 -> 0 | W51: 0
A52: 204 | B52: 公共安全支出 | C52: =SUM(C53:C63) -> 9174 | D52: =SUM(D53:D63) -> 1724 | E52: =SUM(E53:E63) -> 0 | F52: =SUM(F53:F63) -> 1601 | G52: =SUM(G53:G63) -> 123 | H52: =SUM(H53:H63) -> 0 | I52: =SUM(I53:I63) -> 0 | J52: =SUM(J53:J63) -> 0 | ... W52: =SUM(W53:W63) -> 63
A53: 20401 | B53: 武装警察部队 | C53: 0 | D53: =SUM(E53:S53) -> 0 | E53: 0 | F53: 0 | G53: 0 | H53: 0 | I53: 0 | J53: 0 | K53: 0 | L53: 0 | M53: 0 | N53: 0 | O53: 0 | P53: 0 | Q53: 0 | R53: 0 | S53: 0 | T53: =C53+D53 -> 0 | U53: ='L02'!C310 -> 0 | V53: =T53-U53 -> 0 | W53: 0
A54: 20402 | B54: 公安 | C54: 8638 | D54: =SUM(E54:S54) -> 1649 | E54: 0 | F54: 1564 | G54: 100 | H54: 0 | I54: 0 | J54: 0 | K54: 0 | L54: 0 | M54: -15 | N54: 0 | O54: 0 | P54: 0 | Q54: 0 | R54: 0 | S54: 0 | T54: =C54+D54 -> 10287 | U54: ='L02'!C313 -> 10287 | V54: =T54-U54 -> 0 | W54: 0
A55: 20403 | B55: 国家安全 | C55: 10 | D55: =SUM(E55:S55) -> -10 | E55: 0 | F55: 0 | G55: 0 | H55: 0 | I55: 0 | J55: 0 | K55: 0 | L55: 0 | M55: -10 | N55: 0 | O55: 0 | P55: 0 | Q55: 0 | R55: 0 | S55: 0 | T55: =C55+D55 -> 0 | U55: ='L02'!C324 -> 0 | V55: =T55-U55 -> 0 | W55: 0
A56: 20404 | B56: 检察 | C56: 0 | D56: =SUM(E56:S56) -> 38 | E56: 0 | F56: 2 | G56: 0 | H56: 0 | I56: 0 | J56: 0 | K56: 0 | L56: 0 | M56: 36 | N56: 0 | O56: 0 | P56: 0 | Q56: 0 | R56: 0 | S56: 0 | T56: =C56+D56 -> 38 | U56: ='L02'!C331 -> 38 | V56: =T56-U56 -> 0 | W56: 0
A57: 20405 | B57: 法院 | C57: 10 | D57: =SUM(E57:S57) -> -1 | E57: 0 | F57: 0 | G57: 0 | H57: 0 | I57: 0 | J57: 0 | K57: 0 | L57: 0 | M57: -1 | N57: 0 | O57: 0 | P57: 0 | Q57: 0 | R57: 0 | S57: 0 | T57: =C57+D57 -> 9 | U57: ='L02'!C339 -> 9 | V57: =T57-U57 -> 0 | W57: 0
A58: 20406 | B58: 司法 | C58: 516 | D58: =SUM(E58:S58) -> 48 | E58: 0 | F58: 35 | G58: 23 | H58: 0 | I58: 0 | J58: 0 | K58: 0 | L58: 0 | M58: -10 | N58: 0 | O58: 0 | P58: 0 | Q58: 0 | R58: 0 | S58: 0 | T58: =C58+D58 -> 564 | U58: ='L02'!C348 -> 501 | V58: =T58-U58 -> 63 | W58: 63
A59: 20407 | B59: 监狱 | C59: 0 | D59: =SUM(E59:S59) -> 0 | E59: 0 | F59: 0 | G59: 0 | H59: 0 | I59: 0 | J59: 0 | K59: 0 | L59: 0 | M59: 0 | N59: 0 | O59: 0 | P59: 0 | Q59: 0 | R59: 0 | S59: 0 | T59: =C59+D59 -> 0 | U59: ='L02'!C364 -> 0 | V59: =T59-U59 -> 0 | W59: 0
A60: 20408 | B60: 强制隔离戒毒 | C60: 0 | D60: =SUM(E60:S60) -> 0 | E60: 0 | F60: 0 | G60: 0 | H60: 0 | I60: 0 | J60: 0 | K60: 0 | L60: 0 | M60: 0 | N60: 0 | O60: 0 | P60: 0 | Q60: 0 | R60: 0 | S60: 0 | T60: =C60+D60 -> 0 | U60: ='L02'!C374 -> 0 | V60: =T60-U60 -> 0 | W60: 0
A61: 20409 | B61: 国家保密 | C61: 0 | D61: =SUM(E61:S61) -> 0 | E61: 0 | F61: 0 | G61: 0 | H61: 0 | I61: 0 | J61: 0 | K61: 0 | L61: 0 | M61: 0 | N61: 0 | O61: 0 | P61: 0 | Q61: 0 | R61: 0 | S61: 0 | T61: =C61+D61 -> 0 | U61: ='L02'!C384 -> 0 | V61: =T61-U61 -> 0 | W61: 0
A62: 20410 | B62: 缉私警察 | C62: 0 | D62: =SUM(E62:S62) -> 0 | E62: 0 | F62: 0 | G62: 0 | H62: 0 | I62: 0 | J62: 0 | K62: 0 | L62: 0 | M62: 0 | N62: 0 | O62: 0 | P62: 0 | Q62: 0 | R62: 0 | S62: 0 | T62: =C62+D62 -> 0 | U62: ='L02'!C392 -> 0 | V62: =T62-U62 -> 0 | W62: 0
A63: 20499 | B63: 其他公共安全支出 | C63: 0 | D63: =SUM(E63:S63) -> 0 | E63: 0 | F63: 0 | G63: 0 | H63: 0 | I63: 0 | J63: 0 | K63: 0 | L63: 0 | M63: 0 | N63: 0 | O63: 0 | P63: 0 | Q63: 0 | R63: 0 | S63: 0 | T63: =C63+D63 -> 0 | U63: ='L02'!C398 -> 0 | V63: =T63-U63 -> 0 | W63: 0
A64: 205 | B64: 教育支出 | C64: =SUM(C65:C74) -> 29502 | D64: =SUM(D65:D74) -> 5248 | E64: =SUM(E65:E74) -> 0 | F64: =SUM(F65:F74) -> 4924 | G64: =SUM(G65:G74) -> 324 | H64: =SUM(H65:H74) -> 0 | I64: =SUM(I65:I74) -> 0 | J64: =SUM(J65:J74) -> 0 | ... W64: =SUM(W65:W74) -> 1710
A65: 20501 | B65: 教育管理事务 | C65: 1597 | D65: =SUM(E65:S65) -> 263 | E65: 0 | F65: 64 | G65: 0 | H65: 0 | I65: 0 | J65: 0 | K65: 0 | L65: 0 | M65: 199 | N65: 0 | O65: 0 | P65: 0 | Q65: 0 | R65: 0 | S65: 0 | T65: =C65+D65 -> 1860 | U65: ='L02'!C401 -> 1860 | V65: =T65-U65 -> 0 | W65: 0
A66: 20502 | B66: 普通教育 | C66: 23893 | D66: =SUM(E66:S66) -> 3405 | E66: 0 | F66: 4365 | G66: 268 | H66: 0 | I66: 0 | J66: 0 | K66: 0 | L66: 0 | M66: -1228 | N66: 0 | O66: 0 | P66: 0 | Q66: 0 | R66: 0 | S66: 0 | T66: =C66+D66 -> 27298 | U66: ='L02'!C406 -> 26053 | V66: =T66-U66 -> 1245 | W66: 1245
A67: 20503 | B67: 职业教育 | C67: 2938 | D67: =SUM(E67:S67) -> 226 | E67: 0 | F67: 421 | G67: 0 | H67: 0 | I67: 0 | J67: 0 | K67: 0 | L67: 0 | M67: -195 | N67: 0 | O67: 0 | P67: 0 | Q67: 0 | R67: 0 | S67: 0 | T67: =C67+D67 -> 3164 | U67: ='L02'!C415 -> 2744 | V67: =T67-U67 -> 420 | W67: 420
A68: 20504 | B68: 成人教育 | C68: 4 | D68: =SUM(E68:S68) -> 4 | E68: 0 | F68: 4 | G68: 0 | H68: 0 | I68: 0 | J68: 0 | K68: 0 | L68: 0 | M68: 0 | N68: 0 | O68: 0 | P68: 0 | Q68: 0 | R68: 0 | S68: 0 | T68: =C68+D68 -> 8 | U68: ='L02'!C421 -> 8 | V68: =T68-U68 -> 0 | W68: 0
A69: 20505 | B69: 广播电视教育 | C69: 0 | D69: =SUM(E69:S69) -> 0 | E69: 0 | F69: 0 | G69: 0 | H69: 0 | I69: 0 | J69: 0 | K69: 0 | L69: 0 | M69: 0 | N69: 0 | O69: 0 | P69: 0 | Q69: 0 | R69: 0 | S69: 0 | T69: =C69+D69 -> 0 | U69: ='L02'!C427 -> 0 | V69: =T69-U69 -> 0 | W69: 0
A70: 20506 | B70: 留学教育 | C70: 0 | D70: =SUM(E70:S70) -> 0 | E70: 0 | F70: 0 | G70: 0 | H70: 0 | I70: 0 | J70: 0 | K70: 0 | L70: 0 | M70: 0 | N70: 0 | O70: 0 | P70: 0 | Q70: 0 | R70: 0 | S70: 0 | T70: =C70+D70 -> 0 | U70: ='L02'!C431 -> 0 | V70: =T70-U70 -> 0 | W70: 0
A71: 20507 | B71: 特殊教育 | C71: 56 | D71: =SUM(E71:S71) -> 27 | E71: 0 | F71: 27 | G71: 0 | H71: 0 | I71: 0 | J71: 0 | K71: 0 | L71: 0 | M71: 0 | N71: 0 | O71: 0 | P71: 0 | Q71: 0 | R71: 0 | S71: 0 | T71: =C71+D71 -> 83 | U71: ='L02'!C435 -> 83 | V71: =T71-U71 -> 0 | W71: 0
A72: 20508 | B72: 进修及培训 | C72: 348 | D72: =SUM(E72:S72) -> 43 | E72: 0 | F72: 43 | G72: 0 | H72: 0 | I72: 0 | J72: 0 | K72: 0 | L72: 0 | M72: 0 | N72: 0 | O72: 0 | P72: 0 | Q72: 0 | R72: 0 | S72: 0 | T72: =C72+D72 -> 391 | U72: ='L02'!C439 -> 391 | V72: =T72-U72 -> 0 | W72: 0
A73: 20509 | B73: 教育费附加安排的支出 | C73: 612 | D73: =SUM(E73:S73) -> 1228 | E73: 0 | F73: 0 | G73: 0 | H73: 0 | I73: 0 | J73: 0 | K73: 0 | L73: 0 | M73: 1228 | N73: 0 | O73: 0 | P73: 0 | Q73: 0 | R73: 0 | S73: 0 | T73: =C73+D73 -> 1840 | U73: ='L02'!C445 -> 1840 | V73: =T73-U73 -> 0 | W73: 0
A74: 20599 | B74: 其他教育支出 | C74: 54 | D74: =SUM(E74:S74) -> 52 | E74: 0 | F74: 0 | G74: 56 | H74: 0 | I74: 0 | J74: 0 | K74: 0 | L74: 0 | M74: -4 | N74: 0 | O74: 0 | P74: 0 | Q74: 0 | R74: 0 | S74: 0 | T74: =C74+D74 -> 106 | U74: ='L02'!C452 -> 61 | V74: =T74-U74 -> 45 | W74: 45
A75: 206 | B75: 科学技术支出 | C75: =SUM(C76:C85) -> 323 | D75: =SUM(D76:D85) -> 219 | E75: =SUM(E76:E85) -> 0 | F75: =SUM(F76:F85) -> 195 | G75: =SUM(G76:G85) -> 24 | H75: =SUM(H76:H85) -> 0 | I75: =SUM(I76:I85) -> 0 | J75: =SUM(J76:J85) -> 0 | ... W75: =SUM(W76:W85) -> 15
A76: 20601 | B76: 科学技术管理事务 | C76: 123 | D76: =SUM(E76:S76) -> 56 | E76: 0 | F76: 56 | G76: 0 | H76: 0 | I76: 0 | J76: 0 | K76: 0 | L76: 0 | M76: 0 | N76: 0 | O76: 0 | P76: 0 | Q76: 0 | R76: 0 | S76: 0 | T76: =C76+D76 -> 179 | U76: ='L02'!C455 -> 179 | V76: =T76-U76 -> 0 | W76: 0
A77: 20602 | B77: 基础研究 | C77: 0 | D77: =SUM(E77:S77) -> 0 | E77: 0 | F77: 0 | G77: 0 | H77: 0 | I77: 0 | J77: 0 | K77: 0 | L77: 0 | M77: 0 | N77: 0 | O77: 0 | P77: 0 | Q77: 0 | R77: 0 | S77: 0 | T77: =C77+D77 -> 0 | U77: ='L02'!C460 -> 0 | V77: =T77-U77 -> 0 | W77: 0
A78: 20603 | B78: 应用研究 | C78: 0 | D78: =SUM(E78:S78) -> 0 | E78: 0 | F78: 0 | G78: 0 | H78: 0 | I78: 0 | J78: 0 | K78: 0 | L78: 0 | M78: 0 | N78: 0 | O78: 0 | P78: 0 | Q78: 0 | R78: 0 | S78: 0 | T78: =C78+D78 -> 0 | U78: ='L02'!C468 -> 0 | V78: =T78-U78 -> 0 | W78: 0
A79: 20604 | B79: 技术研究与开发 | C79: 0 | D79: =SUM(E79:S79) -> 103 | E79: 0 | F79: 103 | G79: 0 | H79: 0 | I79: 0 | J79: 0 | K79: 0 | L79: 0 | M79: 0 | N79: 0 | O79: 0 | P79: 0 | Q79: 0 | R79: 0 | S79: 0 | T79: =C79+D79 -> 103 | U79: ='L02'!C474 -> 103 | V79: =T79-U79 -> 0 | W79: 0
A80: 20605 | B80: 科技条件与服务 | C80: 0 | D80: =SUM(E80:S80) -> 0 | E80: 0 | F80: 0 | G80: 0 | H80: 0 | I80: 0 | J80: 0 | K80: 0 | L80: 0 | M80: 0 | N80: 0 | O80: 0 | P80: 0 | Q80: 0 | R80: 0 | S80: 0 | T80: =C80+D80 -> 0 | U80: ='L02'!C478 -> 0 | V80: =T80-U80 -> 0 | W80: 0
A81: 20606 | B81: 社会科学 | C81: 0 | D81: =SUM(E81:S81) -> 0 | E81: 0 | F81: 0 | G81: 0 | H81: 0 | I81: 0 | J81: 0 | K81: 0 | L81: 0 | M81: 0 | N81: 0 | O81: 0 | P81: 0 | Q81: 0 | R81: 0 | S81: 0 | T81: =C81+D81 -> 0 | U81: ='L02'!C483 -> 0 | V81: =T81-U81 -> 0 | W81: 0
A82: 20607 | B82: 科学技术普及 | C82: 19 | D82: =SUM(E82:S82) -> 35 | E82: 0 | F82: 31 | G82: 4 | H82: 0 | I82: 0 | J82: 0 | K82: 0 | L82: 0 | M82: 0 | N82: 0 | O82: 0 | P82: 0 | Q82: 0 | R82: 0 | S82: 0 | T82: =C82+D82 -> 54 | U82: ='L02'!C488 -> 49 | V82: =T82-U82 -> 5 | W82: 5
A83: 20608 | B83: 科技交流与合作 | C83: 0 | D83: =SUM(E83:S83) -> 0 | E83: 0 | F83: 0 | G83: 0 | H83: 0 | I83: 0 | J83: 0 | K83: 0 | L83: 0 | M83: 0 | N83: 0 | O83: 0 | P83: 0 | Q83: 0 | R83: 0 | S83: 0 | T83: =C83+D83 -> 0 | U83: ='L02'!C495 -> 0 | V83: =T83-U83 -> 0 | W83: 0
A84: 20609 | B84: 科技重大项目 | C84: 0 | D84: =SUM(E84:S84) -> 0 | E84: 0 | F84: 0 | G84: 0 | H84: 0 | I84: 0 | J84: 0 | K84: 0 | L84: 0 | M84: 0 | N84: 0 | O84: 0 | P84: 0 | Q84: 0 | R84: 0 | S84: 0 | T84: =C84+D84 -> 0 | U84: ='L02'!C499 -> 0 | V84: =T84-U84 -> 0 | W84: 0
A85: 20699 | B85: 其他科学技术支出 | C85: 181 | D85: =SUM(E85:S85) -> 25 | E85: 0 | F85: 5 | G85: 20 | H85: 0 | I85: 0 | J85: 0 | K85: 0 | L85: 0 | M85: 0 | N85: 0 | O85: 0 | P85: 0 | Q85: 0 | R85: 0 | S85: 0 | T85: =C85+D85 -> 206 | U85: ='L02'!C503 -> 196 | V85: =T85-U85 -> 10 | W85: 10
A86: 207 | B86: 文化旅游体育与传媒支出 | C86: =SUM(C87:C92) -> 3341 | D86: =SUM(D87:D92) -> 1223 | E86: =SUM(E87:E92) -> 0 | F86: =SUM(F87:F92) -> 1185 | G86: =SUM(G87:G92) -> 38 | H86: =SUM(H87:H92) -> 0 | I86: =SUM(I87:I92) -> 0 | J86: =SUM(J87:J92) -> 0 | ... W86: =SUM(W87:W92) -> 287
A87: 20701 | B87: 文化和旅游 | C87: 1136 | D87: =SUM(E87:S87) -> 459 | E87: 0 | F87: 446 | G87: 13 | H87: 0 | I87: 0 | J87: 0 | K87: 0 | L87: 0 | M87: 0 | N87: 0 | O87: 0 | P87: 0 | Q87: 0 | R87: 0 | S87: 0 | T87: =C87+D87 -> 1595 | U87: ='L02'!C509 -> 1552 | V87: =T87-U87 -> 43 | W87: 43
A88: 20702 | B88: 文物 | C88: 832 | D88: =SUM(E88:S88) -> -185 | E88: 0 | F88: 0 | G88: 0 | H88: 0 | I88: 0 | J88: 0 | K88: 0 | L88: 0 | M88: -185 | N88: 0 | O88: 0 | P88: 0 | Q88: 0 | R88: 0 | S88: 0 | T88: =C88+D88 -> 647 | U88: ='L02'!C525 -> 446 | V88: =T88-U88 -> 201 | W88: 201
A89: 20703 | B89: 体育 | C89: 10 | D89: =SUM(E89:S89) -> 813 | E89: 0 | F89: 586 | G89: 0 | H89: 0 | I89: 0 | J89: 0 | K89: 0 | L89: 0 | M89: 227 | N89: 0 | O89: 0 | P89: 0 | Q89: 0 | R89: 0 | S89: 0 | T89: =C89+D89 -> 823 | U89: ='L02'!C533 -> 823 | V89: =T89-U89 -> 0 | W89: 0
A90: 20706 | B90: 新闻出版电影 | C90: 11 | D90: =SUM(E90:S90) -> 0 | E90: 0 | F90: 0 | G90: 0 | H90: 0 | I90: 0 | J90: 0 | K90: 0 | L90: 0 | M90: 0 | N90: 0 | O90: 0 | P90: 0 | Q90: 0 | R90: 0 | S90: 0 | T90: =C90+D90 -> 11 | U90: ='L02'!C544 -> 11 | V90: =T90-U90 -> 0 | W90: 0
A91: 20708 | B91: 广播电视 | C91: 540 | D91: =SUM(E91:S91) -> -18 | E91: 0 | F91: 0 | G91: 0 | H91: 0 | I91: 0 | J91: 0 | K91: 0 | L91: 0 | M91: -18 | N91: 0 | O91: 0 | P91: 0 | Q91: 0 | R91: 0 | S91: 0 | T91: =C91+D91 -> 522 | U91: ='L02'!C553 -> 522 | V91: =T91-U91 -> 0 | W91: 0
A92: 20799 | B92: 其他文化旅游体育与传媒支出 | C92: 812 | D92: =SUM(E92:S92) -> 154 | E92: 0 | F92: 153 | G92: 25 | H92: 0 | I92: 0 | J92: 0 | K92: 0 | L92: 0 | M92: -24 | N92: 0 | O92: 0 | P92: 0 | Q92: 0 | R92: 0 | S92: 0 | T92: =C92+D92 -> 966 | U92: ='L02'!C561 -> 923 | V92: =T92-U92 -> 43 | W92: 43
A93: 208 | B93: 社会保障和就业支出 | C93: =SUM(C94:C114) -> 25004 | D93: =SUM(D94:D114) -> 2999 | E93: =SUM(E94:E114) -> 0 | F93: =SUM(F94:F114) -> 2719 | G93: =SUM(G94:G114) -> 280 | H93: =SUM(H94:H114) -> 0 | I93: =SUM(I94:I114) -> 0 | J93: =SUM(J94:J114) -> 0 | ... W93: =SUM(W94:W114) -> 464
A94: 20801 | B94: 人力资源和社会保障管理事务 | C94: 2676 | D94: =SUM(E94:S94) -> -1315 | E94: 0 | F94: 0 | G94: 0 | H94: 0 | I94: 0 | J94: 0 | K94: 0 | L94: 0 | M94: -1315 | N94: 0 | O94: 0 | P94: 0 | Q94: 0 | R94: 0 | S94: 0 | T94: =C94+D94 -> 1361 | U94: ='L02'!C566 -> 1361 | V94: =T94-U94 -> 0 | W94: 0
A95: 20802 | B95: 民政管理事务 | C95: 789 | D95: =SUM(E95:S95) -> 49 | E95: 0 | F95: 0 | G95: 0 | H95: 0 | I95: 0 | J95: 0 | K95: 0 | L95: 0 | M95: 49 | N95: 0 | O95: 0 | P95: 0 | Q95: 0 | R95: 0 | S95: 0 | T95: =C95+D95 -> 838 | U95: ='L02'!C580 -> 838 | V95: =T95-U95 -> 0 | W95: 0
A96: 20804 | B96: 补充全国社会保障基金 | C96: 0 | D96: =SUM(E96:S96) -> 0 | E96: 0 | F96: 0 | G96: 0 | H96: 0 | I96: 0 | J96: 0 | K96: 0 | L96: 0 | M96: 0 | N96: 0 | O96: 0 | P96: 0 | Q96: 0 | R96: 0 | S96: 0 | T96: =C96+D96 -> 0 | U96: ='L02'!C588 -> 0 | V96: =T96-U96 -> 0 | W96: 0
A97: 20805 | B97: 行政事业单位养老支出 | C97: 7037 | D97: =SUM(E97:S97) -> 4001 | E97: 0 | F97: 1629 | G97: 0 | H97: 0 | I97: 0 | J97: 0 | K97: 0 | L97: 0 | M97: 2372 | N97: 0 | O97: 0 | P97: 0 | Q97: 0 | R97: 0 | S97: 0 | T97: =C97+D97 -> 11038 | U97: ='L02'!C590 -> 11038 | V97: =T97-U97 -> 0 | W97: 0
A98: 20806 | B98: 企业改革补助 | C98: 0 | D98: =SUM(E98:S98) -> 0 | E98: 0 | F98: 0 | G98: 0 | H98: 0 | I98: 0 | J98: 0 | K98: 0 | L98: 0 | M98: 0 | N98: 0 | O98: 0 | P98: 0 | Q98: 0 | R98: 0 | S98: 0 | T98: =C98+D98 -> 0 | U98: ='L02'!C598 -> 0 | V98: =T98-U98 -> 0 | W98: 0
A99: 20807 | B99: 就业补助 | C99: 547 | D99: =SUM(E99:S99) -> 162 | E99: 0 | F99: 193 | G99: 80 | H99: 0 | I99: 0 | J99: 0 | K99: 0 | L99: 0 | M99: -111 | N99: 0 | O99: 0 | P99: 0 | Q99: 0 | R99: 0 | S99: 0 | T99: =C99+D99 -> 709 | U99: ='L02'!C602 -> 618 | V99: =T99-U99 -> 91 | W99: 91
A100: 20808 | B100: 抚恤 | C100: 1685 | D100: =SUM(E100:S100) -> 91 | E100: 0 | F100: 40 | G100: 51 | H100: 0 | I100: 0 | J100: 0 | K100: 0 | L100: 0 | M100: 0 | N100: 0 | O100: 0 | P100: 0 | Q100: 0 | R100: 0 | S100: 0 | T100: =C100+D100 -> 1776 | U100: ='L02'!C612 -> 1738 | V100: =T100-U100 -> 38 | W100: 38
A101: 20809 | B101: 退役安置 | C101: 1492 | D101: =SUM(E101:S101) -> -1119 | E101: 0 | F101: 53 | G101: 19 | H101: 0 | I101: 0 | J101: 0 | K101: 0 | L101: 0 | M101: -1191 | N101: 0 | O101: 0 | P101: 0 | Q101: 0 | R101: 0 | S101: 0 | T101: =C101+D101 -> 373 | U101: ='L02'!C620 -> 211 | V101: =T101-U101 -> 162 | W101: 162
...

Sheet sheet2
A9: 第二部分:政府性基金预算

Sheet L08
A1: 2020年度霍州市政府性基金预算收入决算录入表
C2: 录入08表
C3: 单位:万元
A4: 科目编码 | B4: 科目名称 | C4: 决算数
B5: 政府性基金预算收入 | C5: =SUM(C6,C56) -> 5985
A6: 10301 | B6: 政府性基金收入(款) | C6: =SUM(C7,C10:C18,C24:C25,C28:C31,C34:C36,C39:C43,C46:C47,C55) -> 5985
A7: 1030102 | B7: 农网还贷资金收入 | C7: =SUM(C8:C9) -> 0
A8: 103010201 | B8: 中央农网还贷资金收入 | C8: 0
A9: 103010202 | B9: 地方农网还贷资金收入 | C9: 0
A10: 1030106 | B10: 铁路建设基金收入 | C10: 0
A11: 1030110 | B11: 民航发展基金收入 | C11: 0
A12: 1030112 | B12: 海南省高等级公路车辆通行附加费收入 | C12: 0
A13: 1030115 | B13: 港口建设费收入 | C13: 0
A14: 1030121 | B14: 旅游发展基金收入 | C14: 0
A15: 1030129 | B15: 国家电影事业发展专项资金收入 | C15: 0
A16: 1030146 | B16: 国有土地收益基金收入 | C16: 390
A17: 1030147 | B17: 农业土地开发资金收入 | C17: 4
A18: 1030148 | B18: 国有土地使用权出让收入 | C18: =SUM(C19:C23) -> 3548
A19: 103014801 | B19: 土地出让价款收入 | C19: 3497
A20: 103014802 | B20: 补缴的土地价款 | C20: 20
A21: 103014803 | B21: 划拨土地收入 | C21: 13
A22: 103014898 | B22: 缴纳新增建设用地土地有偿使用费 | C22: 0
A23: 103014899 | B23: 其他土地出让收入 | C23: 18
A24: 1030149 | B24: 大中型水库移民后期扶持基金收入 | C24: 0
A25: 1030150 | B25: 大中型水库库区基金收入 | C25: =SUM(C26:C27) -> 0
A26: 103015001 | B26: 中央大中型水库库区基金收入 | C26: 0
A27: 103015002 | B27: 地方大中型水库库区基金收入 | C27: 0
A28: 1030152 | B28: 三峡水库库区基金收入 | C28: 0
A29: 1030153 | B29: 中央特别国债经营基金收入 | C29: 0
A30: 1030154 | B30: 中央特别国债经营基金财务收入 | C30: 0
A31: 1030155 | B31: 彩票公益金收入 | C31: =SUM(C32:C33) -> 0
A32: 103015501 | B32: 福利彩票公益金收入 | C32: 0
A33: 103015502 | B33: 体育彩票公益金收入 | C33: 0
A34: 1030156 | B34: 城市基础设施配套费收入 | C34: 2034
A35: 1030157 | B35: 小型水库移民扶助基金收入 | C35: 0
A36: 1030158 | B36: 国家重大水利工程建设基金收入 | C36: =SUM(C37:C38) -> 0
A37: 103015801 | B37: 中央重大水利工程建设资金 | C37: 0
A38: 103015803 | B38: 地方重大水利工程建设资金 | C38: 0
A39: 1030159 | B39: 车辆通行费 | C39: 0
A40: 1030166 | B40: 核电站乏燃料处理处置基金收入 | C40: 0
A41: 1030168 | B41: 可再生能源电价附加收入 | C41: 0
A42: 1030171 | B42: 船舶油污损害赔偿基金收入 | C42: 0
A43: 1030175 | B43: 废弃电器电子产品处理基金收入 | C43: =SUM(C44:C45) -> 0
A44: 103017501 | B44: 税务部门征收的废弃电器电子产品处理基金收入 | C44: 0
A45: 103017502 | B45: 海关征收的废弃电器电子产品处理基金收入 | C45: 0
A46: 1030178 | B46: 污水处理费收入 | C46: 0
A47: 1030180 | B47: 彩票发行机构和彩票销售机构的业务费用 | C47: =SUM(C48:C54) -> 0
A48: 103018001 | B48: 福利彩票发行机构的业务费用 | C48: 0
A49: 103018002 | B49: 体育彩票发行机构的业务费用 | C49: 0
A50: 103018003 | B50: 福利彩票销售机构的业务费用 | C50: 0
A51: 103018004 | B51: 体育彩票销售机构的业务费用 | C51: 0
A52: 103018005 | B52: 彩票兑奖周转金 | C52: 0
A53: 103018006 | B53: 彩票发行销售风险基金 | C53: 0
A54: 103018007 | B54: 彩票市场调控资金收入 | C54: 0
A55: 1030199 | B55: 其他政府性基金收入 | C55: 9
A56: 10310 | B56: 专项债券对应项目专项收入 | C56: =SUM(C57:C60,C64:C69,C72:C73) -> 0
A57: 1031003 | B57: 海南省高等级公路车辆通行附加费专项债务对应项目专项收入 | C57: 0
A58: 1031004 | B58: 港口建设费专项债务对应项目专项收入 | C58: 0
A59: 1031005 | B59: 国家电影事业发展专项资金专项债务对应项目专项收入 | C59: 0
A60: 1031006 | B60: 国有土地使用权出让金专项债务对应项目专项收入 | C60: =SUM(C61:C63) -> 0
A61: 103100601 | B61: 土地储备专项债券对应项目专项收入 | C61: 0
A62: 103100602 | B62: 棚户区改造专项债券对应项目专项收入 | C62: 0
A63: 103100699 | B63: 其他国有土地使用权出让金专项债务对应项目专项收入 | C63: 0
A64: 1031008 | B64: 农业土地开发资金专项债务对应项目专项收入 | C64: 0
A65: 1031009 | B65: 大中型水库库区基金专项债务对应项目专项收入 | C65: 0
A66: 1031010 | B66: 城市基础设施配套费专项债务对应项目专项收入 | C66: 0
A67: 1031011 | B67: 小型水库移民扶助基金专项债务对应项目专项收入 | C67: 0
A68: 1031012 | B68: 国家重大水利工程建设基金专项债务对应项目专项收入 | C68: 0
A69: 1031013 | B69: 车辆通行费专项债务对应项目专项收入 | C69: =SUM(C70:C71) -> 0
A70: 103101301 | B70: 政府收费公路专项债券对应项目专项收入 | C70: 0
A71: 103101399 | B71: 其他车辆通行费专项债务对应项目专项收入 | C71: 0
A72: 1031014 | B72: 污水处理费专项债务对应项目专项收入 | C72: 0
A73: 1031099 | B73: 其他政府性基金专项债务对应项目专项收入 | C73: =SUM(C74:C75) -> 0
A74: 103109998 | B74: 其他地方自行试点项目收益专项债券对应项目专项收入 | C74: 0
A75: 103109999 | B75: 其他政府性基金专项债务对应项目专项收入 | C75: 0

Sheet L09
A1: 2020年度霍州市政府性基金预算支出决算功能分类录入表
C2: 录入09表
C3: 单位:万元
A4: 科目编码 | B4: 科目名称 | C4: 决算数
B5: 政府性基金预算支出 | C5: =SUM(C6,C14,C30,C42,C53,C108,C132,C184,C189,C193,C219,C237,C255) -> 21549
A6: 206 | B6: 科学技术支出 | C6: =C7 -> 0
A7: 20610 | B7: 核电站乏燃料处理处置基金支出 | C7: =SUM(C8:C13) -> 0
A8: 2061001 | B8: 乏燃料运输 | C8: 0
A9: 2061002 | B9: 乏燃料离堆贮存 | C9: 0
A10: 2061003 | B10: 乏燃料后处理 | C10: 0
A11: 2061004 | B11: 高放废物的处理处置 | C11: 0
A12: 2061005 | B12: 乏燃料后处理厂的建设、运行、改造和退役 | C12: 0
A13: 2061099 | B13: 其他乏燃料处理处置基金支出 | C13: 0
A14: 207 | B14: 文化旅游体育与传媒支出 | C14: =SUM(C15,C21,C27) -> 16
A15: 20707 | B15: 国家电影事业发展专项资金安排的支出 | C15: =SUM(C16:C20) -> 13
A16: 2070701 | B16: 资助国产影片放映 | C16: 13
A17: 2070702 | B17: 资助影院建设 | C17: 0
A18: 2070703 | B18: 资助少数民族语电影译制 | C18: 0
A19: 2070704 | B19: 购买农村电影公益性放映版权服务 | C19: 0
A20: 2070799 | B20: 其他国家电影事业发展专项资金支出 | C20: 0
A21: 20709 | B21: 旅游发展基金支出 | C21: =SUM(C22:C26) -> 3
A22: 2070901 | B22: 宣传促销 | C22: 0
A23: 2070902 | B23: 行业规划 | C23: 0
A24: 2070903 | B24: 旅游事业补助 | C24: 0
A25: 2070904 | B25: 地方旅游开发项目补助 | C25: 3
A26: 2070999 | B26: 其他旅游发展基金支出 | C26: 0
A27: 20710 | B27: 国家电影事业发展专项资金对应专项债务收入安排的支出 | C27: =SUM(C28:C29) -> 0
A28: 2071001 | B28: 资助城市影院 | C28: 0
A29: 2071099 | B29: 其他国家电影事业发展专项资金对应专项债务收入支出 | C29: 0
A30: 208 | B30: 社会保障和就业支出 | C30: =SUM(C31,C35,C39) -> 17
A31: 20822 | B31: 大中型水库移民后期扶持基金支出 | C31: =SUM(C32:C34) -> 17
A32: 2082201 | B32: 移民补助 | C32: 17
A33: 2082202 | B33: 基础设施建设和经济发展 | C33: 0
A34: 2082299 | B34: 其他大中型水库移民后期扶持基金支出 | C34: 0
A35: 20823 | B35: 小型水库移民扶助基金安排的支出 | C35: =SUM(C36:C38) -> 0
A36: 2082301 | B36: 移民补助 | C36: 0
A37: 2082302 | B37: 基础设施建设和经济发展 | C37: 0
A38: 2082399 | B38: 其他小型水库移民扶助基金支出 | C38: 0
A39: 20829 | B39: 小型水库移民扶助基金对应专项债务收入安排的支出 | C39: =SUM(C40:C41) -> 0
A40: 2082901 | B40: 基础设施建设和经济发展 | C40: 0
A41: 2082999 | B41: 其他小型水库移民扶助基金对应专项债务收入安排的支出 | C41: 0
A42: 211 | B42: 节能环保支出 | C42: =SUM(C43,C48) -> 0
A43: 21160 | B43: 可再生能源电价附加收入安排的支出 | C43: =SUM(C44:C47) -> 0
A44: 2116001 | B44: 风力发电补助 | C44: 0
A45: 2116002 | B45: 太阳能发电补助 | C45: 0
A46: 2116003 | B46: 生物质能发电补助 | C46: 0
A47: 2116099 | B47: 其他可再生能源电价附加收入安排的支出 | C47: 0
A48: 21161 | B48: 废弃电器电子产品处理基金支出 | C48: =SUM(C49:C52) -> 0
A49: 2116101 | B49: 回收处理费用补贴 | C49: 0
A50: 2116102 | B50: 信息系统建设 | C50: 0
A51: 2116103 | B51: 基金征管经费 | C51: 0
A52: 2116104 | B52: 其他废弃电器电子产品处理基金支出 | C52: 0
A53: 212 | B53: 城乡社区支出 | C53: =SUM(C54,C67,C71:C72,C78,C82,C86,C90,C96,C99) -> 6151
A54: 21208 | B54: 国有土地使用权出让收入安排的支出 | C54: =SUM(C55:C66) -> 3994
A55: 2120801 | B55: 征地和拆迁补偿支出 | C55: 3266
A56: 2120802 | B56: 土地开发支出 | C56: 0
A57: 2120803 | B57: 城市建设支出 | C57: 0
A58: 2120804 | B58: 农村基础设施建设支出 | C58: 0
A59: 2120805 | B59: 补助被征地农民支出 | C59: 0
A60: 2120806 | B60: 土地出让业务支出 | C60: 0
A61: 2120807 | B61: 廉租住房支出 | C61: 0
A62: 2120809 | B62: 支付破产或改制企业职工安置费 | C62: 0
A63: 2120810 | B63: 棚户区改造支出 | C63: 0
A64: 2120811 | B64: 公共租赁住房支出 | C64: 0
A65: 2120813 | B65: 保障性住房租金补贴 | C65: 0
A66: 2120899 | B66: 其他国有土地使用权出让收入安排的支出 | C66: 728
A67: 21210 | B67: 国有土地收益基金安排的支出 | C67: =SUM(C68:C70) -> 0
A68: 2121001 | B68: 征地和拆迁补偿支出 | C68: 0
A69: 2121002 | B69: 土地开发支出 | C69: 0
A70: 2121099 | B70: 其他国有土地收益基金支出 | C70: 0
A71: 21211 | B71: 农业土地开发资金安排的支出 | C71: 2
A72: 21213 | B72: 城市基础设施配套费安排的支出 | C72: =SUM(C73:C77) -> 2155
A73: 2121301 | B73: 城市公共设施 | C73: 205
A74: 2121302 | B74: 城市环境卫生 | C74: 5
A75: 2121303 | B75: 公有房屋 | C75: 0
A76: 2121304 | B76: 城市防洪 | C76: 0
A77: 2121399 | B77: 其他城市基础设施配套费安排的支出 | C77: 1945
A78: 21214 | B78: 污水处理费安排的支出 | C78: =SUM(C79:C81) -> 0
A79: 2121401 | B79: 污水处理设施建设和运营 | C79: 0
A80: 2121402 | B80: 代征手续费 | C80: 0
A81: 2121499 | B81: 其他污水处理费安排的支出 | C81: 0
A82: 21215 | B82: 土地储备专项债券收入安排的支出 | C82: =SUM(C83:C85) -> 0
A83: 2121501 | B83: 征地和拆迁补偿支出 | C83: 0
A84: 2121502 | B84: 土地开发支出 | C84: 0
A85: 2121599 | B85: 其他土地储备专项债券收入安排的支出 | C85: 0
A86: 21216 | B86: 棚户区改造专项债券收入安排的支出 | C86: =SUM(C87:C89) -> 0
A87: 2121601 | B87: 征地和拆迁补偿支出 | C87: 0
A88: 2121602 | B88: 土地开发支出 | C88: 0
A89: 2121699 | B89: 其他棚户区改造专项债券收入安排的支出 | C89: 0
A90: 21217 | B90: 城市基础设施配套费对应专项债务收入安排的支出 | C90: =SUM(C91:C95) -> 0
A91: 2121701 | B91: 城市公共设施 | C91: 0
A92: 2121702 | B92: 城市环境卫生 | C92: 0
A93: 2121703 | B93: 公有房屋 | C93: 0
A94: 2121704 | B94: 城市防洪 | C94: 0
A95: 2121799 | B95: 其他城市基础设施配套费对应专项债务收入安排的支出 | C95: 0
A96: 21218 | B96: 污水处理费对应专项债务收入安排的支出 | C96: =SUM(C97:C98) -> 0
A97: 2121801 | B97: 污水处理设施建设和运营 | C97: 0
A98: 2121899 | B98: 其他污水处理费对应专项债务收入安排的支出 | C98: 0
A99: 21219 | B99: 国有土地使用权出让收入对应专项债务收入安排的支出 | C99: =SUM(C100:C107) -> 0
A100: 2121901 | B100: 征地和拆迁补偿支出 | C100: 0
...

Sheet L10
A1: 2020年度霍州市政府性基金预算收支及结余情况录入表
A2: 录入10表
A3: 单位：万元
A4: 科目编码 | B4: 收入项目 | C4: 决算数 | D4: 上级补助收入 | E4: 下级上解收入 | F4: 待偿债置换专项债券上年结余 | G4: 上年结余 | H4: 调入资金 | I4: 债务收入 | J4: 债务转贷收入 | K4: 省补助计划单列市收入 | L4: 计划单列市上解省收入 | M4: 科目编码 | N4: 支出项目 | O4: 决算数 | P4: 补助下级支出 | Q4: 上解上级支出 | R4: 调出资金 | S4: 债务还本支出 | T4: 债务转贷支出 | U4: 省补助计划单列市支出 | V4: 计划单列市上解省支出 | W4: 科目编码 | X4: 结余项目 | Y4: 待偿债置换专项债券结余 | Z4: 年终结余
B6: 政府性基金预算收入 | C6: =SUM(C7:C34) -> 5985 | D6: =SUM(D7:D34) -> 8142 | E6: =SUM(E7:E33) -> 0 | F6: =SUM(F7:F33) -> 0 | G6: =SUM(G7:G33) -> 3275 | H6: =SUM(H7:H33) -> 0 | I6: =SUM(I7:I33) -> 0 | J6: =SUM(J7:J33) -> 7500 | K6: =SUM(K7:K34) -> 0 | L6: =SUM(L7:L33) -> 0 | N6: 政府性基金预算支出 | O6: =SUM(O7:O34) -> 21549 | P6: =SUM(P7:P34) -> 0 | Q6: =SUM(Q7:Q33) -> 0 | R6: =SUM(R7:R34) -> 1814 | S6: =SUM(S7:S33) -> 0 | T6: =SUM(T7:T33) -> 0 | U6: =SUM(U7:U34) -> 0 | V6: =SUM(V7:V33) -> 0 | X6: 政府性基金预算结余 | Y6: =SUM(Y7:Y33) -> 0 | Z6: =SUM(C6:L6)-SUM(O6:V6)-Y6 -> 1539
A7: 1030166 | B7: 核电站乏燃料处理处置基金收入 | C7: ='L08'!C40 -> 0 | D7: 0 | E7: 0 | F7: 0 | G7: 0 | H7: 0 | I7: 0 | J7: 0 | K7: 0 | L7: 0 | M7: 20610 | N7: 核电站乏燃料处理处置基金支出 | O7: ='L09'!C7 -> 0 | P7: 0 | Q7: 0 | R7: 0 | S7: 0 | T7: 0 | U7: 0 | V7: 0 | W7: 1030166 | X7: 核电站乏燃料处理处置基金结余 | Y7: 0 | Z7: =SUM(C7:L7)-SUM(O7:V7)-Y7 -> 0
B8: 国家电影事业发展专项资金相关收入 | C8: ='L08'!C15+'L08'!C59 -> 0 | D8: 13 | E8: 0 | F8: 0 | G8: 0 | H8: 0 | I8: 0 | J8: 0 | K8: 0 | L8: 0 | N8: 国家电影事业发展专项资金相关支出 | O8: ='L09'!C15+'L09'!C27+'L09'!C223+'L09'!C241 -> 13 | P8: 0 | Q8: 0 | R8: 0 | S8: 0 | T8: 0 | U8: 0 | V8: 0 | X8: 国家电影事业发展专项资金相关结余 | Y8: 0 | Z8: =SUM(C8:L8)-SUM(O8:V8)-Y8 -> 0
A9: 1030121 | B9: 旅游发展基金收入 | C9: ='L08'!C14 -> 0 | D9: 0 | E9: 0 | F9: 0 | G9: 4 | H9: 0 | I9: 0 | J9: 0 | K9: 0 | L9: 0 | M9: 20709 | N9: 旅游发展基金支出 | O9: ='L09'!C21 -> 3 | P9: 0 | Q9: 0 | R9: 0 | S9: 0 | T9: 0 | U9: 0 | V9: 0 | W9: 1030121 | X9: 旅游发展基金结余 | Y9: 0 | Z9: =SUM(C9:L9)-SUM(O9:V9)-Y9 -> 1
A10: 1030149 | B10: 大中型水库移民后期扶持基金收入 | C10: ='L08'!C24 -> 0 | D10: 18 | E10: 0 | F10: 0 | G10: 2 | H10: 0 | I10: 0 | J10: 0 | K10: 0 | L10: 0 | M10: 20822 | N10: 大中型水库移民后期扶持基金支出 | O10: ='L09'!C31 -> 17 | P10: 0 | Q10: 0 | R10: 0 | S10: 0 | T10: 0 | U10: 0 | V10: 0 | W10: 1030149 | X10: 大中型水库移民后期扶持基金结余 | Y10: 0 | Z10: =SUM(C10:L10)-SUM(O10:V10)-Y10 -> 3
B11: 小型水库移民扶助基金相关收入 | C11: ='L08'!C35+'L08'!C67 -> 0 | D11: 0 | E11: 0 | F11: 0 | G11: 0 | H11: 0 | I11: 0 | J11: 0 | K11: 0 | L11: 0 | N11: 小型水库移民扶助基金相关支出 | O11: ='L09'!C35+'L09'!C39+'L09'!C228+'L09'!C246 -> 0 | P11: 0 | Q11: 0 | R11: 0 | S11: 0 | T11: 0 | U11: 0 | V11: 0 | X11: 小型水库移民扶助基金相关结余 | Y11: 0 | Z11: =SUM(C11:L11)-SUM(O11:V11)-Y11 -> 0
A12: 1030168 | B12: 可再生能源电价附加收入 | C12: ='L08'!C41 -> 0 | D12: 0 | E12: 0 | F12: 0 | G12: 0 | H12: 0 | I12: 0 | J12: 0 | K12: 0 | L12: 0 | M12: 21160 | N12: 可再生能源电价附加收入安排的支出 | O12: ='L09'!C43 -> 0 | P12: 0 | Q12: 0 | R12: 0 | S12: 0 | T12: 0 | U12: 0 | V12: 0 | W12: 1030168 | X12: 可再生能源电价附加结余 | Y12: 0 | Z12: =SUM(C12:L12)-SUM(O12:V12)-Y12 -> 0
A13: 1030175 | B13: 废弃电器电子产品处理基金收入 | C13: ='L08'!C43 -> 0 | D13: 0 | E13: 0 | F13: 0 | G13: 0 | H13: 0 | I13: 0 | J13: 0 | K13: 0 | L13: 0 | M13: 21161 | N13: 废弃电器电子产品处理基金支出 | O13: ='L09'!C48 -> 0 | P13: 0 | Q13: 0 | R13: 0 | S13: 0 | T13: 0 | U13: 0 | V13: 0 | W13: 1030175 | X13: 废弃电器电子产品处理基金结余 | Y13: 0 | Z13: =SUM(C13:L13)-SUM(O13:V13)-Y13 -> 0
B14: 国有土地使用权出让相关收入 | C14: 3548 | D14: 854 | E14: 0 | F14: 0 | G14: 1537 | H14: 0 | I14: 0 | J14: 0 | K14: 0 | L14: 0 | N14: 国有土地使用权出让相关支出 | O14: 4712 | P14: 0 | Q14: 0 | R14: 500 | S14: 0 | T14: 0 | U14: 0 | V14: 0 | X14: 国有土地使用权出让相关结余 | Y14: 0 | Z14: =SUM(C14:L14)-SUM(O14:V14)-Y14 -> 727
B15: 国有土地收益基金相关收入 | C15: ='L08'!C16+'L08'!C18+'L08'!C60-C14 -> 390 | D15: 0 | E15: 0 | F15: 0 | G15: 0 | H15: 0 | I15: 0 | J15: 0 | K15: 0 | L15: 0 | N15: 国有土地收益基金相关支出 | O15: ='L09'!C54+'L09'!C67+'L09'!C82+'L09'!C86+'L09'!C99+'L09'!C224+'L09'!C232+'L09'!C234+'L09'!C242+'L09'!C250+'L09'!C252-O14 -> 0 | P15: 0 | Q15: 0 | R15: 300 | S15: 0 | T15: 0 | U15: 0 | V15: 0 | X15: 国有土地收益基金相关结余 | Y15: 0 | Z15: =SUM(C15:L15)-SUM(O15:V15)-Y15 -> 90
B16: 农业土地开发资金相关收入 | C16: ='L08'!C17+'L08'!C64 -> 4 | D16: 0 | E16: 0 | F16: 0 | G16: 49 | H16: 0 | I16: 0 | J16: 0 | K16: 0 | L16: 0 | N16: 农业土地开发资金相关支出 | O16: ='L09'!C71+'L09'!C225+'L09'!C243 -> 2 | P16: 0 | Q16: 0 | R16: 5 | S16: 0 | T16: 0 | U16: 0 | V16: 0 | X16: 农业土地开发资金相关结余 | Y16: 0 | Z16: =SUM(C16:L16)-SUM(O16:V16)-Y16 -> 46
B17: 城市基础设施配套费相关收入 | C17: ='L08'!C34+'L08'!C66 -> 2034 | D17: 0 | E17: 0 | F17: 0 | G17: 1465 | H17: 0 | I17: 0 | J17: 0 | K17: 0 | L17: 0 | N17: 城市基础设施配套费相关支出 | O17: ='L09'!C72+'L09'!C90+'L09'!C227+'L09'!C245 -> 2155 | P17: 0 | Q17: 0 | R17: 1000 | S17: 0 | T17: 0 | U17: 0 | V17: 0 | X17: 城市基础设施配套费相关结余 | Y17: 0 | Z17: =SUM(C17:L17)-SUM(O17:V17)-Y17 -> 344
B18: 污水处理费相关收入 | C18: ='L08'!C46+'L08'!C72 -> 0 | D18: 0 | E18: 0 | F18: 0 | G18: 0 | H18: 0 | I18: 0 | J18: 0 | K18: 0 | L18: 0 | N18: 污水处理费相关支出 | O18: ='L09'!C78+'L09'!C96+'L09'!C231+'L09'!C249 -> 0 | P18: 0 | Q18: 0 | R18: 0 | S18: 0 | T18: 0 | U18: 0 | V18: 0 | X18: 污水处理费相关结余 | Y18: 0 | Z18: =SUM(C18:L18)-SUM(O18:V18)-Y18 -> 0
B19: 大中型水库库区基金相关收入 | C19: ='L08'!C25+'L08'!C65 -> 0 | D19: 0 | E19: 0 | F19: 0 | G19: 0 | H19: 0 | I19: 0 | J19: 0 | K19: 0 | L19: 0 | N19: 大中型水库库区基金相关支出 | O19: ='L09'!C109+'L09'!C124+'L09'!C226+'L09'!C244 -> 0 | P19: 0 | Q19: 0 | R19: 0 | S19: 0 | T19: 0 | U19: 0 | V19: 0 | X19: 大中型水库库区基金相关结余 | Y19: 0 | Z19: =SUM(C19:L19)-SUM(O19:V19)-Y19 -> 0
A20: 1030152 | B20: 三峡水库库区基金收入 | C20: ='L08'!C28 -> 0 | D20: 0 | E20: 0 | F20: 0 | G20: 0 | H20: 0 | I20: 0 | J20: 0 | K20: 0 | L20: 0 | M20: 21367 | N20: 三峡水库库区基金支出 | O20: ='L09'!C114 -> 0 | P20: 0 | Q20: 0 | R20: 0 | S20: 0 | T20: 0 | U20: 0 | V20: 0 | W20: 1030152 | X20: 三峡水库库区基金结余 | Y20: 0 | Z20: =SUM(C20:L20)-SUM(O20:V20)-Y20 -> 0
B21: 国家重大水利工程建设基金相关收入 | C21: ='L08'!C36+'L08'!C68 -> 0 | D21: 0 | E21: 0 | F21: 0 | G21: 0 | H21: 0 | I21: 0 | J21: 0 | K21: 0 | L21: 0 | N21: 国家重大水利工程建设基金相关支出 | O21: ='L09'!C119+'L09'!C127+'L09'!C229+'L09'!C247 -> 0 | P21: 0 | Q21: 0 | R21: 0 | S21: 0 | T21: 0 | U21: 0 | V21: 0 | X21: 国家重大水利工程建设基金相关结余 | Y21: 0 | Z21: =SUM(C21:L21)-SUM(O21:V21)-Y21 -> 0
B22: 海南省高等级公路车辆通行附加费相关收入 | C22: ='L08'!C12+'L08'!C57 -> 0 | D22: 0 | E22: 0 | F22: 0 | G22: 0 | H22: 0 | I22: 0 | J22: 0 | K22: 0 | L22: 0 | N22: 海南省高等级公路车辆通行附加费相关支出 | O22: ='L09'!C133+'L09'!C173+'L09'!C221+'L09'!C239 -> 0 | P22: 0 | Q22: 0 | R22: 0 | S22: 0 | T22: 0 | U22: 0 | V22: 0 | X22: 海南省高等级公路车辆通行附加费相关结余 | Y22: 0 | Z22: =SUM(C22:L22)-SUM(O22:V22)-Y22 -> 0
B23: 车辆通行费相关收入 | C23: ='L08'!C39+'L08'!C69 -> 0 | D23: 0 | E23: 0 | F23: 0 | G23: 0 | H23: 0 | I23: 0 | J23: 0 | K23: 0 | L23: 0 | N23: 车辆通行费相关支出 | O23: ='L09'!C138+'L09'!C176+'L09'!C179+'L09'!C230+'L09'!C233+'L09'!C248+'L09'!C251 -> 0 | P23: 0 | Q23: 0 | R23: 0 | S23: 0 | T23: 0 | U23: 0 | V23: 0 | X23: 车辆通行费相关结余 | Y23: 0 | Z23: =SUM(C23:L23)-SUM(O23:V23)-Y23 -> 0
B24: 港口建设费相关收入 | C24: ='L08'!C13+'L08'!C58 -> 0 | D24: 0 | E24: 0 | F24: 0 | G24: 0 | H24: 0 | I24: 0 | J24: 0 | K24: 0 | L24: 0 | N24: 港口建设费相关支出 | O24: ='L09'!C143+'L09'!C180+'L09'!C222+'L09'!C240 -> 0 | P24: 0 | Q24: 0 | R24: 0 | S24: 0 | T24: 0 | U24: 0 | V24: 0 | X24: 港口建设费相关结余 | Y24: 0 | Z24: =SUM(C24:L24)-SUM(O24:V24)-Y24 -> 0
A25: 1030106 | B25: 铁路建设基金收入 | C25: ='L08'!C10 -> 0 | D25: 0 | E25: 0 | F25: 0 | G25: 0 | H25: 0 | I25: 0 | J25: 0 | K25: 0 | L25: 0 | M25: 21464 | N25: 铁路建设基金支出 | O25: ='L09'!C148 -> 0 | P25: 0 | Q25: 0 | R25: 0 | S25: 0 | T25: 0 | U25: 0 | V25: 0 | W25: 1030106 | X25: 铁路建设基金结余 | Y25: 0 | Z25: =SUM(C25:L25)-SUM(O25:V25)-Y25 -> 0
A26: 1030171 | B26: 船舶油污损害赔偿基金收入 | C26: ='L08'!C42 -> 0 | D26: 0 | E26: 0 | F26: 0 | G26: 0 | H26: 0 | I26: 0 | J26: 0 | K26: 0 | L26: 0 | M26: 21468 | N26: 船舶油污损害赔偿基金支出 | O26: ='L09'!C157 -> 0 | P26: 0 | Q26: 0 | R26: 0 | S26: 0 | T26: 0 | U26: 0 | V26: 0 | W26: 1030171 | X26: 船舶油污损害赔偿基金结余 | Y26: 0 | Z26: =SUM(C26:L26)-SUM(O26:V26)-Y26 -> 0
A27: 1030110 | B27: 民航发展基金收入 | C27: ='L08'!C11 -> 0 | D27: 0 | E27: 0 | F27: 0 | G27: 0 | H27: 0 | I27: 0 | J27: 0 | K27: 0 | L27: 0 | M27: 21469 | N27: 民航发展基金支出 | O27: ='L09'!C164 -> 0 | P27: 0 | Q27: 0 | R27: 0 | S27: 0 | T27: 0 | U27: 0 | V27: 0 | W27: 1030110 | X27: 民航发展基金结余 | Y27: 0 | Z27: =SUM(C27:L27)-SUM(O27:V27)-Y27 -> 0
A28: 1030102 | B28: 农网还贷资金收入 | C28: ='L08'!C7 -> 0 | D28: 0 | E28: 0 | F28: 0 | G28: 0 | H28: 0 | I28: 0 | J28: 0 | K28: 0 | L28: 0 | M28: 21562 | N28: 农网还贷资金支出 | O28: ='L09'!C185 -> 0 | P28: 0 | Q28: 0 | R28: 0 | S28: 0 | T28: 0 | U28: 0 | V28: 0 | W28: 1030102 | X28: 农网还贷资金结余 | Y28: 0 | Z28: =SUM(C28:L28)-SUM(O28:V28)-Y28 -> 0
A29: 1030153 | B29: 中央特别国债经营基金收入 | C29: ='L08'!C29 -> 0 | D29: 0 | E29: 0 | F29: 0 | G29: 0 | H29: 0 | I29: 0 | J29: 0 | K29: 0 | L29: 0 | M29: 2170402 | N29: 中央特别国债经营基金支出 | O29: ='L09'!C191 -> 0 | P29: 0 | Q29: 0 | R29: 0 | S29: 0 | T29: 0 | U29: 0 | V29: 0 | W29: 1030153 | X29: 中央特别国债经营基金结余 | Y29: 0 | Z29: =SUM(C29:L29)-SUM(O29:V29)-Y29 -> 0
A30: 1030154 | B30: 中央特别国债经营基金财务收入 | C30: ='L08'!C30 -> 0 | D30: 0 | E30: 0 | F30: 0 | G30: 0 | H30: 0 | I30: 0 | J30: 0 | K30: 0 | L30: 0 | M30: 2170403 | N30: 中央特别国债经营基金财务支出 | O30: ='L09'!C192 -> 0 | P30: 0 | Q30: 0 | R30: 0 | S30: 0 | T30: 0 | U30: 0 | V30: 0 | W30: 1030154 | X30: 中央特别国债经营基金财务结余 | Y30: 0 | Z30: =SUM(C30:L30)-SUM(O30:V30)-Y30 -> 0
A31: 1030180 | B31: 彩票发行机构和彩票销售机构的业务费用 | C31: ='L08'!C47 -> 0 | D31: 0 | E31: 0 | F31: 0 | G31: 0 | H31: 0 | I31: 0 | J31: 0 | K31: 0 | L31: 0 | M31: 22908 | N31: 彩票发行销售机构业务费安排的支出 | O31: ='L09'!C198 -> 0 | P31: 0 | Q31: 0 | R31: 0 | S31: 0 | T31: 0 | U31: 0 | V31: 0 | W31: 1030180 | X31: 彩票发行机构和彩票销售机构的业务费用结余 | Y31: 0 | Z31: =SUM(C31:L31)-SUM(O31:V31)-Y31 -> 0
A32: 1030155 | B32: 彩票公益金收入 | C32: ='L08'!C31 -> 0 | D32: 357 | E32: 0 | F32: 0 | G32: 218 | H32: 0 | I32: 0 | J32: 0 | K32: 0 | L32: 0 | M32: 22960 | N32: 彩票公益金安排的支出 | O32: ='L09'!C207 -> 247 | P32: 0 | Q32: 0 | R32: 0 | S32: 0 | T32: 0 | U32: 0 | V32: 0 | W32: 1030155 | X32: 彩票公益金结余 | Y32: 0 | Z32: =SUM(C32:L32)-SUM(O32:V32)-Y32 -> 328
B33: 其他政府性基金相关收入 | C33: ='L08'!C55+'L08'!C73 -> 9 | D33: 0 | E33: 0 | F33: 0 | G33: 0 | H33: 0 | I33: 0 | J33: 7500 | K33: 0 | L33: 0 | N33: 其他政府性基金相关支出 | O33: ='L09'!C194+'L09'!C235+'L09'!C236+'L09'!C253+'L09'!C254 -> 7500 | P33: 0 | Q33: 0 | R33: 9 | S33: 0 | T33: 0 | U33: 0 | V33: 0 | X33: 其他政府性基金相关结余 | Y33: 0 | Z33: =SUM(C33:L33)-SUM(O33:V33)-Y33 -> 0
B34: 抗疫特别国债收入 | C34: 0 | D34: 6900 | K34: 0 | N34: 抗疫特别国债安排的支出 | O34: ='L09'!C255 -> 6900 | P34: 0 | R34: 0 | U34: 0 | X34: 抗疫特别国债结余 | Z34: =SUM(C34,D34,K34)-SUM(O34:P34,R34,U34) -> 0

Sheet L11
A1: 2020年度霍州市政府性基金预算转移性收支决算录入表
A2: 录入11表
A3: 单位：万元
A4: 项目 | B4: 决算数 | C4: 项目 | D4: 决算数
A5: 政府性基金预算收入 | B5: ='L10'!C6 -> 5985 | C5: 政府性基金预算支出 | D5: ='L10'!O6 -> 21549
A6: 政府性基金预算上级补助收入 | B6: =B7+B8 -> 8142 | C6: 政府性基金预算补助下级支出 | D6: =D7+D8 -> 0
A7: 政府性基金转移支付收入 | B7: 1242 | C7: 政府性基金转移支付支出 | D7: 0
A8: 抗疫特别国债转移支付收入 | B8: 6900 | C8: 抗疫特别国债转移支付支出 | D8: 0
A9: 政府性基金预算下级上解收入 | B9: 0 | C9: 政府性基金预算上解上级支出 | D9: 0
A10: 待偿债置换专项债券上年结余 | B10: 0
A11: 政府性基金预算上年结余 | B11: 3275
A12: 调入资金 | B12: =B13+B14 -> 0 | C12: 调出资金 | D12: =D13+D14 -> 1814
A13: 一般公共预算调入 | B13: 0 | C13: 政府性基金预算调出资金 | D13: 1814
A14: 其他调入资金 | B14: 0 | C14: 抗疫特别国债调出资金 | D14: 0
A15: 债务收入 | B15: =B16 -> 0 | C15: 债务还本支出 | D15: =D16 -> 0
A16: 地方政府债务收入 | B16: =B17 -> 0 | C16: 地方政府专项债务还本支出 | D16: 0
A17: 专项债务收入 | B17: 0 | C17: 抗疫特别国债还本支出
A18: 债务转贷收入 | B18: =B19 -> 7500 | C18: 债务转贷支出 | D18: 0
A19: 地方政府专项债务转贷收入 | B19: 7500
A20: 政府性基金预算省补助计划单列市收入 | B20: =B21+B22 -> 0 | C20: 政府性基金预算省补助计划单列市支出 | D20: =SUM(D21:D22) -> 0
A21: 政府性基金转移支付收入 | B21: 0 | C21: 政府性基金转移支付支出 | D21: 0
A22: 抗疫特别国债转移支付收入 | B22: 0 | C22: 抗疫特别国债转移支付支出 | D22: 0
A23: 政府性基金预算计划单列市上解省收入 | B23: 0 | C23: 政府性基金预算计划单列市上解省支出 | D23: 0
C24: 待偿债置换专项债券结余 | D24: ='L10'!Y6 -> 0
C25: 政府性基金预算年终结余 | D25: =B26-D5-D6-D9-D12-D15-D18-D20-D23-D24 -> 1539
A26: 收 入 总 计 | B26: =SUM(B5,B6,B9,B10,B11,B12,B15,B18,B20,B23) -> 24902 | C26: 支 出 总 计 | D26: =SUM(D5,D6,D9,D12,D15,D18,D20,D23,D24,D25) -> 24902

Sheet L12
A1: 2020年度霍州市政府性基金预算收入预算变动情况录入表
A2: 录入12表
A3: 单位：万元
A4: 科目编码 | B4: 预算科目 | C4: 预算数 | D4: 增加(减少)预算指标 | E4: 调整预算数
B5: 政府性基金预算收入 | C5: =SUM(C6:C44) -> 5400 | D5: =SUM(D6:D44) -> 0 | E5: =SUM(E6:E44) -> 5400
A6: 1030102 | B6: 农网还贷资金收入 | C6: 0 | D6: 0 | E6: =SUM(C6:D6) -> 0
A7: 1030106 | B7: 铁路建设基金收入 | C7: 0 | D7: 0 | E7: =SUM(C7:D7) -> 0
A8: 1030110 | B8: 民航发展基金收入 | C8: 0 | D8: 0 | E8: =SUM(C8:D8) -> 0
A9: 1030112 | B9: 海南省高等级公路车辆通行附加费收入 | C9: 0 | D9: 0 | E9: =SUM(C9:D9) -> 0
A10: 1030115 | B10: 港口建设费收入 | C10: 0 | D10: 0 | E10: =SUM(C10:D10) -> 0
A11: 1030121 | B11: 旅游发展基金收入 | C11: 0 | D11: 0 | E11: =SUM(C11:D11) -> 0
A12: 1030129 | B12: 国家电影事业发展专项资金收入 | C12: 0 | D12: 0 | E12: =SUM(C12:D12) -> 0
A13: 1030146 | B13: 国有土地收益基金收入 | C13: 0 | D13: 0 | E13: =SUM(C13:D13) -> 0
A14: 1030147 | B14: 农业土地开发资金收入 | C14: 0 | D14: 0 | E14: =SUM(C14:D14) -> 0
A15: 1030148 | B15: 国有土地使用权出让收入 | C15: 4100 | D15: 0 | E15: =SUM(C15:D15) -> 4100
A16: 1030149 | B16: 大中型水库移民后期扶持基金收入 | C16: 0 | D16: 0 | E16: =SUM(C16:D16) -> 0
A17: 1030150 | B17: 大中型水库库区基金收入 | C17: 0 | D17: 0 | E17: =SUM(C17:D17) -> 0
... A44: 1031099 | B44: 其他政府性基金专项债务对应项目专项收入 | C44: 0 | D44: 0 | E44: =SUM(C44:D44) -> 0

Sheet L13
A1: 2020年度霍州市政府性基金预算支出预算变动情况录入表
A2: 录入13表
A3: 单位：万元
A4: 科目编码 | B4: 科目名称 | C4: 预算数 | D4: 变动项目 | N4: 调整预算数 | O4: 决算数
D5: 小计 | E5: 专项补助 | F5: 动用上年结余 | G5: 调入资金 | H5: 债务收入 | I5: 债务转贷收入 | J5: 本年短收安排 | K5: 补助下级专款 | L5: 省补助计划单列市 | M5: 其他
B6: 政府性基金预算支出 | C6: =SUM(C7,C9,C13,C17,C20,C31,C37,C48,C50,C54,C58,C59,C60) -> 8832 | D6: =SUM(E6:M6) -> 13818 | E6: =SUM(E7,E9,E13,E17,E20,E31,E37,E48,E50,E54,E58,E59,E60) -> 7985 | F6: =SUM(F7,F9,F13,F17,F20,F31,F37,F48,F50,F54,F58,F59) -> 0 | G6: =SUM(G7,G9,G13,G17,G20,G31,G37,G48,G50,G54,G58,G59) -> 0 | H6: =SUM(H7,H9,H13,H17,H20,H31,H37,H48,H50,H54,H58,H59) -> 0 | I6: =SUM(I7,I9,I13,I17,I20,I31,I37,I48,I50,I54,I58,I59) -> 7500 | J6: =SUM(J7,J9,J13,J17,J20,J31,J37,J48,J50,J54,J58,J59) -> -852 | K6: =SUM(K7,K9,K13,K17,K20,K31,K37,K48,K50,K54,K58,K59,K60) -> 0 | L6: =SUM(L7,L9,L13,L17,L20,L31,L37,L48,L50,L54,L58,L59,L60) -> 0 | M6: =SUM(M7,M9,M13,M17,M20,M31,M37,M48,M50,M54,M58,M59,M60) -> -815 | N6: =SUM(C6:D6) -> 22650 | O6: =SUM(O7,O9,O13,O17,O20,O31,O37,O48,O50,O54,O58,O59,O60) -> 21549
A7: 206 | B7: 科学技术支出 | C7: =C8 -> 0 | D7: =SUM(E7:M7) -> 0 | E7: =E8 -> 0 | F7: =F8 -> 0 | G7: =G8 -> 0 | H7: =H8 -> 0 | I7: =I8 -> 0 | J7: =J8 -> 0 | K7: =K8 -> 0 | L7: =L8 -> 0 | M7: =M8 -> 0 | N7: =SUM(C7:D7) -> 0 | O7: =O8 -> 0
A8: 20610 | B8: 核电站乏燃料处理处置基金支出 | C8: 0 | D8: =SUM(E8:M8) -> 0 | E8: 0 | F8: 0 | G8: 0 | H8: 0 | I8: 0 | J8: 0 | K8: 0 | L8: 0 | M8: 0 | N8: =SUM(C8:D8) -> 0 | O8: ='L09'!C7 -> 0
A9: 207 | B9: 文化旅游体育与传媒支出 | C9: =SUM(C10:C12) -> 24 | D9: =SUM(E9:M9) -> -7 | E9: =SUM(E10:E11) -> -7 | F9: =SUM(F10:F12) -> 0 | G9: =SUM(G10:G11) -> 0 | H9: =SUM(H10:H12) -> 0 | I9: =SUM(I10:I12) -> 0 | J9: =SUM(J10:J11) -> 0 | K9: =SUM(K10:K11) -> 0 | L9: =SUM(L10:L11) -> 0 | M9: =SUM(M10:M12) -> 0 | N9: =SUM(C9:D9) -> 17 | O9: =SUM(O10:O12) -> 16
A10: 20707 | B10: 国家电影事业发展专项资金安排的支出 | C10: 0 | D10: =SUM(E10:M10) -> 13 | E10: 13 | F10: 0 | G10: 0 | H10: 0 | I10: 0 | J10: 0 | K10: 0 | L10: 0 | M10: 0 | N10: =SUM(C10:D10) -> 13 | O10: ='L09'!C15 -> 13
A11: 20709 | B11: 旅游发展基金支出 | C11: 24 | D11: =SUM(E11:M11) -> -20 | E11: -20 | F11: 0 | G11: 0 | H11: 0 | I11: 0 | J11: 0 | K11: 0 | L11: 0 | M11: 0 | N11: =SUM(C11:D11) -> 4 | O11: ='L09'!C21 -> 3
A12: 20710 | B12: 国家电影事业发展专项资金对应专项债务收入安排的支出 | C12: 0 | D12: =SUM(F12,H12:I12,M12) -> 0 | F12: 0 | H12: 0 | I12: 0 | M12: 0 | N12: =SUM(C12:D12) -> 0 | O12: ='L09'!C27 -> 0
A13: 208 | B13: 社会保障和就业支出 | C13: =SUM(C14:C16) -> 20 | D13: =SUM(E13:M13) -> 0 | E13: =SUM(E14:E15) -> 0 | F13: =SUM(F14:F16) -> 0 | G13: =SUM(G14:G15) -> 0 | H13: =SUM(H14:H16) -> 0 | I13: =SUM(I14:I16) -> 0 | J13: =SUM(J14:J15) -> 0 | K13: =SUM(K14:K15) -> 0 | L13: =SUM(L14:L15) -> 0 | M13: =SUM(M14:M16) -> 0 | N13: =SUM(C13:D13) -> 20 | O13: =SUM(O14:O16) -> 17
A14: 20822 | B14: 大中型水库移民后期扶持基金支出 | C14: 20 | D14: =SUM(E14:M14) -> 0 | E14: 0 | F14: 0 | G14: 0 | H14: 0 | I14: 0 | J14: 0 | K14: 0 | L14: 0 | M14: 0 | N14: =SUM(C14:D14) -> 20 | O14: ='L09'!C31 -> 17
A15: 20823 | B15: 小型水库移民扶助基金安排的支出 | C15: 0 | D15: =SUM(E15:M15) -> 0 | E15: 0 | F15: 0 | G15: 0 | H15: 0 | I15: 0 | J15: 0 | K15: 0 | L15: 0 | M15: 0 | N15: =SUM(C15:D15) -> 0 | O15: ='L09'!C35 -> 0
A16: 20829 | B16: 小型水库移民扶助基金对应专项债务收入安排的支出 | C16: 0 | D16: =SUM(F16,H16:I16,M16) -> 0 | F16: 0 | H16: 0 | I16: 0 | M16: 0 | N16: =SUM(C16:D16) -> 0 | O16: ='L09'!C39 -> 0
A17: 211 | B17: 节能环保支出 | C17: =SUM(C18:C19) -> 0 | D17: =SUM(E17:M17) -> 0 | E17: =SUM(E18:E19) -> 0 | F17: =SUM(F18:F19) -> 0 | G17: =SUM(G18:G19) -> 0 | H17: =SUM(H18:H19) -> 0 | I17: =SUM(I18:I19) -> 0 | J17: =SUM(J18:J19) -> 0 | K17: =SUM(K18:K19) -> 0 | L17: =SUM(L18:L19) -> 0 | M17: =SUM(M18:M19) -> 0 | N17: =SUM(C17:D17) -> 0 | O17: =SUM(O18:O19) -> 0
A18: 21160 | B18: 可再生能源电价附加收入安排的支出 | C18: 0 | D18: =SUM(E18:M18) -> 0 | E18: 0 | F18: 0 | G18: 0 | H18: 0 | I18: 0 | J18: 0 | K18: 0 | L18: 0 | M18: 0 | N18: =SUM(C18:D18) -> 0 | O18: ='L09'!C43 -> 0
A19: 21161 | B19: 废弃电器电子产品处理基金支出 | C19: 0 | D19: =SUM(E19:M19) -> 0 | E19: 0 | F19: 0 | G19: 0 | H19: 0 | I19: 0 | J19: 0 | K19: 0 | L19: 0 | M19: 0 | N19: =SUM(C19:D19) -> 0 | O19: ='L09'!C48 -> 0
A20: 212 | B20: 城乡社区支出 | C20: =SUM(C21:C30) -> 8451 | D20: =SUM(E20:M20) -> -1531 | E20: =SUM(E21:E25) -> 854 | F20: =SUM(F21:F30) -> 0 | G20: =SUM(G21:G25) -> 0 | H20: =SUM(H21:H30) -> 0 | I20: =SUM(I21:I30) -> 0 | J20: =SUM(J21:J25) -> -852 | K20: =SUM(K21:K25) -> 0 | L20: =SUM(L21:L25) -> 0 | M20: =SUM(M21:M30) -> -1533 | N20: =SUM(C20:D20) -> 6920 | O20: =SUM(O21:O30) -> 6151
A21: 21208 | B21: 国有土地使用权出让收入安排的支出 | C21: 5637 | D21: =SUM(E21:M21) -> -916 | E21: 854 | F21: 0 | G21: 0 | H21: 0 | I21: 0 | J21: -552 | K21: 0 | L21: 0 | M21: -1218 | N21: =SUM(C21:D21) -> 4721 | O21: ='L09'!C54 -> 3994
A22: 21210 | B22: 国有土地收益基金安排的支出 | C22: 0 | D22: =SUM(E22:M22) -> 0 | E22: 0 | F22: 0 | G22: 0 | H22: 0 | I22: 0 | J22: 0 | K22: 0 | L22: 0 | M22: 0 | N22: =SUM(C22:D22) -> 0 | O22: ='L09'!C67 -> 0
A23: 21211 | B23: 农业土地开发资金安排的支出 | C23: 49 | D23: =SUM(E23:M23) -> -5 | E23: 0 | F23: 0 | G23: 0 | H23: 0 | I23: 0 | J23: 0 | K23: 0 | L23: 0 | M23: -5 | N23: =SUM(C23:D23) -> 44 | O23: ='L09'!C71 -> 2
A24: 21213 | B24: 城市基础设施配套费安排的支出 | C24: 2465 | D24: =SUM(E24:M24) -> -310 | E24: 0 | F24: 0 | G24: 0 | H24: 0 | I24: 0 | J24: 0 | K24: 0 | L24: 0 | M24: -310 | N24: =SUM(C24:D24) -> 2155 | O24: ='L09'!C72 -> 2155
A25: 21214 | B25: 污水处理费安排的支出 | C25: 300 | D25: =SUM(E25:M25) -> -300 | E25: 0 | F25: 0 | G25: 0 | H25: 0 | I25: 0 | J25: -300 | K25: 0 | L25: 0 | M25: 0 | N25: =SUM(C25:D25) -> 0 | O25: ='L09'!C78 -> 0
A26: 21215 | B26: 土地储备专项债券收入安排的支出 | C26: 0 | D26: =SUM(F26,H26:I26,M26) -> 0 | F26: 0 | H26: 0 | I26: 0 | M26: 0 | N26: =SUM(C26:D26) -> 0 | O26: ='L09'!C82 -> 0
A27: 21216 | B27: 棚户区改造专项债券收入安排的支出 | C27: 0 | D27: =SUM(F27,H27:I27,M27) -> 0 | F27: 0 | H27: 0 | I27: 0 | M27: 0 | N27: =SUM(C27:D27) -> 0 | O27: ='L09'!C86 -> 0
A28: 21217 | B28: 城市基础设施配套费对应专项债务收入安排的支出 | C28: 0 | D28: =SUM(F28,H28:I28,M28) -> 0 | F28: 0 | H28: 0 | I28: 0 | M28: 0 | N28: =SUM(C28:D28) -> 0 | O28: ='L09'!C90 -> 0
A29: 21218 | B29: 污水处理费对应专项债务收入安排的支出 | C29: 0 | D29: =SUM(F29,H29:I29,M29) -> 0 | F29: 0 | H29: 0 | I29: 0 | M29: 0 | N29: =SUM(C29:D29) -> 0 | O29: ='L09'!C96 -> 0
A30: 21219 | B30: 国有土地使用权出让收入对应专项债务收入安排的支出 | C30: 0 | D30: =SUM(F30,H30:I30,M30) -> 0 | F30: 0 | H30: 0 | I30: 0 | M30: 0 | N30: =SUM(C30:D30) -> 0 | O30: ='L09'!C99 -> 0
A31: 213 | B31: 农林水支出 | C31: =SUM(C32:C36) -> 0 | D31: =SUM(E31:M31) -> 0 | E31: =SUM(E32:E34) -> 0 | F31: =SUM(F32:F36) -> 0 | G31: =SUM(G32:G34) -> 0 | H31: =SUM(H32:H36) -> 0 | I31: =SUM(I32:I36) -> 0 | J31: =SUM(J32:J34) -> 0 | K31: =SUM(K32:K34) -> 0 | L31: =SUM(L32:L34) -> 0 | M31: =SUM(M32:M36) -> 0 | N31: =SUM(C31:D31) -> 0 | O31: =SUM(O32:O36) -> 0
A32: 21366 | B32: 大中型水库库区基金安排的支出 | C32: 0 | D32: =SUM(E32:M32) -> 0 | E32: 0 | F32: 0 | G32: 0 | H32: 0 | I32: 0 | J32: 0 | K32: 0 | L32: 0 | M32: 0 | N32: =SUM(C32:D32) -> 0 | O32: ='L09'!C109 -> 0
A33: 21367 | B33: 三峡水库库区基金支出 | C33: 0 | D33: =SUM(E33:M33) -> 0 | E33: 0 | F33: 0 | G33: 0 | H33: 0 | I33: 0 | J33: 0 | K33: 0 | L33: 0 | M33: 0 | N33: =SUM(C33:D33) -> 0 | O33: ='L09'!C114 -> 0
A34: 21369 | B34: 国家重大水利工程建设基金安排的支出 | C34: 0 | D34: =SUM(E34:M34) -> 0 | E34: 0 | F34: 0 | G34: 0 | H34: 0 | I34: 0 | J34: 0 | K34: 0 | L34: 0 | M34: 0 | N34: =SUM(C34:D34) -> 0 | O34: ='L09'!C119 -> 0
A35: 21370 | B35: 大中型水库库区基金对应专项债务收入安排的支出 | C35: 0 | D35: =SUM(F35,H35:I35,M35) -> 0 | F35: 0 | H35: 0 | I35: 0 | M35: 0 | N35: =SUM(C35:D35) -> 0 | O35: ='L09'!C124 -> 0
A36: 21371 | B36: 国家重大水利工程建设基金对应专项债务收入安排的支出 | C36: 0 | D36: =SUM(F36,H36:I36,M36) -> 0 | F36: 0 | H36: 0 | I36: 0 | M36: 0 | N36: =SUM(C36:D36) -> 0 | O36: ='L09'!C127 -> 0
A37: 214 | B37: 交通运输支出 | C37: =SUM(C38:C47) -> 0 | D37: =SUM(E37:M37) -> 0 | E37: =SUM(E38:E43) -> 0 | F37: =SUM(F38:F47) -> 0 | G37: =SUM(G38:G43) -> 0 | H37: =SUM(H38:H47) -> 0 | I37: =SUM(I38:I47) -> 0 | J37: =SUM(J38:J43) -> 0 | K37: =SUM(K38:K43) -> 0 | L37: =SUM(L38:L43) -> 0 | M37: =SUM(M38:M47) -> 0 | N37: =SUM(C37:D37) -> 0 | O37: =SUM(O38:O47) -> 0
A38: 21460 | B38: 海南省高等级公路车辆通行附加费安排的支出 | C38: 0 | D38: =SUM(E38:M38) -> 0 | E38: 0 | F38: 0 | G38: 0 | H38: 0 | I38: 0 | J38: 0 | K38: 0 | L38: 0 | M38: 0 | N38: =SUM(C38:D38) -> 0 | O38: ='L09'!C133 -> 0
A39: 21462 | B39: 车辆通行费安排的支出 | C39: 0 | D39: =SUM(E39:M39) -> 0 | E39: 0 | F39: 0 | G39: 0 | H39: 0 | I39: 0 | J39: 0 | K39: 0 | L39: 0 | M39: 0 | N39: =SUM(C39:D39) -> 0 | O39: ='L09'!C138 -> 0
A40: 21463 | B40: 港口建设费安排的支出 | C40: 0 | D40: =SUM(E40:M40) -> 0 | E40: 0 | F40: 0 | G40: 0 | H40: 0 | I40: 0 | J40: 0 | K40: 0 | L40: 0 | M40: 0 | N40: =SUM(C40:D40) -> 0 | O40: ='L09'!C143 -> 0
A41: 21464 | B41: 铁路建设基金支出 | C41: 0 | D41: =SUM(E41:M41) -> 0 | E41: 0 | F41: 0 | G41: 0 | H41: 0 | I41: 0 | J41: 0 | K41: 0 | L41: 0 | M41: 0 | N41: =SUM(C41:D41) -> 0 | O41: ='L09'!C148 -> 0
A42: 21468 | B42: 船舶油污损害赔偿基金支出 | C42: 0 | D42: =SUM(E42:M42) -> 0 | E42: 0 | F42: 0 | G42: 0 | H42: 0 | I42: 0 | J42: 0 | K42: 0 | L42: 0 | M42: 0 | N42: =SUM(C42:D42) -> 0 | O42: ='L09'!C157 -> 0
A43: 21469 | B43: 民航发展基金支出 | C43: 0 | D43: =SUM(E43:M43) -> 0 | E43: 0 | F43: 0 | G43: 0 | H43: 0 | I43: 0 | J43: 0 | K43: 0 | L43: 0 | M43: 0 | N43: =SUM(C43:D43) -> 0 | O43: ='L09'!C164 -> 0
A44: 21470 | B44: 海南省高等级公路车辆通行附加费对应专项债务收入安排的支出 | C44: 0 | D44: =SUM(F44,H44:I44,M44) -> 0 | F44: 0 | H44: 0 | I44: 0 | M44: 0 | N44: =SUM(C44:D44) -> 0 | O44: ='L09'!C173 -> 0
A45: 21471 | B45: 政府收费公路专项债券收入安排的支出 | C45: 0 | D45: =SUM(F45,H45:I45,M45) -> 0 | F45: 0 | H45: 0 | I45: 0 | M45: 0 | N45: =SUM(C45:D45) -> 0 | O45: ='L09'!C176 -> 0
A46: 21472 | B46: 车辆通行费对应专项债务收入安排的支出 | C46: 0 | D46: =SUM(F46,H46:I46,M46) -> 0 | F46: 0 | H46: 0 | I46: 0 | M46: 0 | N46: =SUM(C46:D46) -> 0 | O46: ='L09'!C179 -> 0
A47: 21473 | B47: 港口建设费对应专项债务收入安排的支出 | C47: 0 | D47: =SUM(F47,H47:I47,M47) -> 0 | F47: 0 | H47: 0 | I47: 0 | M47: 0 | N47: =SUM(C47:D47) -> 0 | O47: ='L09'!C180 -> 0
A48: 215 | B48: 资源勘探工业信息等支出 | C48: =C49 -> 0 | D48: =SUM(E48:M48) -> 0 | E48: =E49 -> 0 | F48: =F49 -> 0 | G48: =G49 -> 0 | H48: =H49 -> 0 | I48: =I49 -> 0 | J48: =J49 -> 0 | K48: =K49 -> 0 | L48: =L49 -> 0 | M48: =M49 -> 0 | N48: =SUM(C48:D48) -> 0 | O48: =O49 -> 0
A49: 21562 | B49: 农网还贷资金支出 | C49: 0 | D49: =SUM(E49:M49) -> 0 | E49: 0 | F49: 0 | G49: 0 | H49: 0 | I49: 0 | J49: 0 | K49: 0 | L49: 0 | M49: 0 | N49: =SUM(C49:D49) -> 0 | O49: ='L09'!C185 -> 0
A50: 217 | B50: 金融支出 | C50: =C51 -> 0 | D50: =SUM(E50:M50) -> 0 | E50: =E51 -> 0 | F50: =F51 -> 0 | G50: =G51 -> 0 | H50: =H51 -> 0 | I50: =I51 -> 0 | J50: =J51 -> 0 | K50: =K51 -> 0 | L50: =L51 -> 0 | M50: =M51 -> 0 | N50: =SUM(C50:D50) -> 0 | O50: =O51 -> 0
A51: 21704 | B51: 金融调控支出 | C51: =SUM(C52:C53) -> 0 | D51: =SUM(E51:M51) -> 0 | E51: =SUM(E52:E53) -> 0 | F51: =SUM(F52:F53) -> 0 | G51: =SUM(G52:G53) -> 0 | H51: =SUM(H52:H53) -> 0 | I51: =SUM(I52:I53) -> 0 | J51: =SUM(J52:J53) -> 0 | K51: =SUM(K52:K53) -> 0 | L51: =SUM(L52:L53) -> 0 | M51: =SUM(M52:M53) -> 0 | N51: =SUM(C51:D51) -> 0 | O51: =SUM(O52:O53) -> 0
A52: 2170402 | B52: 中央特别国债经营基金支出 | C52: 0 | D52: =SUM(E52:M52) -> 0 | E52: 0 | F52: 0 | G52: 0 | H52: 0 | I52: 0 | J52: 0 | K52: 0 | L52: 0 | M52: 0 | N52: =SUM(C52:D52) -> 0 | O52: ='L09'!C191 -> 0
A53: 2170403 | B53: 中央特别国债经营基金财务支出 | C53: 0 | D53: =SUM(E53:M53) -> 0 | E53: 0 | F53: 0 | G53: 0 | H53: 0 | I53: 0 | J53: 0 | K53: 0 | L53: 0 | M53: 0 | N53: =SUM(C53:D53) -> 0 | O53: ='L09'!C192 -> 0
A54: 229 | B54: 其他支出 | C54: =SUM(C55:C57) -> 337 | D54: =SUM(E54:M54) -> 7738 | E54: =SUM(E55:E57) -> 238 | F54: =SUM(F55:F57) -> 0 | G54: =SUM(G55:G57) -> 0 | H54: =SUM(H55:H57) -> 0 | I54: =SUM(I55:I57) -> 7500 | J54: =SUM(J55:J57) -> 0 | K54: =SUM(K55:K57) -> 0 | L54: =SUM(L55:L57) -> 0 | M54: =SUM(M55:M57) -> 0 | N54: =SUM(C54:D54) -> 8075 | O54: =SUM(O55:O57) -> 7747
A55: 22904 | B55: 其他政府性基金及对应专项债务收入安排的支出 | C55: 0 | D55: =SUM(E55:M55) -> 7500 | E55: 0 | F55: 0 | G55: 0 | H55: 0 | I55: 7500 | J55: 0 | K55: 0 | L55: 0 | M55: 0 | N55: =SUM(C55:D55) -> 7500 | O55: ='L09'!C194 -> 7500
A56: 22908 | B56: 彩票发行销售机构业务费安排的支出 | C56: 0 | D56: =SUM(E56:M56) -> 0 | E56: 0 | F56: 0 | G56: 0 | H56: 0 | I56: 0 | J56: 0 | K56: 0 | L56: 0 | M56: 0 | N56: =SUM(C56:D56) -> 0 | O56: ='L09'!C198 -> 0
A57: 22960 | B57: 彩票公益金安排的支出 | C57: 337 | D57: =SUM(E57:M57) -> 238 | E57: 238 | F57: 0 | G57: 0 | H57: 0 | I57: 0 | J57: 0 | K57: 0 | L57: 0 | M57: 0 | N57: =SUM(C57:D57) -> 575 | O57: ='L09'!C207 -> 247
A58: 232 | B58: 债务付息支出 | C58: 0 | D58: =SUM(E58:M58) -> 710 | E58: 0 | F58: 0 | G58: 0 | H58: 0 | I58: 0 | J58: 0 | K58: 0 | L58: 0 | M58: 710 | N58: =SUM(C58:D58) -> 710 | O58: ='L09'!C219 -> 710
A59: 233 | B59: 债务发行费用支出 | C59: 0 | D59: =SUM(E59:M59) -> 8 | E59: 0 | F59: 0 | G59: 0 | H59: 0 | I59: 0 | J59: 0 | K59: 0 | L59: 0 | M59: 8 | N59: =SUM(C59:D59) -> 8 | O59: ='L09'!C237 -> 8
A60: 234 | B60: 抗疫特别国债安排的支出 | C60: =SUM(C61:C62) -> 0 | D60: =SUM(E60,K60:M60) -> 6900 | E60: =SUM(E61:E62) -> 6900 | K60: =SUM(K61:K62) -> 0 | L60: =SUM(L61:L62) -> 0 | M60: =SUM(M61:M62) -> 0 | N60: =SUM(C60:D60) -> 6900 | O60: =SUM(O61:O62) -> 6900
A61: 23401 | B61: 基础设施建设 | C61: 0 | D61: =SUM(E61,K61:M61) -> 6689 | E61: 6689 | K61: 0 | L61: 0 | M61: 0 | N61: =SUM(C61:D61) -> 6689 | O61: ='L09'!C256 -> 6689
A62: 23402 | B62: 抗疫相关支出 | C62: 0 | D62: =SUM(E62,K62:M62) -> 211 | E62: 211 | K62: 0 | L62: 0 | M62: 0 | N62: =SUM(C62:D62) -> 211 | O62: ='L09'!C269 -> 211

Sheet sheet3
A9: 第三部分:国有资本经营预算

Sheet L14
A1: 2020年度霍州市国有资本经营预算收支决算录入表
A2: 录入14表
A3: 单位：万元
A4: 科目编码 | B4: 预算科目 | C4: 预算数 | D4: 调整预算数 | E4: 决算数 | F4: 科目编码 | G4: 预算科目 | H4: 预算数 | I4: 调整预算数 | J4: 决算数
B5: 国有资本经营预算收入 | C5: =C6 -> 0 | D5: =D6 -> 0 | E5: =E6 -> 0 | G5: 国有资本经营预算支出 | H5: =H6+H9 -> 11339 | I5: =I6+I9 -> 11339 | J5: =J6+J9 -> 11339
A6: 103 | B6: 非税收入 | C6: =C7 -> 0 | D6: =D7 -> 0 | E6: =E7 -> 0 | F6: 208 | G6: 社会保障和就业支出 | H6: =H7 -> 0 | I6: =I7 -> 0 | J6: =J7 -> 0
A7: 10306 | B7: 国有资本经营收入 | C7: =C8+C40+C45+C51+C55 -> 0 | D7: =D8+D40+D45+D51+D55 -> 0 | E7: =E8+E40+E45+E51+E55 -> 0 | F7: 20804 | G7: 补充全国社会保障基金 | H7: =H8 -> 0 | I7: =I8 -> 0 | J7: =J8 -> 0
A8: 1030601 | B8: 利润收入 | C8: =SUM(C9:C39) -> 0 | D8: =SUM(D9:D39) -> 0 | E8: =SUM(E9:E39) -> 0 | F8: 2080451 | G8: 国有资本经营预算补充社保基金支出 | H8: 0 | I8: 0 | J8: 0
A9: 103060103 | B9: 烟草企业利润收入 | C9: 0 | D9: 0 | E9: 0 | F9: 223 | G9: 国有资本经营预算支出 | H9: =H10+H20+H29+H31+H35 -> 11339 | I9: =I10+I20+I29+I31+I35 -> 11339 | J9: =J10+J20+J29+J31+J35 -> 11339
A10: 103060104 | B10: 石油石化企业利润收入 | C10: 0 | D10: 0 | E10: 0 | F10: 22301 | G10: 解决历史遗留问题及改革成本支出 | H10: =SUM(H11:H19) -> 11339 | I10: =SUM(I11:I19) -> 11339 | J10: =SUM(J11:J19) -> 11339
A11: 103060105 | B11: 电力企业利润收入 | C11: 0 | D11: 0 | E11: 0 | F11: 2230101 | G11: 厂办大集体改革支出 | H11: 0 | I11: 0 | J11: 0
A12: 103060106 | B12: 电信企业利润收入 | C12: 0 | D12: 0 | E12: 0 | F12: 2230102 | G12: "三供一业"移交补助支出 | H12: 11339 | I12: 11339 | J12: 11339
A13: 103060107 | B13: 煤炭企业利润收入 | C13: 0 | D13: 0 | E13: 0 | F13: 2230103 | G13: 国有企业办职教幼教补助支出 | H13: 0 | I13: 0 | J13: 0
A14: 103060108 | B14: 有色冶金采掘企业利润收入 | C14: 0 | D14: 0 | E14: 0 | F14: 2230104 | G14: 国有企业办公共服务机构移交补助支出 | H14: 0 | I14: 0 | J14: 0
A15: 103060109 | B15: 钢铁企业利润收入 | C15: 0 | D15: 0 | E15: 0 | F15: 2230105 | G15: 国有企业退休人员社会化管理补助支出 | H15: 0 | I15: 0 | J15: 0
A16: 103060112 | B16: 化工企业利润收入 | C16: 0 | D16: 0 | E16: 0 | F16: 2230106 | G16: 国有企业棚户区改造支出 | H16: 0 | I16: 0 | J16: 0
A17: 103060113 | B17: 运输企业利润收入 | C17: 0 | D17: 0 | E17: 0 | F17: 2230107 | G17: 国有企业改革成本支出 | H17: 0 | I17: 0 | J17: 0
A18: 103060114 | B18: 电子企业利润收入 | C18: 0 | D18: 0 | E18: 0 | F18: 2230108 | G18: 离休干部医药费补助支出 | H18: 0 | I18: 0 | J18: 0
A19: 103060115 | B19: 机械企业利润收入 | C19: 0 | D19: 0 | E19: 0 | F19: 2230199 | G19: 其他解决历史遗留问题及改革成本支出 | H19: 0 | I19: 0 | J19: 0
A20: 103060116 | B20: 投资服务企业利润收入 | C20: 0 | D20: 0 | E20: 0 | F20: 22302 | G20: 国有企业资本金注入 | H20: =SUM(H21:H28) -> 0 | I20: =SUM(I21:I28) -> 0 | J20: =SUM(J21:J28) -> 0
A21: 103060117 | B21: 纺织轻工企业利润收入 | C21: 0 | D21: 0 | E21: 0 | F21: 2230201 | G21: 国有经济结构调整支出 | H21: 0 | I21: 0 | J21: 0
A22: 103060118 | B22: 贸易企业利润收入 | C22: 0 | D22: 0 | E22: 0 | F22: 2230202 | G22: 公益性设施投资支出 | H22: 0 | I22: 0 | J22: 0
A23: 103060119 | B23: 建筑施工企业利润收入 | C23: 0 | D23: 0 | E23: 0 | F23: 2230203 | G23: 前瞻性战略性产业发展支出 | H23: 0 | I23: 0 | J23: 0
A24: 103060120 | B24: 房地产企业利润收入 | C24: 0 | D24: 0 | E24: 0 | F24: 2230204 | G24: 生态环境保护支出 | H24: 0 | I24: 0 | J24: 0
A25: 103060121 | B25: 建材企业利润收入 | C25: 0 | D25: 0 | E25: 0 | F25: 2230205 | G25: 支持科技进步支出 | H25: 0 | I25: 0 | J25: 0
A26: 103060122 | B26: 境外企业利润收入 | C26: 0 | D26: 0 | E26: 0 | F26: 2230206 | G26: 保障国家经济安全支出 | H26: 0 | I26: 0 | J26: 0
A27: 103060123 | B27: 对外合作企业利润收入 | C27: 0 | D27: 0 | E27: 0 | F27: 2230207 | G27: 对外投资合作支出 | H27: 0 | I27: 0 | J27: 0
A28: 103060124 | B28: 医药企业利润收入 | C28: 0 | D28: 0 | E28: 0 | F28: 2230299 | G28: 其他国有企业资本金注入 | H28: 0 | I28: 0 | J28: 0
A29: 103060125 | B29: 农林牧渔企业利润收入 | C29: 0 | D29: 0 | E29: 0 | F29: 22303 | G29: 国有企业政策性补贴(款) | H29: =H30 -> 0 | I29: =I30 -> 0 | J29: =J30 -> 0
A30: 103060126 | B30: 邮政企业利润收入 | C30: 0 | D30: 0 | E30: 0 | F30: 2230301 | G30: 国有企业政策性补贴(项) | H30: 0 | I30: 0 | J30: 0
A31: 103060127 | B31: 军工企业利润收入 | C31: 0 | D31: 0 | E31: 0 | F31: 22304 | G31: 金融国有资本经营预算支出 | H31: =H32+H33+H34 -> 0 | I31: =I32+I33+I34 -> 0 | J31: =J32+J33+J34 -> 0
A32: 103060128 | B32: 转制科研院所利润收入 | C32: 0 | D32: 0 | E32: 0 | F32: 2230401 | G32: 资本性支出 | H32: 0 | I32: 0 | J32: 0
A33: 103060129 | B33: 地质勘查企业利润收入 | C33: 0 | D33: 0 | E33: 0 | F33: 2230402 | G33: 改革性支出 | H33: 0 | I33: 0 | J33: 0
A34: 103060130 | B34: 卫生体育福利企业利润收入 | C34: 0 | D34: 0 | E34: 0 | F34: 2230499 | G34: 其他金融国有资本经营预算支出 | H34: 0 | I34: 0 | J34: 0
A35: 103060131 | B35: 教育文化广播企业利润收入 | C35: 0 | D35: 0 | E35: 0 | F35: 22399 | G35: 其他国有资本经营预算支出(款) | H35: =H36 -> 0 | I35: =I36 -> 0 | J35: =J36 -> 0
A36: 103060132 | B36: 科学研究企业利润收入 | C36: 0 | D36: 0 | E36: 0 | F36: 2239901 | G36: 其他国有资本经营预算支出(项) | H36: 0 | I36: 0 | J36: 0
A37: 103060133 | B37: 机关社团所属企业利润收入 | C37: 0 | D37: 0 | E37: 0
A38: 103060134 | B38: 金融企业利润收入 | C38: 0 | D38: 0 | E38: 0
A39: 103060198 | B39: 其他国有资本经营预算企业利润收入 | C39: 0 | D39: 0 | E39: 0
A40: 1030602 | B40: 股利、股息收入 | C40: =SUM(C41:C44) -> 0 | D40: =SUM(D41:D44) -> 0 | E40: =SUM(E41:E44) -> 0
A41: 103060202 | B41: 国有控股公司股利、股息收入 | C41: 0 | D41: 0 | E41: 0
A42: 103060203 | B42: 国有参股公司股利、股息收入 | C42: 0 | D42: 0 | E42: 0
A43: 103060204 | B43: 金融企业股利、股息收入 | C43: 0 | D43: 0 | E43: 0
A44: 103060298 | B44: 其他国有资本经营预算企业股利、股息收入 | C44: 0 | D44: 0 | E44: 0
A45: 1030603 | B45: 产权转让收入 | C45: =SUM(C46:C50) -> 0 | D45: =SUM(D46:D50) -> 0 | E45: =SUM(E46:E50) -> 0
A46: 103060301 | B46: 国有股减持收入 | C46: 0 | D46: 0 | E46: 0
A47: 103060304 | B47: 国有股权、股份转让收入 | C47: 0 | D47: 0 | E47: 0
A48: 103060305 | B48: 国有独资企业产权转让收入 | C48: 0 | D48: 0 | E48: 0
A49: 103060307 | B49: 金融企业产权转让收入 | C49: 0 | D49: 0 | E49: 0
A50: 103060398 | B50: 其他国有资本经营预算企业产权转让收入 | C50: 0 | D50: 0 | E50: 0
A51: 1030604 | B51: 清算收入 | C51: =SUM(C52:C54) -> 0 | D51: =SUM(D52:D54) -> 0 | E51: =SUM(E52:E54) -> 0
A52: 103060401 | B52: 国有股权、股份清算收入 | C52: 0 | D52: 0 | E52: 0
A53: 103060402 | B53: 国有独资企业清算收入 | C53: 0 | D53: 0 | E53: 0
A54: 103060498 | B54: 其他国有资本经营预算企业清算收入 | C54: 0 | D54: 0 | E54: 0
A55: 1030698 | B55: 其他国有资本经营预算收入 | C55: 0 | D55: 0 | E55: 0

Sheet L15
A1: 2020年度霍州市国有资本经营预算转移性收支决算录入表
A2: 录入15表
A3: 单位：万元
A4: 项目 | B4: 决算数 | C4: 项目 | D4: 决算数
A5: 国有资本经营预算收入 | B5: ='L14'!E5 -> 0 | C5: 国有资本经营预算支出 | D5: ='L14'!J5 -> 11339
A6: 国有资本经营预算上级补助收入 | B6: 3497 | C6: 国有资本经营预算补助下级支出 | D6: 0
A7: 国有资本经营预算下级上解收入 | B7: 0 | C7: 国有资本经营预算上解上级支出 | D7: 0
A8: 国有资本经营预算上年结余 | B8: 7934 | C8: 国有资本经营预算调出资金 | D8: 0
A9: 国有资本经营预算省补助计划单列市收入 | B9: 0 | C9: 国有资本经营预算省补助计划单列市支出 | D9: 0
A10: 国有资本经营预算计划单列市上解省收入 | B10: 0 | C10: 国有资本经营预算计划单列市上解省支出 | D10: 0
C11: 国有资本经营预算年终结余 | D11: =B12-SUM(D5:D10) -> 92
A12: 收 入 总 计 | B12: =SUM(B5:B10) -> 11431 | C12: 支 出 总 计 | D12: =SUM(D5:D11) -> 11431

Sheet sheet4
A9: 第四部分:政府性收支及资产负债表

Sheet L16
A1: 2020年度霍州市社会保险基金预算收支及结余情况录入表
A2: 录入16表
A3: 单位：万元
A4: 项 目 | B4: 合计 | C4: 企业职工基本养老保险基金 | D4: 城乡居民基本养老保险基金 | E4: 机关事业单位基本养老保险基金 | F4: 职工基本医疗保险(含生育保险)基金 | G4: 城乡居民基本医疗保险基金 | H4: 工伤保险基金 | I4: 失业保险基金
A5: 一、收入 | B5: =SUM(C5:I5) -> 32250 | C5: 0 | D5: 6123 | E5: 26127 | F5: 0 | G5: 0 | H5: 0 | I5: 0
A6: 其中:社会保险费收入 | B6: =SUM(C6:I6) -> 14852 | C6: 0 | D6: 1887 | E6: 12965 | F6: 0 | G6: 0 | H6: 0 | I6: 0
A7: 利息收入 | B7: =SUM(C7:I7) -> 266 | C7: 0 | D7: 251 | E7: 15 | F7: 0 | G7: 0 | H7: 0 | I7: 0
A8: 财政补贴收入 | B8: =SUM(C8:I8) -> 6358 | C8: 0 | D8: 3967 | E8: 2391 | F8: 0 | G8: 0 | H8: 0 | I8: 0
A9: 委托投资收益 | B9: =SUM(C9:I9) -> 2 | C9: 0 | D9: 2 | E9: 0 | F9: 0 | G9: 0 | H9: 0 | I9: 0
A10: 其他收入 | B10: =SUM(C10:I10) -> 10560 | C10: 0 | D10: 0 | E10: 10560 | F10: 0 | G10: 0 | H10: 0 | I10: 0
A11: 转移收入 | B11: =SUM(C11:I11) -> 199 | C11: 0 | D11: 3 | E11: 196 | F11: 0 | G11: 0 | H11: 0 | I11: 0
A12: 中央调剂资金收入 | B12: =SUM(C12:I12) -> 0 | C12: 0 | D12: 0 | E12: 0 | F12: 0 | G12: 0 | H12: 0 | I12: 0
A13: 二、支出 | B13: =SUM(C13:I13) -> 23503 | C13: 0 | D13: 4128 | E13: 19375 | F13: 0 | G13: 0 | H13: 0 | I13: 0
A14: 其中:社会保险待遇支出 | B14: =SUM(C14:I14) -> 23474 | C14: 0 | D14: 4122 | E14: 19352 | F14: 0 | G14: 0 | H14: 0 | I14: 0
A15: 其他支出 | B15: =SUM(C15:I15) -> 0 | C15: 0 | D15: 0 | E15: 0 | F15: 0 | G15: 0 | H15: 0 | I15: 0
A16: 转移支出 | B16: =SUM(C16:I16) -> 29 | C16: 0 | D16: 6 | E16: 23 | F16: 0 | G16: 0 | H16: 0 | I16: 0
A17: 中央调剂资金支出 | B17: =SUM(C17:I17) -> 0 | C17: 0 | D17: 0 | E17: 0 | F17: 0 | G17: 0 | H17: 0 | I17: 0
A18: 三、本年收支结余 | B18: =SUM(C18:I18) -> 8747 | C18: =SUM(C5)-SUM(C13) -> 0 | D18: =SUM(D5)-SUM(D13) -> 1995 | E18: =SUM(E5)-SUM(E13) -> 6752 | F18: =SUM(F5)-SUM(F13) -> 0 | G18: =SUM(G5)-SUM(G13) -> 0 | H18: =SUM(H5)-SUM(H13) -> 0 | I18: =SUM(I5)-SUM(I13) -> 0
A19: 四、年末滚存结余 | B19: =SUM(C19:I19) -> 14652 | C19: 0 | D19: 14652 | E19: 0 | F19: 0 | G19: 0 | H19: 0 | I19: 0

Sheet L17
A1: 2020年度霍州市预算资金年终资产负债录入表
A2: 录入17表
A3: 单位：万元
A4: 会计科目 | B4: 期初数 | D4: 期末数
B5: 合计 | C5: 其中：本级 | D5: 合计 | E5: 其中: 本级
A6: 资产 | B6: =SUM(B7:B16,B18:B22) -> 18881 | C6: =SUM(C7:C16,C18:C22) -> 18881 | D6: =SUM(D7:D16,D18:D22) -> 12531 | E6: =SUM(E7:E16,E18:E22) -> 12531
A7: 国库存款 | B7: 12706 | C7: 12706 | D7: 6424 | E7: 6424
A8: 国库现金管理存款 | B8: 0 | C8: 0 | D8: 0 | E8: 0
A9: 其他财政存款 | B9: 4685 | C9: 4685 | D9: 4671 | E9: 4671
A10: 财政零余额账户存款 | B10: 0 | C10: 0 | D10: 0 | E10: 0
A11: 有价证券 | B11: 0 | C11: 0 | D11: 0 | E11: 0
A12: 在途款 | B12: 0 | C12: 0 | D12: 0 | E12: 0
A13: 预拨经费 | B13: 0 | C13: 0 | D13: 0 | E13: 0
A14: 借出款项 | B14: 1490 | C14: 1490 | D14: 1436 | E14: 1436
A15: 应收股利 | B15: 0 | C15: 0 | D15: 0 | E15: 0
A16: 与下级往来 | B16: 0 | C16: 0 | D16: 0 | E16: 0
A17: 其中:省与计划单列市往来 | B17: 0 | C17: 0 | D17: 0 | E17: 0
A18: 其他应收款 | B18: 0 | C18: 0 | D18: 0 | E18: 0
... A22: 待发国债 | B22: 0 | C22: 0 | D22: 0 | E22: 0
A23: 负债 | B23: =SUM(B24:B26,B29:B36) -> 64728 | C23: =SUM(C24:C26,C29:C36) -> 64728 | D23: =SUM(D24:D26,D29:D36) -> 70891 | E23: =SUM(E24:E26,E29:E36) -> 70891
A24: 应付短期政府债券 | B24: 0 | C24: 0 | D24: 0 | E24: 0
A25: 应付国库集中支付结余 | B25: 4113 | C25: 4113 | D25: 3520 | E25: 3520
A26: 与上级往来 | B26: -20909 | C26: -20909 | D26: -20956 | E26: -20956
A27: 其中:上级拨付国债转贷资金 | B27: 82 | C27: 82 | D27: 27 | E27: 27
A28: 计划单列市与省往来 | B28: 0 | C28: 0 | D28: 0 | E28: 0
A29: 其他应付款 | B29: 6277 | C29: 6277 | D29: 2607 | E29: 2607
A30: 应付代管资金 | B30: 0 | C30: 0 | D30: 0 | E30: 0
A31: 应付长期政府债券 | B31: 0 | C31: 0 | D31: 0 | E31: 0
A32: 借入款项 | B32: 0 | C32: 0 | D32: 0 | E32: 0
A33: 应付地方政府债券转贷款 | B33: 75247 | C33: 75247 | D33: 85720 | E33: 85720
A34: 应付主权外债转贷款 | B34: 0 | C34: 0 | D34: 0 | E34: 0
A35: 其他负债 | B35: 0 | C35: 0 | D35: 0 | E35: 0
A36: 已结报支出 | B36: 0 | C36: 0 | D36: 0 | E36: 0
A37: 净资产 | B37: =SUM(B38:B45) -> -45847 | C37: =SUM(C38:C45) -> -45847 | D37: =SUM(D38:D45) -> -58360 | E37: =SUM(E38:E45) -> -58360
A38: 一般公共预算结转结余 | B38: 10209 | C38: 10209 | D38: 15158 | E38: 15158
A39: 政府性基金预算结转结余 | B39: 3275 | C39: 3275 | D39: 1539 | E39: 1539
A40: 国有资本经营预算结转结余 | B40: 7934 | C40: 7934 | D40: 92 | E40: 92
A41: 专用基金结余 | B41: 0 | C41: 0 | D41: 0 | E41: 0
A42: 预算稳定调节基金 | B42: 7972 | C42: 7972 | D42: 10561 | E42: 10561
A43: 预算周转金 | B43: 10 | C43: 10 | D43: 10 | E43: 10
A44: 资产基金 | B44: 0 | C44: 0 | D44: 0 | E44: 0
A45: 待偿债净资产 | B45: -75247 | C45: -75247 | D45: -85720 | E45: -85720

Sheet L18
A1: 2020年度霍州市地方政府债务余额情况录入表
A2: 录入18表
A3: 单位:万元
A4: 项目 | B4: 合计 | C4: 一般债务 | H4: 专项债务
C5: 小计 | D5: 一般债券 | E5: 向外国政府借款 | F5: 向国际组织借款 | G5: 其他一般债务 | H5: 小计 | I5: 专项债券 | J5: 其他专项债务
A6: 上年末地方政府债务余额 | B6: =SUM(C6,H6) -> 74753 | C6: =SUM(D6:G6) -> 53653 | D6: 52985 | E6: 0 | F6: 586 | G6: 82 | H6: =SUM(I6:J6) -> 21100 | I6: 21100 | J6: 0
A7: 本年地方政府债务余额限额(预算数) | B7: =C7+H7 -> 85253 | C7: 56653 | H7: 28600
A8: 本年地方政府债务(转贷)收入 | B8: =C8+H8 -> 20396 | C8: =SUM(D8:F8) -> 12896 | D8: 12896 | E8: 0 | F8: 0 | H8: =I8 -> 7500 | I8: 7500
A9: 本年地方政府债务还本支出 | B9: =C9+H9 -> 9919 | C9: =SUM(D9:G9) -> 9919 | D9: 9919 | E9: 0 | F9: 0 | G9: 0 | H9: =J9+I9 -> 0 | I9: 0 | J9: 0
A10: 本年采用其他方式化解的债务本金 | B10: =C10+H10 -> 90 | C10: =SUM(D10:G10) -> 90 | D10: 0 | E10: 0 | F10: 35 | G10: 55 | H10: =I10+J10 -> 0 | I10: 0 | J10: 0
A11: 年末地方政府债务余额 | B11: =C11+H11 -> 85140 | C11: =SUM(D11:G11) -> 56540 | D11: =D6+D8-D9-D10 -> 55962 | E11: =E6+E8-E9-E10 -> 0 | F11: =F6+F8-F9-F10 -> 551 | G11: =G6-G9-G10 -> 27 | H11: =SUM(I11:J11) -> 28600 | I11: =I8+I6-I9-I10 -> 28600 | J11: =J6-J9-J10 -> 0

Sheet L19
A1: 2020年度霍州市地方政府专项债务分项目余额情况录入表
A2: 录入19表
A3: 单位:万元
A4: 项目 | B4: 上年末地方政府债务余额 | C4: 本年地方政府债务(转贷)收入 | D4: 本年地方政府债务还本支出 | E4: 本年采用其他方式化解的债务本金 | F4: 年末地方政府债务余额
A5: 政府性基金预算 | B5: =SUM(B6:B21) -> 21100 | C5: =SUM(C6:C21) -> 7500 | D5: =SUM(D6:D21) -> 0 | E5: =SUM(E6:E21) -> 0 | F5: =SUM(F6:F21) -> 28600
A6: 国家电影事业发展专项资金 | B6: 0 | C6: 0 | D6: 0 | E6: 0 | F6: =B6+C6-D6-E6 -> 0
A7: 小型水库移民扶助基金 | B7: 0 | C7: 0 | D7: 0 | E7: 0 | F7: =B7+C7-D7-E7 -> 0
A8: 国有土地使用权出让 | B8: 11500 | C8: 0 | D8: 0 | E8: 0 | F8: =B8+C8-D8-E8 -> 11500
A9: 农业土地开发资金 | B9: 0 | C9: 0 | D9: 0 | E9: 0 | F9: =B9+C9-D9-E9 -> 0
A10: 城市基础设施配套费 | B10: 0 | C10: 0 | D10: 0 | E10: 0 | F10: =B10+C10-D10-E10 -> 0
A11: 污水处理费 | B11: 0 | C11: 0 | D11: 0 | E11: 0 | F11: =B11+C11-D11-E11 -> 0
A12: 土地储备专项债券 | B12: 3000 | C12: 0 | D12: 0 | E12: 0 | F12: =B12+C12-D12-E12 -> 3000
A13: 棚户区改造专项债券 | B13: 0 | C13: 0 | D13: 0 | E13: 0 | F13: =B13+C13-D13-E13 -> 0
A14: 大中型水库库区基金 | B14: 0 | C14: 0 | D14: 0 | E14: 0 | F14: =B14+C14-D14-E14 -> 0
A15: 国家重大水利工程建设基金 | B15: 0 | C15: 0 | D15: 0 | E15: 0 | F15: =B15+C15-D15-E15 -> 0
A16: 海南省高等级公路车辆通行附加费 | B16: 0 | C16: 0 | D16: 0 | E16: 0 | F16: =B16+C16-D16-E16 -> 0
A17: 政府收费公路专项债券 | B17: 0 | C17: 0 | D17: 0 | E17: 0 | F17: =B17+C17-D17-E17 -> 0
... A21: 其他政府性基金 | B21: 0 | C21: 0 | D21: 0 | E21: 0 | F21: =B21+C21-D21-E21 -> 0

Sheet sheet5
A9: 第五部分:补充资料

Sheet L20
A1: 2020年度霍州市乡镇一般公共预算收支决算录入表
A2: 录入20表
A3: 单位：万元
A4: 预算科目 | B4: 调整预算数 | C4: 决算数 | D4: 其中:地级直属乡镇 | E4: 预算科目 | F4: 调整预算数 | G4: 决算数 | H4: 其中:地级直属乡镇
A5: 一、税收收入 | B5: =SUM(B6:B20) -> 0 | C5: =SUM(C6:C20) -> 0 | D5: =SUM(D6:D20) -> 0 | E5: 一、一般公共服务支出 | F5: 3292 | G5: 3292 | H5: 0
A6: 增值税 | B6: 0 | C6: 0 | D6: 0 | E6: 二、外交支出 | F6: 0 | G6: 0 | H6: 0
A7: 企业所得税 | B7: 0 | C7: 0 | D7: 0 | E7: 三、国防支出 | F7: 0 | G7: 0 | H7: 0
A8: 个人所得税 | B8: 0 | C8: 0 | D8: 0 | E8: 四、公共安全支出 | F8: 0 | G8: 0 | H8: 0
A9: 资源税 | B9: 0 | C9: 0 | D9: 0 | E9: 五、教育支出 | F9: 0 | G9: 0 | H9: 0
A10: 城市维护建设税 | B10: 0 | C10: 0 | D10: 0 | E10: 六、科学技术支出 | F10: 6 | G10: 6 | H10: 0
A11: 房产税 | B11: 0 | C11: 0 | D11: 0 | E11: 七、文化旅游体育与传媒支出 | F11: 0 | G11: 0 | H11: 0
A12: 印花税 | B12: 0 | C12: 0 | D12: 0 | E12: 八、社会保障和就业支出 | F12: 926 | G12: 926 | H12: 0
A13: 城镇土地使用税 | B13: 0 | C13: 0 | D13: 0 | E13: 九、卫生健康支出 | F13: 90 | G13: 90 | H13: 0
A14: 土地增值税 | B14: 0 | C14: 0 | D14: 0 | E14: 十、节能环保支出 | F14: 1065 | G14: 1065 | H14: 0
A15: 车船税 | B15: 0 | C15: 0 | D15: 0 | E15: 十一、城乡社区支出 | F15: 72 | G15: 72 | H15: 0
A16: 耕地占用税 | B16: 0 | C16: 0 | D16: 0 | E16: 十二、农林水支出 | F16: 4000 | G16: 4000 | H16: 0
A17: 契税 | B17: 0 | C17: 0 | D17: 0 | E17: 十三、交通运输支出 | F17: 0 | G17: 0 | H17: 0
... A20: 其他税收收入 | B20: 0 | C20: 0 | D20: 0 | E20: 十六、金融支出 | F20: 0 | G20: 0 | H20: 0
A21: 二、非税收入 | B21: =SUM(B22:B29) -> 0 | C21: =SUM(C22:C29) -> 0 | D21: =SUM(D22:D29) -> 0 | E21: 十七、援助其他地区支出 | F21: 0 | G21: 0 | H21: 0
A22: 专项收入 | B22: 0 | C22: 0 | D22: 0 | E22: 十八、自然资源海洋气象等支出 | F22: 0 | G22: 0 | H22: 0
A23: 行政事业性收费收入 | B23: 0 | C23: 0 | D23: 0 | E23: 十九、住房保障支出 | F23: 172 | G23: 172 | H23: 0
A24: 罚没收入 | B24: 0 | C24: 0 | D24: 0 | E24: 二十、粮油物资储备支出 | F24: 0 | G24: 0 | H24: 0
A25: 国有资本经营收入 | B25: 0 | C25: 0 | D25: 0 | E25: 二十一、灾害防治及应急管理支出 | F25: 0 | G25: 0 | H25: 0
A26: 国有资源(资产)有偿使用收入 | B26: 0 | C26: 0 | D26: 0 | E26: 二十二、预备费 | F26: 0 | G26: 0 | H26: 0
A27: 捐赠收入 | B27: 0 | C27: 0 | D27: 0 | E27: 二十三、其他支出 | F27: 20 | G27: 20 | H27: 0
A28: 政府住房基金收入 | B28: 0 | C28: 0 | D28: 0 | E28: 二十四、债务付息支出 | F28: 0 | G28: 0 | H28: 0
A29: 其他收入 | B29: 0 | C29: 0 | D29: 0 | E29: 二十五、债务发行费用支出 | F29: 0 | G29: 0 | H29: 0
A31: 一般公共预算收入 | B31: =B5+B21 -> 0 | C31: =C5+C21 -> 0 | D31: =D5+D21 -> 0 | E31: 一般公共预算支出 | F31: =SUM(F5:F29) -> 9643 | G31: =SUM(G5:G29) -> 9643 | H31: =SUM(H5:H29) -> 0
A32: 上级补助收入 | C32: 9643 | D32: 0 | E32: 上解上级支出 | G32: 0 | H32: 0
A33: 待偿债置换一般债券上年结余 | C33: 0 | D33: 0
A34: 上年结余 | C34: 0 | D34: 0
A35: 调入资金 | C35: 0 | D35: 0 | E35: 调出资金 | G35: 0 | H35: 0
A36: 债务(转贷)收入 | C36: 0 | D36: 0 | E36: 债务还本支出 | G36: 0 | H36: 0
E37: 补充预算周转金 | G37: 0 | H37: 0
A38: 动用预算稳定调节基金 | C38: 0 | D38: 0 | E38: 安排预算稳定调节基金 | G38: 0 | H38: 0
A39: 接受其他地区援助收入 | C39: 0 | D39: 0 | E39: 援助其他地区支出 | G39: 0 | H39: 0
E40: 待偿债置换一般债券结余 | G40: 0 | H40: 0
E41: 年终结余 | G41: =C43-G31-G32-G35-G36-G37-G38-G39-G40 -> 0 | H41: =D43-H31-H32-H35-H36-H37-H38-H39-H40 -> 0
E42: 其中:净结余 | G42: 0 | H42: 0
A43: 收 入 总 计 | C43: =SUM(C31:C36,C38:C39) -> 9643 | D43: =SUM(D31:D36,D38:D39) -> 0 | E43: 支 出 总 计 | G43: =SUM(G31:G32,G35:G41) -> 9643 | H43: =SUM(H31:H32,H35:H41) -> 0

Sheet L21
A1: 2020年度霍州市乡镇政府性基金预算收支决算录入表
A2: 录入21表
A3: 单位：万元
A4: 项目 | B4: 调整预算数 | C4: 决算数 | D4: 其中:地级直属乡镇 | E4: 项目 | F4: 调整预算数 | G4: 决算数 | H4: 其中:地级直属乡镇
A5: 国有土地使用权出让相关收入 | B5: 0 | C5: 0 | D5: 0 | E5: 国有土地使用权出让相关支出 | F5: 0 | G5: 0 | H5: 0
A6: 国有土地收益基金相关收入 | B6: 0 | C6: 0 | D6: 0 | E6: 国有土地收益基金相关支出 | F6: 0 | G6: 0 | H6: 0
A7: 农业土地开发资金相关收入 | B7: 0 | C7: 0 | D7: 0 | E7: 农业土地开发资金相关支出 | F7: 0 | G7: 0 | H7: 0
A8: 城市基础设施配套费相关收入 | B8: 0 | C8: 0 | D8: 0 | E8: 城市基础设施配套费相关支出 | F8: 0 | G8: 0 | H8: 0
A9: 污水处理费相关收入 | B9: 0 | C9: 0 | D9: 0 | E9: 污水处理费相关支出 | F9: 0 | G9: 0 | H9: 0
A10: 车辆通行费相关收入 | B10: 0 | C10: 0 | D10: 0 | E10: 车辆通行费相关支出 | F10: 0 | G10: 0 | H10: 0
A11: 彩票公益金收入 | B11: 0 | C11: 0 | D11: 0 | E11: 彩票公益金安排的支出 | F11: 0 | G11: 0 | H11: 0
A12: 其他各项政府性基金相关收入 | B12: 0 | C12: 0 | D12: 0 | E12: 其他各项政府性基金相关支出 | F12: 0 | G12: 0 | H12: 0
E13: 抗疫特别国债安排的支出 | F13: 0 | G13: 0 | H13: 0
A14: 政府性基金预算收入 | B14: =SUM(B5,B6,B7,B8,B9,B10,B11,B12) -> 0 | C14: =SUM(C5,C6,C7,C8,C9,C10,C11,C12) -> 0 | D14: =SUM(D5,D6,D7,D8,D9,D10,D11,D12) -> 0 | E14: 政府性基金预算支出 | F14: =SUM(F5:F13) -> 0 | G14: =SUM(G5:G13) -> 0 | H14: =SUM(H5:H13) -> 0
A15: 上级补助收入 | C15: =SUM(C16:C17) -> 0 | D15: =SUM(D16:D17) -> 0 | E15: 上解上级支出 | G15: 0 | H15: 0
A16: 政府性基金转移支付收入 | C16: 0 | D16: 0
A17: 抗疫特别国债转移支付收入 | C17: 0 | D17: 0
A18: 待偿债置换专项债券上年结余 | C18: 0 | D18: 0
A19: 上年结余 | C19: 0 | D19: 0
A20: 调入资金 | C20: 0 | D20: 0 | E20: 调出资金 | G20: 0 | H20: 0
A21: 债务(转贷)收入 | C21: 0 | D21: 0 | E21: 债务还本支出 | G21: 0 | H21: 0
E22: 待偿债置换专项债券结余 | G22: 0 | H22: 0
E23: 年终结余 | G23: =C24-G14-G15-G20-G21-G22 -> 0 | H23: =D24-H14-H15-H20-H21-H22 -> 0
A24: 收 入 总 计 | C24: =SUM(C14:C15,C18:C21) -> 0 | D24: =SUM(D14:D15,D18:D21) -> 0 | E24: 支 出 总 计 | G24: =SUM(G14:G15,G20:G23) -> 0 | H24: =SUM(H14:H15,H20:H23) -> 0

Sheet L22
A1: 2020年度霍州市乡镇国有资本经营预算收支决算录入表
A2: 录入22表
A3: 单位：万元
A4: 预算科目 | B4: 调整预算数 | C4: 决算数 | D4: 其中:地级直属乡镇 | E4: 预算科目 | F4: 调整预算数 | G4: 决算数 | H4: 其中:地级直属乡镇
A5: 利润收入 | B5: 0 | C5: 0 | D5: 0 | E5: 解决历史遗留问题及改革成本支出 | F5: 0 | G5: 0 | H5: 0
A6: 股利、股息收入 | B6: 0 | C6: 0 | D6: 0 | E6: 国有企业资本金注入 | F6: 0 | G6: 0 | H6: 0
A7: 产权转让收入 | B7: 0 | C7: 0 | D7: 0 | E7: 国有企业政策性补贴 | F7: 0 | G7: 0 | H7: 0
A8: 清算收入 | B8: 0 | C8: 0 | D8: 0 | E8: 金融国有资本经营预算支出 | F8: 0 | G8: 0 | H8: 0
A9: 其他国有资本经营预算收入 | B9: 0 | C9: 0 | D9: 0 | E9: 其他国有资本经营预算支出 | F9: 0 | G9: 0 | H9: 0
A10: 国有资本经营预算收入 | B10: =SUM(B5:B9) -> 0 | C10: =SUM(C5:C9) -> 0 | D10: =SUM(D5:D9) -> 0 | E10: 国有资本经营预算支出 | F10: =SUM(F5:F9) -> 0 | G10: =SUM(G5:G9) -> 0 | H10: =SUM(H5:H9) -> 0
A11: 上级补助收入 | C11: 0 | D11: 0 | E11: 上解上级支出 | G11: 0 | H11: 0
A12: 上年结余 | C12: 0 | D12: 0
E13: 调出资金 | G13: 0 | H13: 0
E14: 年终结余 | G14: =C15-G10-G11-G13 -> 0 | H14: =D15-H10-H13-H11 -> 0
A15: 收 入 总 计 | C15: =C10+C11+C12 -> 0 | D15: =D10+D11+D12 -> 0 | E15: 支 出 总 计 | G15: =G10+G13+G14+G11 -> 0 | H15: =H10+H13+H14+H11 -> 0

Sheet L23
A1: 2020年度霍州市基本数字录入表
A2: 录入23表
A3: 单位：个、人
A4: 预算科目 | B4: 年末机构数(个) | D4: 年末人数 | H4: 其中： | Z4: 年末其他人员 | AC4: 年末学生人数 | AD4: 年末遗属人员
H5: 一般公共预算财政拨款开支人员 | O5: 政府性基金预算财政拨款开支人员 | V5: 经费自理人数
B6: 独立编制机构数 | C6: 独立核算机构数 | D6: 总计 | E6: 在职人员 | F6: 离休人员 | G6: 退休人员 | H6: 合计 | I6: 在职人员 | M6: 离休人员 | N6: 退休人员 | O6: 合计 | P6: 在职人员 | T6: 离休人员 | U6: 退休人员 | V6: 合计 | W6: 在职人员 | X6: 离休人员 | Y6: 退休人员 | Z6: 合计 | AA6: 其中：
I7: 小计 | J7: 行政人员 | K7: 参照公务员法管理事业人员 | L7: 非参公事业人员 | P7: 小计 | Q7: 行政人员 | R7: 参照公务员法管理事业人员 | S7: 非参公事业人员 | AA7: 一般公共预算财政拨款开支人员 | AB7: 政府性基金预算财政拨款开支人员
A8: 合 计 | B8: =SUM(B9:B29) -> 150 | C8: =SUM(C9:C29) -> 132 | D8: =SUM(D9:D29) -> 6897 | E8: =SUM(E9:E29) -> 6865 | F8: =SUM(F9:F29) -> 32 | G8: =SUM(G9:G29) -> 0 | H8: =SUM(H9:H29) -> 6645 | I8: =SUM(I9:I29) -> 6613 | ... AD8: =SUM(AD9:AD29) -> 343
A9: 一般公共服务支出 | B9: 44 | C9: 40 | D9: =SUM(E9:G9) -> 1198 | E9: =SUM(I9+P9+W9) -> 1198 | F9: =SUM(M9+T9+X9) -> 0 | G9: =SUM(N9+U9+Y9) -> 0 | H9: =SUM(I9,M9:N9) -> 1198 | I9: =SUM(J9:L9) -> 1198 | J9: 636 | K9: 37 | L9: 525 | M9: 0 | N9: 0 | O9: =SUM(P9,T9,U9) -> 0 | P9: =SUM(Q9:S9) -> 0 | Q9: 0 | R9: 0 | S9: 0 | T9: 0 | U9: 0 | V9: =SUM(W9:Y9) -> 0 | W9: 0 | X9: 0 | Y9: 0 | Z9: 0 | AA9: 0 | AB9: 0 | AC9: 0 | AD9: 49
A10: 外交支出 | B10: 0 | C10: 0 | D10: =SUM(E10:G10) -> 0 | E10: =SUM(I10+P10+W10) -> 0 | F10: =SUM(M10+T10+X10) -> 0 | G10: =SUM(N10+U10+Y10) -> 0 | H10: =SUM(I10,M10:N10) -> 0 | I10: =SUM(J10:L10) -> 0 | J10: 0 | K10: 0 | L10: 0 | M10: 0 | N10: 0 | O10: =SUM(P10,T10,U10) -> 0 | P10: =SUM(Q10:S10) -> 0 | Q10: 0 | R10: 0 | S10: 0 | T10: 0 | U10: 0 | V10: =SUM(W10:Y10) -> 0 | W10: 0 | X10: 0 | Y10: 0 | Z10: 0 | AA10: 0 | AB10: 0 | AC10: 0 | AD10: 0
A11: 公共安全支出 | B11: 16 | C11: 4 | D11: =SUM(E11:G11) -> 380 | E11: =SUM(I11+P11+W11) -> 380 | F11: =SUM(M11+T11+X11) -> 0 | G11: =SUM(N11+U11+Y11) -> 0 | H11: =SUM(I11,M11:N11) -> 380 | I11: =SUM(J11:L11) -> 380 | J11: 242 | K11: 0 | L11: 138 | M11: 0 | N11: 0 | O11: =SUM(P11,T11,U11) -> 0 | P11: =SUM(Q11:S11) -> 0 | Q11: 0 | R11: 0 | S11: 0 | T11: 0 | U11: 0 | V11: =SUM(W11:Y11) -> 0 | W11: 0 | X11: 0 | Y11: 0 | Z11: 172 | AA11: 172 | AB11: 0 | AC11: 0 | AD11: 0
A12: 教育支出 | B12: 40 | C12: 40 | D12: =SUM(E12:G12) -> 2596 | E12: =SUM(I12+P12+W12) -> 2596 | F12: =SUM(M12+T12+X12) -> 0 | G12: =SUM(N12+U12+Y12) -> 0 | H12: =SUM(I12,M12:N12) -> 2596 | I12: =SUM(J12:L12) -> 2596 | J12: 13 | K12: 0 | L12: 2583 | M12: 0 | N12: 0 | O12: =SUM(P12,T12,U12) -> 0 | P12: =SUM(Q12:S12) -> 0 | Q12: 0 | R12: 0 | S12: 0 | T12: 0 | U12: 0 | V12: =SUM(W12:Y12) -> 0 | W12: 0 | X12: 0 | Y12: 0 | Z12: 2 | AA12: 2 | AB12: 0 | AC12: 34434 | AD12: 224
A13: 科学技术支出 | B13: 1 | C13: 1 | D13: =SUM(E13:G13) -> 10 | E13: =SUM(I13+P13+W13) -> 10 | F13: =SUM(M13+T13+X13) -> 0 | G13: =SUM(N13+U13+Y13) -> 0 | H13: =SUM(I13,M13:N13) -> 10 | I13: =SUM(J13:L13) -> 10 | J13: 4 | K13: 2 | L13: 4 | M13: 0 | N13: 0 | O13: =SUM(P13,T13,U13) -> 0 | P13: =SUM(Q13:S13) -> 0 | Q13: 0 | R13: 0 | S13: 0 | T13: 0 | U13: 0 | V13: =SUM(W13:Y13) -> 0 | W13: 0 | X13: 0 | Y13: 0 | Z13: 0 | AA13: 0 | AB13: 0 | AC13: 0 | AD13: 3
A14: 文化旅游体育与传媒支出 | B14: 3 | C14: 3 | D14: =SUM(E14:G14) -> 128 | E14: =SUM(I14+P14+W14) -> 128 | F14: =SUM(M14+T14+X14) -> 0 | G14: =SUM(N14+U14+Y14) -> 0 | H14: =SUM(I14,M14:N14) -> 128 | I14: =SUM(J14:L14) -> 128 | J14: 16 | K14: 2 | L14: 110 | M14: 0 | N14: 0 | O14: =SUM(P14,T14,U14) -> 0 | P14: =SUM(Q14:S14) -> 0 | Q14: 0 | R14: 0 | S14: 0 | T14: 0 | U14: 0 | V14: =SUM(W14:Y14) -> 0 | W14: 0 | X14: 0 | Y14: 0 | Z14: 0 | AA14: 0 | AB14: 0 | AC14: 0 | AD14: 0
A15: 社会保障和就业支出 | B15: 14 | C15: 14 | D15: =SUM(E15:G15) -> 311 | E15: =SUM(I15+P15+W15) -> 279 | F15: =SUM(M15+T15+X15) -> 32 | G15: =SUM(N15+U15+Y15) -> 0 | H15: =SUM(I15,M15:N15) -> 311 | I15: =SUM(J15:L15) -> 279 | J15: 39 | K15: 3 | L15: 237 | M15: 32 | N15: 0 | O15: =SUM(P15,T15,U15) -> 0 | P15: =SUM(Q15:S15) -> 0 | Q15: 0 | R15: 0 | S15: 0 | T15: 0 | U15: 0 | V15: =SUM(W15:Y15) -> 0 | W15: 0 | X15: 0 | Y15: 0 | Z15: 0 | AA15: 0 | AB15: 0 | AC15: 0 | AD15: 37
A16: 卫生健康支出 | B16: 10 | C16: 10 | D16: =SUM(E16:G16) -> 620 | E16: =SUM(I16+P16+W16) -> 620 | F16: =SUM(M16+T16+X16) -> 0 | G16: =SUM(N16+U16+Y16) -> 0 | H16: =SUM(I16,M16:N16) -> 620 | I16: =SUM(J16:L16) -> 620 | J16: 49 | K16: 2 | L16: 569 | M16: 0 | N16: 0 | O16: =SUM(P16,T16,U16) -> 0 | P16: =SUM(Q16:S16) -> 0 | Q16: 0 | R16: 0 | S16: 0 | T16: 0 | U16: 0 | V16: =SUM(W16:Y16) -> 0 | W16: 0 | X16: 0 | Y16: 0 | Z16: 0 | AA16: 0 | AB16: 0 | AC16: 0 | AD16: 2
A17: 节能环保支出 | B17: 2 | C17: 2 | D17: =SUM(E17:G17) -> 139 | E17: =SUM(I17+P17+W17) -> 139 | F17: =SUM(M17+T17+X17) -> 0 | G17: =SUM(N17+U17+Y17) -> 0 | H17: =SUM(I17,M17:N17) -> 139 | I17: =SUM(J17:L17) -> 139 | J17: 15 | K17: 0 | L17: 124 | M17: 0 | N17: 0 | O17: =SUM(P17,T17,U17) -> 0 | P17: =SUM(Q17:S17) -> 0 | Q17: 0 | R17: 0 | S17: 0 | T17: 0 | U17: 0 | V17: =SUM(W17:Y17) -> 0 | W17: 0 | X17: 0 | Y17: 0 | Z17: 0 | AA17: 0 | AB17: 0 | AC17: 0 | AD17: 0
A18: 城乡社区支出 | B18: 5 | C18: 3 | D18: =SUM(E18:G18) -> 669 | E18: =SUM(I18+P18+W18) -> 669 | F18: =SUM(M18+T18+X18) -> 0 | G18: =SUM(N18+U18+Y18) -> 0 | H18: =SUM(I18,M18:N18) -> 584 | I18: =SUM(J18:L18) -> 584 | J18: 18 | K18: 0 | L18: 566 | M18: 0 | N18: 0 | O18: =SUM(P18,T18,U18) -> 85 | P18: =SUM(Q18:S18) -> 85 | Q18: 0 | R18: 0 | S18: 85 | T18: 0 | U18: 0 | V18: =SUM(W18:Y18) -> 0 | W18: 0 | X18: 0 | Y18: 0 | Z18: 566 | AA18: 566 | AB18: 0 | AC18: 0 | AD18: 19
A19: 农林水支出 | B19: 6 | C19: 6 | D19: =SUM(E19:G19) -> 303 | E19: =SUM(I19+P19+W19) -> 303 | F19: =SUM(M19+T19+X19) -> 0 | G19: =SUM(N19+U19+Y19) -> 0 | H19: =SUM(I19,M19:N19) -> 303 | I19: =SUM(J19:L19) -> 303 | J19: 26 | K19: 11 | L19: 266 | M19: 0 | N19: 0 | O19: =SUM(P19,T19,U19) -> 0 | P19: =SUM(Q19:S19) -> 0 | Q19: 0 | R19: 0 | S19: 0 | T19: 0 | U19: 0 | V19: =SUM(W19:Y19) -> 0 | W19: 0 | X19: 0 | Y19: 0 | Z19: 0 | AA19: 0 | AB19: 0 | AC19: 0 | AD19: 8
A20: 交通运输支出 | B20: 3 | C20: 3 | D20: =SUM(E20:G20) -> 262 | E20: =SUM(I20+P20+W20) -> 262 | F20: =SUM(M20+T20+X20) -> 0 | G20: =SUM(N20+U20+Y20) -> 0 | H20: =SUM(I20,M20:N20) -> 110 | I20: =SUM(J20:L20) -> 110 | J20: 7 | K20: 1 | L20: 102 | M20: 0 | N20: 0 | O20: =SUM(P20,T20,U20) -> 0 | P20: =SUM(Q20:S20) -> 0 | Q20: 0 | R20: 0 | S20: 0 | T20: 0 | U20: 0 | V20: =SUM(W20:Y20) -> 152 | W20: 152 | X20: 0 | Y20: 0 | Z20: 0 | AA20: 0 | AB20: 0 | AC20: 0 | AD20: 0
... A29: 其他支出 | B29: 0 | C29: 0 | D29: =SUM(E29:G29) -> 0 | E29: =SUM(I29+P29+W29) -> 0 | F29: =SUM(M29+T29+X29) -> 0 | G29: =SUM(N29+U29+Y29) -> 0 | H29: =SUM(I29,M29:N29) -> 0 | I29: =SUM(J29:L29) -> 0 | J29: 0 | K29: 0 | L29: 0 | M29: 0 | N29: 0 | O29: =SUM(P29,T29,U29) -> 0 | P29: =SUM(Q29:S29) -> 0 | Q29: 0 | R29: 0 | S29: 0 | T29: 0 | U29: 0 | V29: =SUM(W29:Y29) -> 0 | W29: 0 | X29: 0 | Y29: 0 | Z29: 0 | AA29: 0 | AB29: 0 | AC29: 0 | AD29: 0

Sheet L24
A1: 2020年度霍州市相关指标录入表
A2: 录入24表
A3: 单位：个、人、万元
A4: 项目 | B4: 数额
A5: 一、上划税收
A6: 上划中央税收 | B6: =SUM(B7:B10) -> 33985
A7: 上划中央国内增值税 | B7: 30529
A8: 上划中央国内消费税 | B8: 17
A9: 上划中央企业所得税 | B9: 1655
A10: 上划中央个人所得税 | B10: 1784
A11: 上划省税收 | B11: =SUM(B12:B26) -> 20733
A12: 增值税 | B12: 9046
A13: 企业所得税 | B13: 331
A14: 个人所得税 | B14: 357
A15: 资源税 | B15: 10840
A16: 城市维护建设税 | B16: 0
A17: 房产税 | B17: 0
A18: 印花税 | B18: 0
A19: 城镇土地使用税 | B19: 0
A20: 土地增值税 | B20: 0
A21: 车船税 | B21: 0
A22: 耕地占用税 | B22: 0
A23: 契税 | B23: 0
... A26: 其他税收收入 | B26: 6
A27: 上划地市税收 | B27: =SUM(B28:B42) -> 7730
A28: 增值税 | B28: 4599
A29: 企业所得税 | B29: 166
A30: 个人所得税 | B30: 178
A31: 资源税 | B31: 2710
A32: 城市维护建设税 | B32: 0
A33: 房产税 | B33: 0
A34: 印花税 | B34: 0
A35: 城镇土地使用税 | B35: 0
A36: 土地增值税 | B36: 0
A37: 车船税 | B37: 0
A38: 耕地占用税 | B38: 0
A39: 契税 | B39: 0
... A42: 其他税收收入 | B42: 0
A43: 二、财政收支统计
A44: 一般公共预算收入、政府性基金预算收入、国有资本经营预算收入中重复计算部分 | B44: 0
A45: 收入中其他重复计算的部分情况说明 | B45: 0
A46: 一般公共预算支出、政府性基金预算支出、国有资本经营预算支出中重复计算部分 | B46: 0
A47: 支出中其他重复计算的部分情况说明 | B47: 0
A48: 三、权责发生制核算情况
A49: 一般公共预算
A50: 权责发生制核算的资金期初数 | B50: 3733
A51: 权责发生制核算的资金期末数 | B51: 3148
A52: 本年权责发生制核算的资金 | B52: 3115
A53: 国库集中支付年终结余期初数 | B53: 3733
A54: 国库集中支付年终结余期末数 | B54: 3148
A55: 本年国库集中支付结余 | B55: 3115
A56: 政府性基金预算
A57: 权责发生制核算的资金期初数 | B57: 380
A58: 权责发生制核算的资金期末数 | B58: 372
A59: 本年权责发生制核算的资金 | B59: 372
A60: 国库集中支付年终结余期初数 | B60: 380
A61: 国库集中支付年终结余期末数 | B61: 372
A62: 本年国库集中支付结余 | B62: 372
A63: 国有资本经营预算
A64: 权责发生制核算的资金期初数 | B64: 0
A65: 权责发生制核算的资金期末数 | B65: 0
A66: 本年权责发生制核算的资金 | B66: 0
A67: 国库集中支付年终结余期初数 | B67: 0
A68: 国库集中支付年终结余期末数 | B68: 0
A69: 本年国库集中支付结余 | B69: 0
A70: 四、一般公共预算支出年初预算情况
A71: 全辖一般公共预算支出年初预算数(代编) | B71: 0
A72: 全辖一般公共预算支出年初预算数(汇编) | B72: 163418
A73: 人大批准的本级全辖一般公共预算支出年初预算数(汇总) | B73: 163418
A74: 五、乡镇基本情况
A75: 本年乡镇数 | B75: 7
A76: 其中:实行“乡财县管”的乡镇数 | B76: 7
A77: 乡镇财政供养人数 | B77: =SUM(B78+B80) -> 220
A78: 一般公共预算财政拨款开支人数 | B78: 220
A79: 其中:教师 | B79: 0
A80: 政府性基金预算财政拨款开支人数 | B80: 0
A81: 赤字乡镇个数 | B81: 0
A82: 乡镇年末总人口(万人) | B82: =SUM(B83:B84) -> 29
A83: 城镇人口(万人) | B83: 12
A84: 乡村人口(万人) | B84: 17
A85: 六、其他统计指标
A86: 地区生产总值 | B86: =SUM(B87:B89) -> 810839
A87: 第一产业 | B87: 36230
A88: 第二产业 | B88: 399501
A89: 第三产业 | B89: 375108
A90: 总人口(万人) | B90: 29
A91: 城镇居民人均可支配收入(元) | B91: 34265
A92: 农村居民人均可支配收入(元) | B92: 16168
